Workbook
Name CENTRO_COSTOS: #REF!
Name CENTRO_COSTOS: #REF!
Name CENTROGESTOR: #REF!
Name CENTROGESTOR: #REF!
Name CENTROGESTORDEPENDENCIA: #REF!
Name CENTROGESTORDEPENDENCIA: #REF!
Name centrogestornuevo: #REF!
Name centrogestornuevo: #REF!
Name DEPENDENCIA: #REF!
Name DEPENDENCIA: #REF!
Name FONDO: #REF!
Name FONDO: #REF!
Name FUT: #REF!
Name FUT: #REF!
Name METAAFPDCC: #REF!
Name METAAFPDCC: #REF!
Name METAPDCC: #REF!
Name METAPDCC: #REF!
Name METASAFPDCC: #REF!
Name METASAFPDCC: #REF!
Name METASAFPDM: #REF!
Name METASAFPDM: #REF!
Name METASPDCC: #REF!
Name METASPDCC: #REF!
Name POSPRE: #REF!
Name POSPRE: #REF!

Sheet 1. PRESUPUESTO GENERAL
A1: PRESUPUESTO GENERAL
A3: CÓDIGO PROYECTO (BPIM): | C3: 2600012 | D3: BPIN: | E3: =VLOOKUP(C3,AUXILIAR!A:B,2,0) -> 202600000017000 | G3: VIGENCIA: | H3: 2026 | K3: CENTRO DE COSTO: | N3: =CONCATENATE("TABLA",MID(O3,1,4)) -> TABLA1173 | O3: =VLOOKUP(C3,AUXILIAR!A:K,11,0) -> 1173 SECRETARÍA DE SALUD
A4: NOMBRE: | C4: =VLOOKUP(C3,AUXILIAR!A:C,3,0) -> CONSTRUCCIÓN DE LA NUEVA PLANTA FÍSICA DEL CENTRO DE SALUD DEL CORREGIMIENTO DE ROZO EN EL MUNICIPIO DE PALMIRA | K4: POBLACIÓN OBJETIVO: | N4: 22058
A5: PROGRAMA DE PLAN DE DESARROLLO: | C5: =VLOOKUP(C3,AUXILIAR!A:F,6,0) -> PALMIRA ME CUIDA CON ASEGURAMIENTO Y PRESTACION INTEGRAL DE SERVICIOS DE SALUD | K5: VALOR MÁXIMO DEL PROYECTO: | N5: =VLOOKUP(C3,'VALOR MÁXIMO'!A:C,3,0) -> 2.1601033e+10 | Q5: VALOR HORIZONTE DEL PROYECTO: | T5: =P44+S44+V44+Y44+AB44 -> 1.4400688e+10 | W5: VALOR MÁXIMO A ADICIONAR: | Z5: =N5-T5 -> 7.2003442e+09
N7: AÑO 1 | Q7: AÑO 2 | T7: AÑO 3 | W7: AÑO 4 | Z7: AÑO 5
A8: OBJETIVO GENERAL | B8: PRODUCTO PND | C8: OBJETIVOS ESPECIFICOS | D8: INDICADOR DE PRODUCTO PDM | E8: UNIDAD MEDIDA | F8: CANTIDAD PRODUCTO 2024-2027 | G8: CANTIDAD PRODUCTO VIGENCIA | H8: % PONDERACIÓN PRODUCTOS | I8: ITEM | J8: BPIM+ ACT | K8: ACTIVIDADES DEL PROYECTO | L8: % PONDERACIÓN ACTIVIDAD | M8: UNIDAD DE MEDIDA | N8: CANTIDAD | O8: VALOR UNITARIO | P8: VALOR TOTAL AÑO 2024 | Q8: CANTIDAD | R8: VALOR UNITARIO | S8: VALOR TOTAL AÑO 2025 | T8: CANTIDAD | U8: VALOR UNITARIO | V8: VALOR TOTAL AÑO 2026 | W8: CANTIDAD | X8: VALOR UNITARIO | Y8: VALOR TOTAL AÑO 2027 | Z8: CANTIDAD | AA8: VALOR UNITARIO | AB8: VALOR TOTAL AÑO 2028
A9: =IFERROR(VLOOKUP(C3,'VALOR MÁXIMO'!A:D,4,0)," ") -> Ampliar el acceso a los servicios de atención primaria en salud en el corregimiento Rozo del municipio de Palmira | B9: =IFERROR(VLOOKUP(D9,'INDICADORES DE PRODUCTO'!B2:C175,2,0)," ") -> Hospitales de primer nivel de atención construidos y dotados (1906030) | C9: Mejorar la infraestructura física para la prestación de servicios de atención primaria en salud en el corregimiento de Rozo y sus zonas aledañas | D9: MP.1.1.1.002 Centros y puestos de salud de primer nivel de atención construidos y dotados | E9: =IFERROR(VLOOKUP(D9,'INDICADORES DE PRODUCTO'!B:D,3,0)," ") -> Número | F9: =IFERROR(VLOOKUP(D9,'INDICADORES DE PRODUCTO'!B:E,4,0)," ") -> 1 | G9: 0.5 | H9: 1 | I9: 1 | J9: =CONCATENATE($C$3,"_",I9) -> 2600012_1 | K9: REALIZAR LAS OBRAS PRELIMINARES PARA LA CONSTRUCCION DEL CENTRO DE SALUD DE ROZO | L9: =V9/$V$44 -> 0.082700091 | M9: Metros cuadrados de obra preliminar | P9: =N9*O9 -> 0 | S9: =Q9*R9 -> 0 | T9: 5323.01 | U9: =V9/T9 -> 45066.08 | V9: 2.3988719e+08 | W9: 0 | X9: 0 | Y9: =W9*X9 -> 0 | AB9: =Z9*AA9 -> 0
I10: 2 | J10: =CONCATENATE($C$3,"_",I10) -> 2600012_2 | K10: REALIZAR LA OBRA CIVIL PARA LA CONSTRUCCION DEL CENTRO DE SALUD DE ROZO | L10: =V10/$V$44 -> 0.70005106 | M10: Metros cuadrados de obra civil | P10: =N10*O10 -> 0 | S10: =Q10*R10 -> 0 | T10: 1617.6175 | U10: =V10/T10 -> 1255321.5 | V10: 2.03063e+09 | W10: 2712.1625 | X10: 1509717.7 | Y10: =W10*X10 -> 4.0945998e+09 | AB10: =Z10*AA10 -> 0
I11: 3 | J11: =CONCATENATE($C$3,"_",I11) -> 2600012_3 | K11: INSTALAR LAS REDES HIDRAULICAS, SANITARIAS, ELECTRICAS, VOZ, DATOS Y CONTRA INCENDIOS PARA LA CONSTRUCCION DEL CENTRO DE SALUD DE ROZO | L11: =V11/$V$44 -> 0.037418046 | M11: Metros lineales de redes | P11: =N11*O11 -> 0 | S11: =Q11*R11 -> 0 | T11: 394.87 | U11: 553866.81 | V11: 1.0853809e+08 | W11: 10945 | X11: 274887.25 | Y11: =W11*X11 -> 3.008641e+09 | AB11: =Z11*AA11 -> 0
I12: 4 | J12: =CONCATENATE($C$3,"_",I12) -> 2600012_4 | K12: REALIZAR LA OBRA BLANCA PARA LA CONSTRUCCION DEL CENTRO DE SALUD DE ROZO | L12: =V12/$V$44 -> 0.0038936178 | M12: Metros cuadrados de obra blanca | P12: =N12*O12 -> 0 | S12: =Q12*R12 -> 0 | T12: 31.185337 | U12: 729762.01 | V12: 11294172 | W12: 6352.5747 | X12: 364732.84 | Y12: =W12*X12 -> 2.3169926e+09 | AB12: =Z12*AA12 -> 0
I13: 5 | J13: =CONCATENATE($C$3,"_",I13) -> 2600012_5 | K13: IMPLEMENTAR LOS PLANES DE MANEJO AMBIENTAL Y DE TRANSITO EN LA CONSTRUCCION DEL CENTRO DE SALUD DE ROZO | L13: =V13/$V$44 -> 0.037642645 | M13: Número de documentos | P13: =N13*O13 -> 0 | S13: =Q13*R13 -> 0 | T13: 0.69 | U13: 3.1886689e+08 | V13: 1.0918958e+08 | W13: 1.31 | X13: 1.5850444e+08 | Y13: =W13*X13 -> 2.0764082e+08 | AB13: =Z13*AA13 -> 0
I14: 6 | J14: =CONCATENATE($C$3,"_",I14) -> 2600012_6 | K14: REALIZAR LA INTERVENTORIA A LAS OBRAS DE CONSTRUCCION DEL CENTRO DE SALUD DE ROZO | L14: =V14/$V$44 -> 0.13829454 | M14: Número de interventorías | P14: =ROUND(N14*O14,0) -> 0 | S14: =ROUND(Q14*R14,0) -> 0 | T14: 0.34 | U14: 2.3774122e+09 | V14: 401149356 | W14: 0.66 | X14: 1.1558212e+09 | Y14: =ROUND(W14*X14,0) -> 762842004 | AB14: =Z14*AA14 -> 0
I15: 7 | J15: =CONCATENATE($C$3,"_",I15) -> 2600012_7 | K15: DOTAR CON EQUIPOS DE VENTILACION MECANICA EL CENTRO DE SALUD DE ROZO | L15: =V15/$V$44 -> 0 | M15: Número de equipos de ventilación | P15: =N15*O15 -> 0 | S15: =Q15*R15 -> 0 | T15: 0 | U15: 0 | V15: 0 | W15: 69 | X15: 16076578 | Y15: =W15*X15 -> 1.1092838e+09 | AB15: =Z15*AA15 -> 0
B16: =IFERROR(VLOOKUP(D16,'INDICADORES DE PRODUCTO'!B9:C182,2,0)," ") | E16: =IFERROR(VLOOKUP(D16,'INDICADORES DE PRODUCTO'!B:D,3,0)," ") | F16: =IFERROR(VLOOKUP(D16,'INDICADORES DE PRODUCTO'!B:E,4,0)," ") | I16: 8 | J16: =CONCATENATE($C$3,"_",I16) -> 2600012_8 | L16: =P16/$P$44 -> #DIV/0! | P16: =N16*O16 -> 0 | S16: =Q16*R16 -> 0 | V16: =T16*U16 -> 0 | Y16: =W16*X16 -> 0 | AB16: =Z16*AA16 -> 0
B17: =IFERROR(VLOOKUP(D17,'INDICADORES DE PRODUCTO'!B10:C183,2,0)," ") | E17: =IFERROR(VLOOKUP(D17,'INDICADORES DE PRODUCTO'!B:D,3,0)," ") | F17: =IFERROR(VLOOKUP(D17,'INDICADORES DE PRODUCTO'!B:E,4,0)," ") | I17: 9 | J17: =CONCATENATE($C$3,"_",I17) -> 2600012_9 | L17: =P17/$P$44 -> #DIV/0! | P17: =N17*O17 -> 0 | S17: =Q17*R17 -> 0 | V17: =T17*U17 -> 0 | Y17: =W17*X17 -> 0 | AB17: =Z17*AA17 -> 0
B18: =IFERROR(VLOOKUP(D18,'INDICADORES DE PRODUCTO'!B11:C184,2,0)," ") | E18: =IFERROR(VLOOKUP(D18,'INDICADORES DE PRODUCTO'!B:D,3,0)," ") | F18: =IFERROR(VLOOKUP(D18,'INDICADORES DE PRODUCTO'!B:E,4,0)," ") | I18: 10 | J18: =CONCATENATE($C$3,"_",I18) -> 2600012_10 | L18: =P18/$P$44 -> #DIV/0! | P18: =N18*O18 -> 0 | S18: =Q18*R18 -> 0 | V18: =T18*U18 -> 0 | Y18: =W18*X18 -> 0 | AB18: =Z18*AA18 -> 0
B19: =IFERROR(VLOOKUP(D19,'INDICADORES DE PRODUCTO'!B12:C185,2,0)," ") | E19: =IFERROR(VLOOKUP(D19,'INDICADORES DE PRODUCTO'!B:D,3,0)," ") | F19: =IFERROR(VLOOKUP(D19,'INDICADORES DE PRODUCTO'!B:E,4,0)," ") | I19: 11 | J19: =CONCATENATE($C$3,"_",I19) -> 2600012_11 | L19: =P19/$P$44 -> #DIV/0! | P19: =N19*O19 -> 0 | S19: =Q19*R19 -> 0 | V19: =T19*U19 -> 0 | Y19: =W19*X19 -> 0 | AB19: =Z19*AA19 -> 0
B20: =IFERROR(VLOOKUP(D20,'INDICADORES DE PRODUCTO'!B13:C186,2,0)," ") | E20: =IFERROR(VLOOKUP(D20,'INDICADORES DE PRODUCTO'!B:D,3,0)," ") | F20: =IFERROR(VLOOKUP(D20,'INDICADORES DE PRODUCTO'!B:E,4,0)," ") | I20: 12 | J20: =CONCATENATE($C$3,"_",I20) -> 2600012_12 | L20: =P20/$P$44 -> #DIV/0! | P20: =N20*O20 -> 0 | S20: =Q20*R20 -> 0 | V20: =T20*U20 -> 0 | Y20: =W20*X20 -> 0 | AB20: =Z20*AA20 -> 0
B21: =IFERROR(VLOOKUP(D21,'INDICADORES DE PRODUCTO'!B14:C187,2,0)," ") | E21: =IFERROR(VLOOKUP(D21,'INDICADORES DE PRODUCTO'!B:D,3,0)," ") | F21: =IFERROR(VLOOKUP(D21,'INDICADORES DE PRODUCTO'!B:E,4,0)," ") | I21: 13 | J21: =CONCATENATE($C$3,"_",I21) -> 2600012_13 | L21: =P21/$P$44 -> #DIV/0! | P21: =N21*O21 -> 0 | S21: =Q21*R21 -> 0 | V21: =T21*U21 -> 0 | Y21: =W21*X21 -> 0 | AB21: =Z21*AA21 -> 0
B22: =IFERROR(VLOOKUP(D22,'INDICADORES DE PRODUCTO'!B15:C188,2,0)," ") | E22: =IFERROR(VLOOKUP(D22,'INDICADORES DE PRODUCTO'!B:D,3,0)," ") | F22: =IFERROR(VLOOKUP(D22,'INDICADORES DE PRODUCTO'!B:E,4,0)," ") | I22: 14 | J22: =CONCATENATE($C$3,"_",I22) -> 2600012_14 | L22: =P22/$P$44 -> #DIV/0! | P22: =N22*O22 -> 0 | S22: =Q22*R22 -> 0 | V22: =T22*U22 -> 0 | Y22: =W22*X22 -> 0 | AB22: =Z22*AA22 -> 0
B23: =IFERROR(VLOOKUP(D23,'INDICADORES DE PRODUCTO'!B16:C189,2,0)," ") | E23: =IFERROR(VLOOKUP(D23,'INDICADORES DE PRODUCTO'!B:D,3,0)," ") | F23: =IFERROR(VLOOKUP(D23,'INDICADORES DE PRODUCTO'!B:E,4,0)," ") | I23: 15 | J23: =CONCATENATE($C$3,"_",I23) -> 2600012_15 | L23: =P23/$P$44 -> #DIV/0! | P23: =N23*O23 -> 0 | S23: =Q23*R23 -> 0 | V23: =T23*U23 -> 0 | Y23: =W23*X23 -> 0 | AB23: =Z23*AA23 -> 0
B24: =IFERROR(VLOOKUP(D24,'INDICADORES DE PRODUCTO'!B17:C190,2,0)," ") | E24: =IFERROR(VLOOKUP(D24,'INDICADORES DE PRODUCTO'!B:D,3,0)," ") | F24: =IFERROR(VLOOKUP(D24,'INDICADORES DE PRODUCTO'!B:E,4,0)," ") | I24: 16 | J24: =CONCATENATE($C$3,"_",I24) -> 2600012_16 | L24: =P24/$P$44 -> #DIV/0! | P24: =N24*O24 -> 0 | S24: =Q24*R24 -> 0 | V24: =T24*U24 -> 0 | Y24: =W24*X24 -> 0 | AB24: =Z24*AA24 -> 0
B25: =IFERROR(VLOOKUP(D25,'INDICADORES DE PRODUCTO'!B18:C191,2,0)," ") | E25: =IFERROR(VLOOKUP(D25,'INDICADORES DE PRODUCTO'!B:D,3,0)," ") | F25: =IFERROR(VLOOKUP(D25,'INDICADORES DE PRODUCTO'!B:E,4,0)," ") | I25: 17 | J25: =CONCATENATE($C$3,"_",I25) -> 2600012_17 | L25: =P25/$P$44 -> #DIV/0! | P25: =N25*O25 -> 0 | S25: =Q25*R25 -> 0 | V25: =T25*U25 -> 0 | Y25: =W25*X25 -> 0 | AB25: =Z25*AA25 -> 0
B26: =IFERROR(VLOOKUP(D26,'INDICADORES DE PRODUCTO'!B19:C192,2,0)," ") | E26: =IFERROR(VLOOKUP(D26,'INDICADORES DE PRODUCTO'!B:D,3,0)," ") | F26: =IFERROR(VLOOKUP(D26,'INDICADORES DE PRODUCTO'!B:E,4,0)," ") | I26: 18 | J26: =CONCATENATE($C$3,"_",I26) -> 2600012_18 | L26: =P26/$P$44 -> #DIV/0! | P26: =N26*O26 -> 0 | S26: =Q26*R26 -> 0 | V26: =T26*U26 -> 0 | Y26: =W26*X26 -> 0 | AB26: =Z26*AA26 -> 0
B27: =IFERROR(VLOOKUP(D27,'INDICADORES DE PRODUCTO'!B20:C193,2,0)," ") | E27: =IFERROR(VLOOKUP(D27,'INDICADORES DE PRODUCTO'!B:D,3,0)," ") | F27: =IFERROR(VLOOKUP(D27,'INDICADORES DE PRODUCTO'!B:E,4,0)," ") | I27: 19 | J27: =CONCATENATE($C$3,"_",I27) -> 2600012_19 | L27: =P27/$P$44 -> #DIV/0! | P27: =N27*O27 -> 0 | S27: =Q27*R27 -> 0 | V27: =T27*U27 -> 0 | Y27: =W27*X27 -> 0 | AB27: =Z27*AA27 -> 0
... B43: =IFERROR(VLOOKUP(D43,'INDICADORES DE PRODUCTO'!B36:C209,2,0)," ") | E43: =IFERROR(VLOOKUP(D43,'INDICADORES DE PRODUCTO'!B:D,3,0)," ") | F43: =IFERROR(VLOOKUP(D43,'INDICADORES DE PRODUCTO'!B:E,4,0)," ") | I43: 35 | J43: =CONCATENATE($C$3,"_",I43) -> 2600012_35 | L43: =P43/$P$44 -> #DIV/0! | P43: =N43*O43 -> 0 | S43: =Q43*R43 -> 0 | V43: =T43*U43 -> 0 | Y43: =W43*X43 -> 0 | AB43: =Z43*AA43 -> 0
A44: TOTAL PODERACIÓN | H44: =SUM(H9:H43) -> 1 | N44: TOTAL PRESUPUESTO AÑO 1 | P44: =SUM(P9:P43) -> 0 | Q44: TOTAL PRESUPUESTO AÑO 2 | S44: =SUM(S9:S43) -> 0 | T44: TOTAL PRESUPUESTO AÑO 3 | V44: =SUM(V9:V43) -> 2.9006884e+09 | W44: TOTAL PRESUPUESTO AÑO 4 | Y44: =SUM(Y9:Y43) -> 1.15e+10 | Z44: TOTAL PRESUPUESTO AÑO 5 | AB44: =SUM(AB9:AB43) -> 0
A47: PROYECTA:
A48: Javier Armando Salamanca - Contratista Secretaria de Salud Municipal
A49: APRUEBA:
A50: John Jairo Satizabal Mena - Secretario de Salud Municipal

Sheet AUXILIAR INDICADORES
A1: TABLA1162 | B1: TABLA1132 | C1: TABLA1145 | D1: TABLA1147 | E1: TABLA1149 | F1: TABLA1150 | G1: TABLA1151 | H1: TABLA1153 | I1: TABLA1158 | J1: TABLA1159 | K1: TABLA1163 | L1: TABLA1164 | M1: TABLA1167 | N1: TABLA1168 | O1: TABLA1169 | P1: TABLA1170 | Q1: TABLA1171 | R1: TABLA1173 | S1: TABLA1174 | T1: TABLA1175
A2: MP.2.5.19.084 Campañas de educación para la prevención y atención de desastres desarrolladas | B2: MP.1.4.13.046 Eventos deportivos de alto rendimiento de nivel Nacional e Internacional realizados en el marco del Sistema Integrado del Deporte Palmirano | C2: MP.5.10.31.139 Mecanismos de cooperación suscritos | D2: MP.5.10.30.134 Predios para obras de interés del municipio adquiridos | E2: MP.4.9.29.167 Plan de Ordenamiento Territorial formulado y adoptado | F2: MP.5.10.31.144 Estrategia para el mejoramiento del Índice de Desempeño Fiscal ejecutada | G2: MP.1.4.17.007 Sedes educativas mejoradas | H2: MP.1.2.5.010 Adultos mayores atendidos con servicios integrales | I2: MP.1.4.10.037 Estímulos culturales otorgados | J2: MP.5.10.33.159 Estrategia de desconcentración de la oferta institucional implementada | K2: MP.3.6.22.098 Documento de planeación prospectiva de desarrollo económico elaborado | L2: MP.5.10.32.155 Sistema de información para la atención de eventos de seguridad, convivencia, emergencias, desastres y tránsito implementado | M2: MP.1.3.8.032 Centros de eventos, innovación y exposición dotados | N2: MP.1.1.4.009 Infraestructura para el bienestar animal construida y dotada | O2: MP.1.3.7.027 Redes de alumbrado público construidas | P2: MP.2.5.18.052 Rutas agroecológicas implementadas | Q2: MP.3.7.24.105 Estudios de preinversión en logística de transporte elaborados | R2: MP.1.1.1.001 Centros y puestos de salud de primer nivel de atención adecuados | S2: MP.5.10.31.140 Plan de Estratégico de Comunicaciones Institucional con seguimiento realizado | T2: MP.1.2.5.017 Hogares víctimas del conflicto armado con atención humanitaria
A3: MP.2.5.19.085 Pilotos con acciones de mitigación y adaptación al cambio climático implementados | B3: MP.1.4.13.047 Personas con talento y aptitudes deportivas identificadas y apoyadas | C3: MP.5.10.31.141 Programas articuladores diseñados, implementados y con seguimiento | D3: MP.5.10.30.135 Espacios adecuados para la preservación de la memoria institucional, cultural y alimentaria del municipio | E3: MP.4.9.29.133 Plan de ordenamiento territorial implementado y con seguimiento | G3: MP.1.4.17.049 Establecimientos educativos apoyados para la implementación de modelos de innovación educativa | H3: MP.1.2.5.011 Beneficiarios de la oferta social atendidos | I3: MP.1.4.10.038 Usuarios atendidos en la red de bibliotecas | J3: MP.5.10.33.160 Estrategias de promoción a la participación ciudadana formuladas e implementadas | K3: MP.3.6.22.099 Estrategias dinamizadoras del mercado laboral local implementadas | L3: MP.5.10.32.156 Sistema de información y análisis delictivo actualizado | M3: MP.1.3.8.033 Conexiones a internet fijo y/o móvil | N3: MP.2.5.19.083 Campañas de educación ambiental y participación implementadas | O3: MP.1.3.7.028 Unidades de generación de energía no convencionales instaladas | P3: MP.2.5.18.082 Productores atendidos con servicio de extensión agropecuaria | Q3: MP.4.8.25.112 Celdas de estacionamiento regulado disponibles | R3: MP.1.1.1.002 Centros y puestos de salud de primer nivel de atención construidos y dotados | S3: MP.5.10.31.169 Dependencias asistidas técnicamente | T3: MP.1.2.5.018 Acciones de reconocimiento, protección y reparación integral de las víctimas del conflicto armado realizadas
A4: MP.2.5.20.087 Personas afectadas por situaciones de emergencia, desastre o declaratorias de calamidad pública apoyadas | B4: MP.1.4.13.048 Personas con talento y aptitudes deportivas beneficiadas con estímulos | C4: MP.5.10.31.142 Sistema de gestión documental actualizado | D4: MP.5.10.30.136 Sedes institucionales mantenidas | E4: MP.5.10.31.151 Documento de prospectiva Palmira Visión 2050 elaborado | G4: MP.1.4.17.050 Sedes educativas dotadas | H4: MP.1.4.12.012 Centros comunitarios adecuados | I4: MP.1.4.10.039 Actividades artísticas y culturales realizadas | J4: MP.5.10.33.161 Organismos sociales y comunales asistidos técnicamente | K4: MP.3.7.24.106 Eventos realizados que fomenten una mentalidad y cultura innovadora | L4: MP.5.10.32.157 Estrategia de apoyo a la fuerza pública y a organismos de seguridad implementada | M4: MP.1.3.8.034 Personas de la comunidad capacitadas en uso básico de tecnologías de la información y las comunicaciones | N4: MP.2.5.19.086 Entidades y sectores asistidos técnicamente para la incorporación de variables ambientales en la planificación sectorial | O4: MP.1.3.7.029 Usuarios beneficiados con servicio de alumbrado público | P4: MP.3.7.23.100 Asociaciones de pequeños y medianos productores agropecuarios apoyados | Q4: MP.4.8.25.113 Estrategias integrales de seguridad vial implementadas | R4: MP.1.1.1.003 Personas afiliadas al régimen subsidiado | T4: MP.1.2.5.019 Estrategias de promoción de la garantía de derechos implementadas
A5: MP.2.5.21.092 Documentos de estudios técnicos para el conocimiento y reducción del riesgo de desastres elaborados | B5: MP.1.4.15.054 Infraestructura deportiva construida | C5: MP.5.10.31.143 Sistema integrado de gestión implementado | D5: MP.5.10.31.137 Capacitaciones a servidores públicos realizadas | E5: MP.5.10.31.153 Sistemas de información para gestión, consulta y generación de documentos en operación | G5: MP.1.4.17.060 Beneficiarios atendidos con modelos educativos flexibles | H5: MP.1.2.5.013 Estrategias de la garantía de derechos de poblaciones vulnerables implementadas | I5: MP.1.4.11.040 Publicaciones en temas patrimoniales realizadas | J5: MP.5.10.33.162 Personas atendidas con la oferta institucional | K5: MP.3.7.24.107 Empresas apoyadas que mejoran en sus procesos productivos | L5: MP.5.10.32.158 Estrategias de promoción de la participación ciudadana en temas de seguridad y convivencia implementadas | M5: MP.5.10.31.146 Sistemas de información institucionales actualizados | N5: MP.2.5.20.088 Negocios verdes consolidados | O5: MP.4.8.27.125 Vía secundaria mejorada | P5: MP.3.7.23.101 Proyectos productivos cofinanciados | Q5: MP.4.8.25.114 Observatorio de seguridad vial en funcionamiento | R5: MP.1.1.2.004 Auditorías y visitas inspectivas realizadas | T5: MP.1.2.6.024 Estrategias de acceso a la justicia implementadas
A6: MP.2.5.21.093 Obras de infraestructura para mitigación y atención a desastres realizadas | B6: MP.1.4.15.055 Infraestructura deportiva dotada | D6: MP.5.10.31.145 Documentos técnicos para la administración de bienes muebles e inmuebles del municipio y la implementación del plan vial institucional elaborados | E6: MP.5.10.31.150 Dependencias con asistencia técnica para la mejora de la gestión administrativa | G6: MP.1.4.17.061 Establecimientos educativos en operación | H6: MP.1.2.5.014 Eventos realizados para la promoción de derechos de población vulnerable | I6: MP.1.4.11.041 Beneficiarios por procesos de formación para las artes, las culturas y los saberes | J6: MP.5.10.33.163 Política pública de participación ciudadana formulada y adoptada | K6: MP.3.7.24.108 Emprendimientos asesorados | M6: MP.5.10.31.147 Sistemas de información implementados | N6: MP.2.5.20.089 Áreas con esquemas de Pago por Servicios Ambientales implementados | O6: MP.4.8.27.124 Vía secundaria con mantenimiento | P6: MP.3.7.23.102 Cadenas productivas apoyadas | Q6: MP.4.8.25.115 Organismos de tránsito dotados | R6: MP.1.1.2.005 Documentos de planeación en salud con seguimiento realizados | T6: MP.4.9.28.130 Estrategias de inspección y control del espacio público implementadas
A7: MP.2.5.21.094 Organismos de atención de emergencias equipados | B7: MP.1.4.15.056 Infraestructura deportiva mantenida | D7: MP.5.10.31.148 Documento de Plan Institucional de Bienestar implementado | E7: MP.1.2.5.020 Hogares con encuesta de Sisbén realizada | G7: MP.1.4.17.062 Coberturas en riesgos laborales provistas | H7: MP.1.2.5.015 Personas beneficiadas con raciones de alimentos | I7: MP.1.4.11.042 Personas con formación laboral por competencias | J7: MP.5.10.33.164 Rendición de cuentas realizada | K7: MP.3.7.24.109 Estudiantes de las Instituciones Educativas Oficiales (IEO) de Palmira capacitados en procesos de creación y desarrollo de emprendimientos y proyectos productivos | M7: MP.5.10.33.165 Servicios tecnológicos disponibles | N7: MP.2.5.20.090 Áreas de ecosistemas protegidas | O7: MP.4.8.27.127 Vía terciaria mejorada | P7: MP.3.7.23.103 Eventos de promoción agropecuaria realizados | Q7: MP.4.8.25.116 Semáforos modernizados | R7: MP.1.1.2.006 Estrategias para el fortalecimiento del control social en salud implementadas
A8: MP.2.5.21.095 Documentos de planeación en torno a la gestión del riesgo y el cambio climático elaborados | B8: MP.1.4.16.057 Eventos recreativos comunitarios realizados en el marco del Sistema Integrado del Deporte Palmirano | D8: MP.5.10.31.149 Herramientas implementadas para fortalecer la capacidad administrativa del municipio | E8: MP.1.3.7.031 Predios con estratificación socioeconómica | G8: MP.1.4.17.063 Instituciones educativas oficiales con acompañamiento pedagógico - curricular al Plan de Educación Ambiental | H8: MP.1.2.6.016 Sistema de información para la caracterización de las poblaciones vulnerables implementado | I8: MP.1.4.14.051 Infraestructura cultural intervenida | K8: MP.3.7.24.110 Planes de negocio con viabilidad técnica formulados | M8: MP.5.10.33.166 Trámites disponibles en la sede electrónica | N8: MP.2.5.20.091 Zonas verdes mantenidas | O8: MP.4.8.27.126 Vía terciaria con mantenimiento | P8: MP.3.7.23.104 Proyectos cofinanciados para agregar valor a los productos y/o mejorar los canales de comercialización | Q8: MP.4.8.25.117 Vías señalizadas | R8: MP.1.1.3.008 Estrategias de promoción de la salud implementadas
A9: MP.2.5.21.096 Sistemas de alerta temprana implementados | B9: MP.1.4.16.058 Niños, niñas, adolescentes y jóvenes con deporte, recreación y actividad física en jornada escolar complementaria | E9: MP.5.10.31.152 Estrategias de fortalecimiento de la gestión estadística implementadas | G9: MP.1.4.17.064 Estudiantes beneficiarios de transporte escolar | H9: MP.1.2.6.022 Instancias formales de participación de poblaciones vulnerables fortalecidas | I9: MP.1.4.14.053 Restauraciones realizadas a bienes de interés cultural | K9: MP.3.7.24.111 Rutas de atractivos turísticos desarrolladas en circuito turístico | N9: MP.2.5.21.097 Plan de Gestión Integral de Residuos Solidos con seguimiento | O9: MP.4.8.27.128 Vía urbana mejorada | P9: MP.1.2.5.168 Unidades productivas colectivas de población reincorporada, reinsertada y otros agentes del posconflicto fortalecidas | Q9: MP.4.8.26.118 Plan de Movilidad Sostenible y Segura formulado y adoptado
B10: MP.1.4.16.059 Personas beneficiadas en eventos recreativos comunitarios realizados | E10: MP.5.10.31.154 Sistemas de información geográfica actualizados | G10: MP.1.4.17.065 Estudiantes beneficiados con estrategias de promoción del bilingüismo | H10: MP.1.2.5.023 Niños, niñas, adolescentes y jóvenes beneficiados con oferta social integral | I10: MP.1.4.14.170 Escuelas de música construidas | N10: MP.1.1.4.172 Política pública de bienestar animal formulada | O10: MP.4.8.27.129 Vía urbana rehabilitada | Q10: MP.4.8.26.119 Sistemas de transporte público en funcionamiento
B11: MP.1.4.15.174 Infraestructura deportiva mejorada | G11: MP.1.4.17.066 Modelos educativos acompañados | H11: MP.1.4.12.043 Centros comunitarios construidos | I11: MP.1.4.14.171 Centros culturales modificados | O11: MP.4.8.26.122 Central intermodal de transporte construida | Q11: MP.4.8.26.120 Ciclo infraestructura mantenida
B12: MP.5.10.31.021 Pago de pasivos laborales de la administración pública territorial realizados | G12: MP.1.4.17.067 Jóvenes beneficiados con estrategias de apoyo financiero para el acceso a la educación superior | H12: MP.1.4.12.044 Centros comunitarios dotados | I12: MP.1.4.14.173 Museos contruidos | O12: MP.4.8.26.123 Estudios de preinversión para infraestructura de transporte intermodal realizados | Q12: MP.4.8.26.121 Ciclo parqueaderos construidos
G13: MP.1.4.17.068 Estudiantes beneficiados con estrategias de permanencia | H13: MP.1.2.6.045 Políticas públicas formuladas e implementadas | O13: MP.1.3.9.035 Hogares beneficiados con adquisición de vivienda
G14: MP.1.4.17.069 Número de instituciones educativas oficiales con modelo de atención integral a la primera infancia implementado | O14: MP.1.3.9.036 Hogares beneficiados con mejoramiento de una vivienda
G15: MP.1.4.17.070 Sistemas de reporte de asistencia a clases operando | O15: MP.4.9.28.132 Espacio público construido
G16: MP.1.4.17.071 Bibliotecas escolares mejoradas | O16: MP.4.9.28.131 Espacio público adecuado
G17: MP.1.4.17.072 Docentes y agentes educativos beneficiados con estrategias de mejoramiento de sus capacidades | O17: MP.1.3.7.025 Acueductos construidos
G18: MP.1.4.17.073 Entidades del sector educativo con inspección, vigilancia y control | O18: MP.1.3.7.026 Alcantarillados construidos
G19: MP.1.4.17.074 Entidades territoriales con estrategias para la prevención de riesgos sociales en los entornos escolares implementadas | O19: MP.1.3.7.030 Usuarios beneficiados con subsidios de acueducto y saneamiento básico
G20: MP.1.4.17.075 Personas beneficiadas con procesos de formación informal | O20: MP.5.10.31.138 Observatorio de obras en desarrollo en funcionamiento
G21: MP.1.4.17.076 Estudiantes con acceso a contenidos web en el establecimiento educativo
G22: MP.1.4.17.077 Estudiantes beneficiados del programa de alimentación escolar
G23: MP.1.4.17.078 Estudiantes vinculados a procesos de orientación socio ocupacional
G24: MP.1.4.17.079 Instituciones educativas oficiales con atención integral a nivel preescolar
G25: MP.1.4.17.080 Instituciones educativas con profesionales de apoyo pedagógico contratados
G26: MP.1.4.17.081 Instituciones educativas oficiales con asistencia técnica para la actualización de los manuales de convivencia
A29: =MID(A31,1,4) -> 1162 | B29: =MID(B31,1,4) -> 1132 | C29: =MID(C31,1,4) -> 1145 | D29: =MID(D31,1,4) -> 1147 | E29: =MID(E31,1,4) -> 1149 | F29: =MID(F31,1,4) -> 1150 | G29: =MID(G31,1,4) -> 1151 | H29: =MID(H31,1,4) -> 1153 | ... T29: =MID(T31,1,4) -> 1175
A30: =CONCATENATE("TABLA",A29) -> TABLA1162 | B30: =CONCATENATE("TABLA",B29) -> TABLA1132 | C30: =CONCATENATE("TABLA",C29) -> TABLA1145 | D30: =CONCATENATE("TABLA",D29) -> TABLA1147 | E30: =CONCATENATE("TABLA",E29) -> TABLA1149 | F30: =CONCATENATE("TABLA",F29) -> TABLA1150 | G30: =CONCATENATE("TABLA",G29) -> TABLA1151 | H30: =CONCATENATE("TABLA",H29) -> TABLA1153 | ... T30: =CONCATENATE("TABLA",T29) -> TABLA1175
A31: 1162 DIRECCIÓN DE GESTIÓN DEL RIESGO DE DESASTRES | B31: 1132 INSTITUTO MUNICIPAL DEL DEPORTE Y LA RECREACIÓN (IMDER) | C31: 1145 SECRETARIA GENERAL | D31: 1147 SECRETARÍA DE DESARROLLO INSTITUCIONAL | E31: 1149 SECRETARÍA DE PLANEACIÓN | F31: 1150 SECRETARÍA DE HACIENDA | G31: 1151 SECRETARÍA DE EDUCACION | H31: 1153 SECRETARÍA DE INTEGRACIÓN SOCIAL | I31: 1158 SECRETARÍA DE CULTURA | J31: 1159 SECRETARÍA DE PARTICIPACION COMUNITARIA | K31: 1163 DIRECCIÓN DE EMPRENDIMIENTO Y DESARROLLO EMPRESARIAL | L31: 1164 SECRETARÍA DE SEGURIDAD Y CONVIVENCIA | M31: 1167 DIRECCIÓN DE TECNOLOGÍA, INNOVACIÓN Y CIENCIA | N31: 1168 DIRECCIÓN DE GESTIÓN DEL MEDIO AMBIENTE | O31: 1169 SECRETARÍA DE INFRAESTRUCTURA, RENOVACIÓN URBANA Y VIVIENDA | P31: 1170 SECRETARÍA AGROPECUARIA Y DESARROLLO RURAL | Q31: 1171 SECRETARÍA DE TRÁNSITO Y TRANSPORTE | R31: 1173 SECRETARÍA DE SALUD | S31: 1174 DIRECCIÓN DE COMUNICACIONES | T31: 1175 SECRETARÍA DE GOBIERNO

Sheet 2. PRESUPUESTO DETALLADO
A1: PRESUPUESTO DETALLADO
A3: ITEM | B3: ACTIVIDADES DEL PROYECTO | C3: DESCRIPCIÓN DE LA ACTIVIDAD | D3: CCPET | E3: CPI | F3: INSUMO | G3: FUENTE DE FINANCIACIÓN | H3: =UPPER("Tipo de Fuente de Financiación ") -> TIPO DE FUENTE DE FINANCIACIÓN | I3: UNIDAD DE MEDIDA | J3: CANTIDAD | K3: VALOR UNITARIO | L3: VALOR TOTAL | M3: ACTUALIZACIÓN
A4: 1 | B4: =IFERROR(VLOOKUP(CONCATENATE('1. PRESUPUESTO GENERAL'!$C$3,"_",'2. PRESUPUESTO DETALLADO'!A4),'1. PRESUPUESTO GENERAL'!J:K,2,0)," ") -> REALIZAR LAS OBRAS PRELIMINARES PARA LA CONSTRUCCION DEL CENTRO DE SALUD DE ROZO | C4: Comprende las actividades iniciales requeridas para la adecuación del área de intervención, incluyendo localización y replanteo topográfico, limpieza y descapote del terreno, cerramiento provisional, instalación de campamento de obra y acometidas temporales de servicios públicos, garantizando las condiciones técnicas y operativas para el inicio del proyecto. | D4: 2.3.2.01.01.001.02.08 | E4: 1906030 | F4: 11 Mano de obra calificada | G4: 133 R/BCE RECURSOS DEL CRÉDITO | H4: =IFERROR(VLOOKUP(G4,FUENTES!A:C,3,0)," ") -> Propios | I4: ='1. PRESUPUESTO GENERAL'!M9 -> Metros cuadrados de obra preliminar | J4: ='1. PRESUPUESTO GENERAL'!T9 -> 5323.01 | K4: =M4/J4 -> 45066.08 | L4: =+K4*J4 -> 2.3988719e+08 | M4: 2.3988719e+08
A5: 2 | B5: =IFERROR(VLOOKUP(CONCATENATE('1. PRESUPUESTO GENERAL'!$C$3,"_",'2. PRESUPUESTO DETALLADO'!A5),'1. PRESUPUESTO GENERAL'!J:K,2,0)," ") -> REALIZAR LA OBRA CIVIL PARA LA CONSTRUCCION DEL CENTRO DE SALUD DE ROZO | C5: Contempla la construcción de elementos estructurales, conformación de placas, instalación de sistemas de cubierta y adecuación de áreas exteriores, garantizando condiciones de estabilidad, resistencia, seguridad estructural y funcionalidad | D5: 2.3.2.01.01.001.02.08 | E5: 1906030 | F5: 11 Mano de obra calificada | G5: 133 R/BCE RECURSOS DEL CRÉDITO | H5: =IFERROR(VLOOKUP(G5,FUENTES!A:C,3,0)," ") -> Propios | I5: ='1. PRESUPUESTO GENERAL'!M10 -> Metros cuadrados de obra civil | J5: ='1. PRESUPUESTO GENERAL'!T10 -> 1617.6175 | K5: =M5/J5 -> 1255321.5 | L5: =+K5*J5 -> 2.03063e+09 | M5: 2.03063e+09
A6: 3 | B6: =IFERROR(VLOOKUP(CONCATENATE('1. PRESUPUESTO GENERAL'!$C$3,"_",'2. PRESUPUESTO DETALLADO'!A6),'1. PRESUPUESTO GENERAL'!J:K,2,0)," ") -> INSTALAR LAS REDES HIDRAULICAS, SANITARIAS, ELECTRICAS, VOZ, DATOS Y CONTRA INCENDIOS PARA LA CONSTRUCCION DEL CENTRO DE SALUD DE ROZO | C6: Comprende la ejecución de las actividades relacionadas con la instalación, montaje e integración de las redes técnicas requeridas para la operación del establecimiento de salud, incluyendo sistemas hidráulicos y sanitarios, redes eléctricas reguladas y no reguladas, sistemas de telecomunicaciones (voz y datos) y red contra incendios (RCI). Incluye el suministro e instalación de tuberías, cableado, equipos, tableros, accesorios y dispositivos de control, así como la realización de pruebas de funcionamiento, garantizando el cumplimiento de la normatividad vigente, la seguridad de los usuarios y la adecuada operación de los servicios. | D6: 2.3.2.01.01.001.02.08 | E6: 1906030 | F6: 11 Mano de obra calificada | G6: 133 R/BCE RECURSOS DEL CRÉDITO | H6: =IFERROR(VLOOKUP(G6,FUENTES!A:C,3,0)," ") -> Propios | I6: ='1. PRESUPUESTO GENERAL'!M11 -> Metros lineales de redes | J6: ='1. PRESUPUESTO GENERAL'!T11 -> 394.87 | K6: =M6/J6 -> 274870.44 | L6: =+K6*J6 -> 1.0853809e+08 | M6: 1.0853809e+08
A7: 4 | B7: =IFERROR(VLOOKUP(CONCATENATE('1. PRESUPUESTO GENERAL'!$C$3,"_",'2. PRESUPUESTO DETALLADO'!A7),'1. PRESUPUESTO GENERAL'!J:K,2,0)," ") -> REALIZAR LA OBRA BLANCA PARA LA CONSTRUCCION DEL CENTRO DE SALUD DE ROZO | C7: Contempla la ejecución de las actividades arquitectónicas orientadas a la terminación de los espacios interiores y exteriores de la edificación, incluyendo mampostería, pañetes, estucos, enchapes, pisos, pintura, instalación de carpintería metálica y en madera, puertas, ventanas, cielos rasos y demás elementos de acabado. | D7: 2.3.2.01.01.001.02.08 | E7: 1906030 | F7: 11 Mano de obra calificada | G7: 133 R/BCE RECURSOS DEL CRÉDITO | H7: =IFERROR(VLOOKUP(G7,FUENTES!A:C,3,0)," ") -> Propios | I7: ='1. PRESUPUESTO GENERAL'!M12 -> Metros cuadrados de obra blanca | J7: ='1. PRESUPUESTO GENERAL'!T12 -> 31.185337 | K7: =M7/J7 -> 362162.89 | L7: =+K7*J7 -> 11294172 | M7: 11294172
A8: 5 | B8: =IFERROR(VLOOKUP(CONCATENATE('1. PRESUPUESTO GENERAL'!$C$3,"_",'2. PRESUPUESTO DETALLADO'!A8),'1. PRESUPUESTO GENERAL'!J:K,2,0)," ") -> IMPLEMENTAR LOS PLANES DE MANEJO AMBIENTAL Y DE TRANSITO EN LA CONSTRUCCION DEL CENTRO DE SALUD DE ROZO | C8: Incluye la ejecución de las acciones definidas en los planes de manejo ambiental y de tránsito, orientadas a prevenir, mitigar, corregir y compensar los impactos generados por la ejecución del proyecto. Contempla el manejo adecuado de residuos de construcción y demolición, control de emisiones de polvo y ruido, protección de recursos naturales, señalización de obra, control de tráfico y seguridad vial, así como la implementación de medidas de seguridad y salud en el trabajo. | D8: 2.3.2.02.02.008 | E8: 1906030 | F8: 11 Mano de obra calificada | G8: 133 R/BCE RECURSOS DEL CRÉDITO | H8: =IFERROR(VLOOKUP(G8,FUENTES!A:C,3,0)," ") -> Propios | I8: ='1. PRESUPUESTO GENERAL'!M13 -> Número de documentos | J8: ='1. PRESUPUESTO GENERAL'!T13 -> 0.69 | K8: =M8/J8 -> 1.5824577e+08 | L8: =+K8*J8 -> 1.0918958e+08 | M8: 1.0918958e+08
A9: 6 | B9: =IFERROR(VLOOKUP(CONCATENATE('1. PRESUPUESTO GENERAL'!$C$3,"_",'2. PRESUPUESTO DETALLADO'!A9),'1. PRESUPUESTO GENERAL'!J:K,2,0)," ") -> REALIZAR LA INTERVENTORIA A LAS OBRAS DE CONSTRUCCION DEL CENTRO DE SALUD DE ROZO | C9: Comprende el seguimiento, control y verificación integral de la ejecución del proyecto desde los componentes técnico, administrativo, financiero, ambiental y legal, asegurando el cumplimiento de los diseños, especificaciones técnicas, cronograma, presupuesto y obligaciones contractuales. Incluye la revisión de cantidades de obra, control de calidad de materiales, validación de actas de avance y emisión de conceptos técnicos | D9: 2.3.2.02.02.008 | E9: 1906030 | F9: 11 Mano de obra calificada | G9: 133 R/BCE RECURSOS DEL CRÉDITO | H9: =IFERROR(VLOOKUP(G9,FUENTES!A:C,3,0)," ") -> Propios | I9: ='1. PRESUPUESTO GENERAL'!M14 -> Número de interventorías | J9: ='1. PRESUPUESTO GENERAL'!T14 -> 0.34 | K9: =M9/J9 -> 1.179851e+09 | L9: =+K9*J9 -> 4.0114936e+08 | M9: 401149356
A10: 7 | B10: =IFERROR(VLOOKUP(CONCATENATE('1. PRESUPUESTO GENERAL'!$C$3,"_",'2. PRESUPUESTO DETALLADO'!A10),'1. PRESUPUESTO GENERAL'!J:K,2,0)," ") -> DOTAR CON EQUIPOS DE VENTILACION MECANICA EL CENTRO DE SALUD DE ROZO | C10: Comprende el suministro, montaje e instalación de los sistemas de ventilación mecánica requeridos para garantizar condiciones adecuadas de calidad del aire interior, confort térmico y control ambiental en las diferentes áreas del establecimiento de salud, conforme a los diseños técnicos y a la normatividad vigente aplicable. Incluye la instalación de equipos, ductería, rejillas, difusores, sistemas de extracción e inyección de aire, así como los componentes eléctricos y de control asociados. De igual forma, contempla la realización de pruebas de funcionamiento, balanceo de aire y puesta en marcha del sistema | D10: 2.3.2.01.01.001.02.08 | E10: 1906030 | H10: =IFERROR(VLOOKUP(G10,FUENTES!A:C,3,0)," ") | I10: ='1. PRESUPUESTO GENERAL'!M15 -> Número de equipos de ventilación | J10: 0 | L10: =+K10*J10 -> 0 | M10: 0
A11: 8 | B11: =IFERROR(VLOOKUP(CONCATENATE('1. PRESUPUESTO GENERAL'!$C$3,"_",'2. PRESUPUESTO DETALLADO'!A11),'1. PRESUPUESTO GENERAL'!J:K,2,0)," ") -> 0 | H11: =IFERROR(VLOOKUP(G11,FUENTES!A:C,3,0)," ") | K11: =M11/J11 -> #DIV/0! | L11: =+K11*J11 -> #DIV/0!
A12: 9 | B12: =IFERROR(VLOOKUP(CONCATENATE('1. PRESUPUESTO GENERAL'!$C$3,"_",'2. PRESUPUESTO DETALLADO'!A12),'1. PRESUPUESTO GENERAL'!J:K,2,0)," ") -> 0 | H12: =IFERROR(VLOOKUP(G12,FUENTES!A:C,3,0)," ") | K12: =M12/J12 -> #DIV/0! | L12: =+K12*J12 -> #DIV/0!
A13: 10 | B13: =IFERROR(VLOOKUP(CONCATENATE('1. PRESUPUESTO GENERAL'!$C$3,"_",'2. PRESUPUESTO DETALLADO'!A13),'1. PRESUPUESTO GENERAL'!J:K,2,0)," ") -> 0 | H13: =IFERROR(VLOOKUP(G13,FUENTES!A:C,3,0)," ") | K13: =M13/J13 -> #DIV/0! | L13: =+K13*J13 -> #DIV/0!
A14: 11 | B14: =IFERROR(VLOOKUP(CONCATENATE('1. PRESUPUESTO GENERAL'!$C$3,"_",'2. PRESUPUESTO DETALLADO'!A14),'1. PRESUPUESTO GENERAL'!J:K,2,0)," ") -> 0 | H14: =IFERROR(VLOOKUP(G14,FUENTES!A:C,3,0)," ") | K14: =M14/J14 -> #DIV/0! | L14: =+K14*J14 -> #DIV/0!
A15: 12 | B15: =IFERROR(VLOOKUP(CONCATENATE('1. PRESUPUESTO GENERAL'!$C$3,"_",'2. PRESUPUESTO DETALLADO'!A15),'1. PRESUPUESTO GENERAL'!J:K,2,0)," ") -> 0 | H15: =IFERROR(VLOOKUP(G15,FUENTES!A:C,3,0)," ") | K15: =M15/J15 -> #DIV/0! | L15: =+K15*J15 -> #DIV/0!
A16: 13 | B16: =IFERROR(VLOOKUP(CONCATENATE('1. PRESUPUESTO GENERAL'!$C$3,"_",'2. PRESUPUESTO DETALLADO'!A16),'1. PRESUPUESTO GENERAL'!J:K,2,0)," ") -> 0 | H16: =IFERROR(VLOOKUP(G16,FUENTES!A:C,3,0)," ") | K16: =M16/J16 -> #DIV/0! | L16: =+K16*J16 -> #DIV/0!
A17: 14 | B17: =IFERROR(VLOOKUP(CONCATENATE('1. PRESUPUESTO GENERAL'!$C$3,"_",'2. PRESUPUESTO DETALLADO'!A17),'1. PRESUPUESTO GENERAL'!J:K,2,0)," ") -> 0 | H17: =IFERROR(VLOOKUP(G17,FUENTES!A:C,3,0)," ") | K17: =M17/J17 -> #DIV/0! | L17: =+K17*J17 -> #DIV/0!
A18: 15 | B18: =IFERROR(VLOOKUP(CONCATENATE('1. PRESUPUESTO GENERAL'!$C$3,"_",'2. PRESUPUESTO DETALLADO'!A18),'1. PRESUPUESTO GENERAL'!J:K,2,0)," ") -> 0 | H18: =IFERROR(VLOOKUP(G18,FUENTES!A:C,3,0)," ") | K18: =M18/J18 -> #DIV/0! | L18: =+K18*J18 -> #DIV/0!
A19: 16 | B19: =IFERROR(VLOOKUP(CONCATENATE('1. PRESUPUESTO GENERAL'!$C$3,"_",'2. PRESUPUESTO DETALLADO'!A19),'1. PRESUPUESTO GENERAL'!J:K,2,0)," ") -> 0 | H19: =IFERROR(VLOOKUP(G19,FUENTES!A:C,3,0)," ") | K19: =M19/J19 -> #DIV/0! | L19: =+K19*J19 -> #DIV/0!
A20: 17 | B20: =IFERROR(VLOOKUP(CONCATENATE('1. PRESUPUESTO GENERAL'!$C$3,"_",'2. PRESUPUESTO DETALLADO'!A20),'1. PRESUPUESTO GENERAL'!J:K,2,0)," ") -> 0 | H20: =IFERROR(VLOOKUP(G20,FUENTES!A:C,3,0)," ") | K20: =M20/J20 -> #DIV/0! | L20: =+K20*J20 -> #DIV/0!
A21: 18 | B21: =IFERROR(VLOOKUP(CONCATENATE('1. PRESUPUESTO GENERAL'!$C$3,"_",'2. PRESUPUESTO DETALLADO'!A21),'1. PRESUPUESTO GENERAL'!J:K,2,0)," ") -> 0 | H21: =IFERROR(VLOOKUP(G21,FUENTES!A:C,3,0)," ") | K21: =M21/J21 -> #DIV/0! | L21: =+K21*J21 -> #DIV/0!
A22: 19 | B22: =IFERROR(VLOOKUP(CONCATENATE('1. PRESUPUESTO GENERAL'!$C$3,"_",'2. PRESUPUESTO DETALLADO'!A22),'1. PRESUPUESTO GENERAL'!J:K,2,0)," ") -> 0 | H22: =IFERROR(VLOOKUP(G22,FUENTES!A:C,3,0)," ") | K22: =M22/J22 -> #DIV/0! | L22: =+K22*J22 -> #DIV/0!
... A38: 35 | B38: =IFERROR(VLOOKUP(CONCATENATE('1. PRESUPUESTO GENERAL'!$C$3,"_",'2. PRESUPUESTO DETALLADO'!A38),'1. PRESUPUESTO GENERAL'!J:K,2,0)," ") -> 0 | H38: =IFERROR(VLOOKUP(G38,FUENTES!A:C,3,0)," ") | K38: =M38/J38 -> #DIV/0! | L38: =+K38*J38 -> #DIV/0!
A39: TOTAL PRESUPUESTO | L39: =SUM(L4:L9) -> 2.9006884e+09 | M39: =SUM(M4:M38) -> 2.9006884e+09
L41: ='1. PRESUPUESTO GENERAL'!P44 -> 0
A42: PROYECTA:
A43: Javier Armando Salamanca - Contratista Secretaria de Salud Municipal
A44: APRUEBA:
A45: John Jairo Satizabal Mena - Secretario de Salud Municipal

Sheet 3. DETALLE POBLACIÓN
B1: DETALLE DE POBLACIÓN BENEFICIADA
B4: INDICADOR PRODUCTO | C4: PRODUCTO | D4: DETALLE POBLACION BENEFICIADA | E4: UBICACIÓN DE POBLACIÓN | F4: UBICACIÓN POR COMUNAS / CORREGIMIENTOS | G4: CANTIDAD POBLACIÓN
B5: MP.1.1.1.002 Centros y puestos de salud de primer nivel de atención construidos y dotados | C5: =IFERROR(VLOOKUP(B5,'INDICADORES DE PRODUCTO'!B:F,2,0)," ") -> Hospitales de primer nivel de atención construidos y dotados (1906030) | D5: Población del corregimiento de Rozo y sus zonas de influencia | E5: Corregimiento Rozo y sus zonas de influencia - Zona Rural | F5: Comuna 8 | G5: 22058
C6: =IFERROR(VLOOKUP(B6,'INDICADORES DE PRODUCTO'!B:F,2,0)," ")
C7: =IFERROR(VLOOKUP(B7,'INDICADORES DE PRODUCTO'!B:F,2,0)," ")
C8: =IFERROR(VLOOKUP(B8,'INDICADORES DE PRODUCTO'!B:F,2,0)," ")
C9: =IFERROR(VLOOKUP(B9,'INDICADORES DE PRODUCTO'!B:F,2,0)," ")
C10: =IFERROR(VLOOKUP(B10,'INDICADORES DE PRODUCTO'!B:F,2,0)," ")
C11: =IFERROR(VLOOKUP(B11,'INDICADORES DE PRODUCTO'!B:F,2,0)," ")
C12: =IFERROR(VLOOKUP(B12,'INDICADORES DE PRODUCTO'!B:F,2,0)," ")
C13: =IFERROR(VLOOKUP(B13,'INDICADORES DE PRODUCTO'!B:F,2,0)," ")
C14: =IFERROR(VLOOKUP(B14,'INDICADORES DE PRODUCTO'!B:F,2,0)," ")
C15: =IFERROR(VLOOKUP(B15,'INDICADORES DE PRODUCTO'!B:F,2,0)," ")
C16: =IFERROR(VLOOKUP(B16,'INDICADORES DE PRODUCTO'!B:F,2,0)," ")
C17: =IFERROR(VLOOKUP(B17,'INDICADORES DE PRODUCTO'!B:F,2,0)," ")
C18: =IFERROR(VLOOKUP(B18,'INDICADORES DE PRODUCTO'!B:F,2,0)," ")
B19: TOTAL POBLACIÓN BENEFICIADA CON EL PROYECTO | G19: =SUM(G5:G18) -> 22058
B22: PROYECTA:
B23: Javier Armando Salamanca - Contratista Secretaria de Salud Municipal
B24: APRUEBA:
B25: John Jairo Satizabal Mena - Secretario de Salud Municipal

Sheet 4. CRONOGRAMA
A1: CRONOGRAMA DE ACTIVIDADES DEL PROYECTO
A3: FECHA ESTIMADA INICIO | F3: 46234
A4: No. | B4: ACTIVIDADES | C4: BPIM+ACT | D4: FECHA ESTIMADA DE INICIO | E4: FECHA ESTIMADA DE FINALIZACIÓN | F4: ='1. PRESUPUESTO GENERAL'!H3 -> 2026
F5: MESES
F6: ENERO | G6: FEBRERO | H6: MARZO | I6: ABRIL | J6: MAYO | K6: JUNIO | L6: JULIO | M6: AGOSTO | N6: SEPTIEMBRE | O6: OCTUBRE | P6: NOVIEMBRE | Q6: DICIEMBRE
A7: 1 | B7: =VLOOKUP(C7,'1. PRESUPUESTO GENERAL'!J:K,2,0) -> REALIZAR LAS OBRAS PRELIMINARES PARA LA CONSTRUCCION DEL CENTRO DE SALUD DE ROZO | C7: =CONCATENATE('1. PRESUPUESTO GENERAL'!$C$3,"_",A7) -> 2600012_1 | D7: 46234 | E7: 46387 | O7: X | P7: X | Q7: X
A8: 2 | B8: =VLOOKUP(C8,'1. PRESUPUESTO GENERAL'!J:K,2,0) -> REALIZAR LA OBRA CIVIL PARA LA CONSTRUCCION DEL CENTRO DE SALUD DE ROZO | C8: =CONCATENATE('1. PRESUPUESTO GENERAL'!$C$3,"_",A8) -> 2600012_2 | D8: 46327 | E8: 46387 | P8: X | Q8: X
A9: 3 | B9: =VLOOKUP(C9,'1. PRESUPUESTO GENERAL'!J:K,2,0) -> INSTALAR LAS REDES HIDRAULICAS, SANITARIAS, ELECTRICAS, VOZ, DATOS Y CONTRA INCENDIOS PARA LA CONSTRUCCION DEL CENTRO DE SALUD DE ROZO | C9: =CONCATENATE('1. PRESUPUESTO GENERAL'!$C$3,"_",A9) -> 2600012_3 | D9: 46357 | E9: 46387 | Q9: X
A10: 4 | B10: =VLOOKUP(C10,'1. PRESUPUESTO GENERAL'!J:K,2,0) -> REALIZAR LA OBRA BLANCA PARA LA CONSTRUCCION DEL CENTRO DE SALUD DE ROZO | C10: =CONCATENATE('1. PRESUPUESTO GENERAL'!$C$3,"_",A10) -> 2600012_4 | D10: 46357 | E10: 46387 | Q10: X
A11: 5 | B11: =VLOOKUP(C11,'1. PRESUPUESTO GENERAL'!J:K,2,0) -> IMPLEMENTAR LOS PLANES DE MANEJO AMBIENTAL Y DE TRANSITO EN LA CONSTRUCCION DEL CENTRO DE SALUD DE ROZO | C11: =CONCATENATE('1. PRESUPUESTO GENERAL'!$C$3,"_",A11) -> 2600012_5 | D11: 46234 | E11: 46387 | O11: X | P11: X | Q11: X
A12: 6 | B12: =VLOOKUP(C12,'1. PRESUPUESTO GENERAL'!J:K,2,0) -> REALIZAR LA INTERVENTORIA A LAS OBRAS DE CONSTRUCCION DEL CENTRO DE SALUD DE ROZO | C12: =CONCATENATE('1. PRESUPUESTO GENERAL'!$C$3,"_",A12) -> 2600012_6 | D12: 46234 | E12: 46387 | O12: X | P12: X | Q12: X
A13: 7 | B13: =VLOOKUP(C13,'1. PRESUPUESTO GENERAL'!J:K,2,0) -> DOTAR CON EQUIPOS DE VENTILACION MECANICA EL CENTRO DE SALUD DE ROZO | C13: =CONCATENATE('1. PRESUPUESTO GENERAL'!$C$3,"_",A13) -> 2600012_7
A14: 8 | B14: =VLOOKUP(C14,'1. PRESUPUESTO GENERAL'!J:K,2,0) -> 0 | C14: =CONCATENATE('1. PRESUPUESTO GENERAL'!$C$3,"_",A14) -> 2600012_8
A15: 9 | B15: =VLOOKUP(C15,'1. PRESUPUESTO GENERAL'!J:K,2,0) -> 0 | C15: =CONCATENATE('1. PRESUPUESTO GENERAL'!$C$3,"_",A15) -> 2600012_9
A16: 10 | B16: =VLOOKUP(C16,'1. PRESUPUESTO GENERAL'!J:K,2,0) -> 0 | C16: =CONCATENATE('1. PRESUPUESTO GENERAL'!$C$3,"_",A16) -> 2600012_10
A17: 11 | B17: =VLOOKUP(C17,'1. PRESUPUESTO GENERAL'!J:K,2,0) -> 0 | C17: =CONCATENATE('1. PRESUPUESTO GENERAL'!$C$3,"_",A17) -> 2600012_11
A18: 12 | B18: =VLOOKUP(C18,'1. PRESUPUESTO GENERAL'!J:K,2,0) -> 0 | C18: =CONCATENATE('1. PRESUPUESTO GENERAL'!$C$3,"_",A18) -> 2600012_12
A19: 13 | B19: =VLOOKUP(C19,'1. PRESUPUESTO GENERAL'!J:K,2,0) -> 0 | C19: =CONCATENATE('1. PRESUPUESTO GENERAL'!$C$3,"_",A19) -> 2600012_13
A20: 14 | B20: =VLOOKUP(C20,'1. PRESUPUESTO GENERAL'!J:K,2,0) -> 0 | C20: =CONCATENATE('1. PRESUPUESTO GENERAL'!$C$3,"_",A20) -> 2600012_14
A21: 15 | B21: =VLOOKUP(C21,'1. PRESUPUESTO GENERAL'!J:K,2,0) -> 0 | C21: =CONCATENATE('1. PRESUPUESTO GENERAL'!$C$3,"_",A21) -> 2600012_15
A22: 16 | B22: =VLOOKUP(C22,'1. PRESUPUESTO GENERAL'!J:K,2,0) -> 0 | C22: =CONCATENATE('1. PRESUPUESTO GENERAL'!$C$3,"_",A22) -> 2600012_16
A23: 17 | B23: =VLOOKUP(C23,'1. PRESUPUESTO GENERAL'!J:K,2,0) -> 0 | C23: =CONCATENATE('1. PRESUPUESTO GENERAL'!$C$3,"_",A23) -> 2600012_17
A24: 18 | B24: =VLOOKUP(C24,'1. PRESUPUESTO GENERAL'!J:K,2,0) -> 0 | C24: =CONCATENATE('1. PRESUPUESTO GENERAL'!$C$3,"_",A24) -> 2600012_18
... A41: 35 | B41: =VLOOKUP(C41,'1. PRESUPUESTO GENERAL'!J:K,2,0) -> 0 | C41: =CONCATENATE('1. PRESUPUESTO GENERAL'!$C$3,"_",A41) -> 2600012_35
A44: PROYECTA:
A45: Javier Armando Salamanca - Contratista Secretaria de Salud Municipal
A46: APRUEBA:
A47: John Jairo Satizabal Mena - Secretario de Salud Municipal

Sheet 5. FOCALIZACIÓN
B1: FOCALIZACIÓN
B4: POLÍTICA TRANSVERSAL | C4: INDICADOR PRODUCTO | D4: PRODUCTO | E4: CANTIDAD POBLACIÓN
B5: No aplica | C5: MP.1.1.1.002 Centros y puestos de salud de primer nivel de atención construidos y dotados | D5: =IFERROR(VLOOKUP(C5,'INDICADORES DE PRODUCTO'!B:F,2,0)," ") -> Hospitales de primer nivel de atención construidos y dotados (1906030) | E5: 22058
D6: =IFERROR(VLOOKUP(C6,'INDICADORES DE PRODUCTO'!B:F,2,0)," ")
D7: =IFERROR(VLOOKUP(C7,'INDICADORES DE PRODUCTO'!B:F,2,0)," ")
D8: =IFERROR(VLOOKUP(C8,'INDICADORES DE PRODUCTO'!B:F,2,0)," ")
D9: =IFERROR(VLOOKUP(C9,'INDICADORES DE PRODUCTO'!B:F,2,0)," ")
D10: =IFERROR(VLOOKUP(C10,'INDICADORES DE PRODUCTO'!B:F,2,0)," ")
D11: =IFERROR(VLOOKUP(C11,'INDICADORES DE PRODUCTO'!B:F,2,0)," ")
D12: =IFERROR(VLOOKUP(C12,'INDICADORES DE PRODUCTO'!B:F,2,0)," ")
D13: =IFERROR(VLOOKUP(C13,'INDICADORES DE PRODUCTO'!B:F,2,0)," ")
D14: =IFERROR(VLOOKUP(C14,'INDICADORES DE PRODUCTO'!B:F,2,0)," ")
D15: =IFERROR(VLOOKUP(C15,'INDICADORES DE PRODUCTO'!B:F,2,0)," ")
D16: =IFERROR(VLOOKUP(C16,'INDICADORES DE PRODUCTO'!B:F,2,0)," ")
D17: =IFERROR(VLOOKUP(C17,'INDICADORES DE PRODUCTO'!B:F,2,0)," ")
... D19: =IFERROR(VLOOKUP(C19,'INDICADORES DE PRODUCTO'!B:F,2,0)," ")
B20: TOTAL POBLACIÓN BENEFICIADA CON EL PROYECTO | E20: =IF(SUM(E5:E19)>'3. DETALLE POBLACIÓN'!G19,"ERROR: Población focalizada excede la población objetivo del proyecto",SUM(E5:E19)) -> 22058
B22: PROYECTA:
B23: Javier Armando Salamanca - Contratista Secretaria de Salud Municipal
B24: APRUEBA:
B25: John Jairo Satizabal Mena - Secretario de Salud Municipal

Sheet VALOR MÁXIMO
A1: PROYECTO | B1: NOMBRE_PROYECTO | C1: VALOR MÁXIMO | D1: OBJETIVO
A2: 2400001 | B2: MEJORAMIENTO DEL ESPACIO PÚBLICO EN LA ZONA URBANA Y RURAL DEL MUNICIPIO DE PALMIRA | C2: 0
A3: 2400002 | B3: REHABILITACIÓN DE LAS VÍAS URBANAS DEL MUNICIPIO DE PALMIRA | C3: 0 | D3: MEJORAR LAS CONDICIONES DE MOVILIDAD EN LA ZONA URBANA DEL MUNICIPIO DE PALMIRA
A4: 2400003 | B4: DESARROLLO COMERCIAL Y AGROTURÍSTICO EN EL MUNICIPIO DE PALMIRA | C4: 0 | D4: GENERAR ESTRATEGIAS QUE PROMUEVAN Y DESTAQUEN LA IMPORTANCIA DEL SECTOR AGROALIMENTARIO Y TURÍSTICO EN LA ECONOMÍA, LA CULTURA Y LA IDENTIDAD NACIONAL.
A5: 2400004 | B5: FORTALECIMIENTO DE LA POLÍTICA DE GOBIERNO DIGITAL EN EL MUNICIPIO DE PALMIRA | C5: 1200000000 | D5: ARTICULAR EL DESARROLLO DE SERVICIOS Y PROCESOS DIGITALES PARA LA TOMA DE DECISIONES BASADAS EN DATOS Y CONSOLIDACIÓN DE UN ESTADO ABIERTO EN EL MUNICIPIO DE PALMIRA
A6: 2400005 | B6: FORTALECIMIENTO A LA SEGURIDAD Y CONVIVENCIA CIUDADANA DEL MUNICIPIO DE PALMIRA | C6: 0 | D6: MEJORAR LA SEGURIDAD Y LA CONVIVENCIA CIUDADANA DEL MUNICIPIO DE PALMIRA
A7: 2400006 | B7: CONSTRUCCIÓN DE BULEVAR EN LA COMUNA N° 1 DEL MUNICIPIO DE PALMIRA | C7: 2.0612342e+10 | D7: MEJORAR EL ESPACIO PÚBLICO EFECTIVO EN EL MUNICIPIO DE PALMIRA
A8: 2400007 | B8: MEJORAMIENTO DE LA INFRAESTRUCTURA INTEGRADA A LOS CENTROS DE DESARROLLO INFANTIL (CDI) DEL MUNICIPIO DE PALMIRA | C8: 0
A9: 2400008 | B9: FORTALECIMIENTO DEL ASEGURAMIENTO AL SISTEMA GENERAL DE SEGURIDAD SOCIAL EN SALUD EN EL MUNICIPIO DE PALMIRA | C9: 1727645974383 | D9: Disminuir las barreras de acceso al Sistema General de Seguridad Social en Salud del municipio de Palmira
A10: 2400009 | B10: FORTALECIMIENTO DE LA GESTIÓN ADMINISTRATIVA DE LA SECRETARIA DE HACIENDA DEL MUNICIPIO DE PALMIRA | C10: 1.9564346e+10 | D10: Implementar estrategias que permitan mejorar el potencial de recaudo de las principales rentas en el Municipio de Palmira
A11: 2400010 | B11: MANTENIMIENTO DE ZONAS VERDES E INDIVIDUOS ARBÓREOS PARA LA MEJORA DEL PAISAJE Y EL CUIDADO DE LA ESTRUCTURA ECOLÓGICA AMBIENTAL DEL ÁREA RURAL Y URBANA DEL MUNICIPIO DE PALMIRA | C11: 8250000000 | D11: Mejorar las condiciones paisajísticas de las zonas verdes públicas que hacen parte de la Estructura Ecológica Principal del municipio
A12: 2400011 | B12: DESARROLLO DE CAMPAÑAS DE EDUCACIÓN Y CULTURA AMBIENTAL PARA LA IMPLEMENTACIÓN DE LA POLÍTICA DE EDUCACIÓN AMBIENTAL EN EL MUNICIPIO DE PALMIRA | C12: 15503901450 | D12: Implementar la Política de Educación Ambiental en el Municipio de Palmira
A13: 2400012 | B13: APOYO A LOS NEGOCIOS VERDES COMO HERRAMIENTA PARA LA TRANSFORMACIÓN PRODUCTIVA Y ACCIÓN CLIMÁTICA EN EL MUNICIPIO DE PALMIRA | C13: 3745478850 | D13: Promover la oferta de bienes y servicios a partir del uso sostenible de los recursos naturales
A14: 2400013 | B14: IMPLEMENTACIÓN DEL SEGUIMIENTO AL PLAN DE GESTIÓN INTEGRAL DE RESIDUOS SÓLIDOS PARA UN AMBIENTE EJEMPLAR EN EL MUNICIPIO DE PALMIRA | C14: 7650000000 | D14: Incrementar el porcentaje de residuos sólidos aprovechados y dispuestos de manera adecuada
A15: 2400014 | B15: IMPLEMENTACIÓN DE ESTRATEGIAS DE CONSERVACIÓN EN ÁREAS DE IMPORTANCIA PARA LA PROTECCIÓN DEL RECURSO HÍDRICO EN EL MUNICIPIO DE PALMIRA | C15: 19050000000 | D15: Implementar acciones de conservación en ecosistemas y áreas de importancia estratégica para protección del recurso hídrico en el municipio de Palmira
A16: 2400015 | B16: ASISTENCIA TÉCNICA PARA LA INCORPORACIÓN DE VARIABLES AMBIENTALES EN LA PLANIFICACIÓN SECTORIAL DE SECTORES EN EL MUNICIPIO DE PALMIRA | C16: 3283350000 | D16: Mitigar los impactos ambientales mediante el seguimiento a las actividades socioeconómicas para controlar el deterioro de las condiciones ambientales en el municipio de Palmira
A17: 2400016 | B17: CONSOLIDACIÓN DEL SERVICIO EDUCATIVO DE CALIDAD EN LAS INSTITUCIONES EDUCATIVAS OFICIALES DEL MUNICIPIO DE PALMIRA | C17: 2597947500000 | D17: Garantizar la prestación del servicio educativo de calidad en las instituciones educativas oficiales del municipio de Palmira.
A18: 2400017 | B18: CONTRIBUCIÓN AL DESARROLLO DEL PLAN INTEGRAL DE SEGURIDAD Y CONVIVENCIA CIUDADANA PISCC DEL MUNICIPIO DE PALMIRA | C18: 25638212676 | D18: Apoyar el desarrollo de las estrategias de seguridad y convivencia en el Municipio de Palmira en el marco del Plan Integral de Seguridad y Convivencia Ciudadana
A19: 2400018 | B19: IMPLEMENTACIÓN DE UN SISTEMA DE INFORMACION DE SEGURIDAD INTELIGENTE EN EL MUNICIPIO DE PALMIRA | C19: 33770177529 | D19: Desarrollar un Sistema de Seguridad con estrategias tecnológicas para garantizar la convivencia y la seguridad ciudadana
A20: 2400019 | B20: CONTRIBUCIÓN PARA EL DESARROLLO DE ESPACIOS DE PARTICIPACIÓN EN EL MUNICIPIO DE PALMIRA | C20: 3494652000 | D20: Desarrollar una propuesta para el fortalecimiento de la participacion ciudadana en el municipio de palmira
... A99: 2600012 | B99: CONSTRUCCIÓN DE LA NUEVA PLANTA FÍSICA DEL CENTRO DE SALUD DEL CORREGIMIENTO DE ROZO EN EL MUNICIPIO DE PALMIRA | C99: 2.1601033e+10 | D99: Ampliar el acceso a los servicios de atención primaria en salud en el corregimiento Rozo del municipio de Palmira

Sheet AUXILIAR
A1: BPIM | B1: BPIN | C1: NOMBRE | D1: DEPENDENCIA (NOMBRE EN SIIFWEB) | E1: NOMBRE DEPENDENCIA ESTANDARIZADO | F1: PROGRAMA | G1: CÓDIGO PROGRAMA | H1: COD_ACT | I1: BPIM+ACT | J1: ACTIVIDAD | K1: CENTRO DE COSTOS | N1: DEPENDENCIA | O1: NOMBRE AJUSTADO
N2: DEPORTE Y RECREACION | O2: IMDER - INSTITUTO MUNICIPAL DEL DEPORTE Y LA RECREACIÓN
A3: 2400001 | B3: 2024765200001 | C3: MEJORAMIENTO DEL ESPACIO PÚBLICO EN LA ZONA URBANA Y RURAL DEL MUNICIPIO DE PALMIRA | D3: SECRETARÍA DE INFRAESTRUCTURA, RENOVACIÓN URBANA Y VIVIENDA | E3: =VLOOKUP(D3,N:O,2,0) -> SECRETARÍA DE INFRAESTRUCTURA, RENOVACIÓN URBANA Y VIVIENDA | F3: ESPACIO PÚBLICO MEJORADO Y BIEN MANTENIDO | G3: 46 | H3: 1 | I3: 2400001_1 | J3: REALIZAR ESTUDIOS Y DISEÑOS PARA LA CONSTRUCCIÓN DE INFRAESTRUCTURA Y ELEMENTOS COMPLEMENTARIOS DEL ESPACIO PÚBLICO | K3: =VLOOKUP(E3,'CENTRO DE COSTOS'!A:C,3,0) -> 1169 SECRETARÍA DE INFRAESTRUCTURA, RENOVACIÓN URBANA Y VIVIENDA | N3: INSTITUTO MUNICIPAL DEL DEPORTE Y LA RECREACIÓN IMDER | O3: IMDER - INSTITUTO MUNICIPAL DEL DEPORTE Y LA RECREACIÓN
A4: 2400001 | B4: 2024765200001 | C4: MEJORAMIENTO DEL ESPACIO PÚBLICO EN LA ZONA URBANA Y RURAL DEL MUNICIPIO DE PALMIRA | D4: SECRETARÍA DE INFRAESTRUCTURA, RENOVACIÓN URBANA Y VIVIENDA | E4: =VLOOKUP(D4,N:O,2,0) -> SECRETARÍA DE INFRAESTRUCTURA, RENOVACIÓN URBANA Y VIVIENDA | F4: ESPACIO PÚBLICO MEJORADO Y BIEN MANTENIDO | G4: 46 | H4: 2 | I4: 2400001_2 | J4: APOYAR LA GESTIÓN RELACIONADA CON LA CONSTRUCCIÓN DE INFRAESTRUCTURA Y ESPACIO PÚBLICO | K4: =VLOOKUP(E4,'CENTRO DE COSTOS'!A:C,3,0) -> 1169 SECRETARÍA DE INFRAESTRUCTURA, RENOVACIÓN URBANA Y VIVIENDA | N4: DIRECCIÓN DE COMUNICACIONES | O4: DIRECCIÓN DE COMUNICACIONES
A5: 2400001 | B5: 2024765200001 | C5: MEJORAMIENTO DEL ESPACIO PÚBLICO EN LA ZONA URBANA Y RURAL DEL MUNICIPIO DE PALMIRA | D5: SECRETARÍA DE INFRAESTRUCTURA, RENOVACIÓN URBANA Y VIVIENDA | E5: =VLOOKUP(D5,N:O,2,0) -> SECRETARÍA DE INFRAESTRUCTURA, RENOVACIÓN URBANA Y VIVIENDA | F5: ESPACIO PÚBLICO MEJORADO Y BIEN MANTENIDO | G5: 46 | H5: 3 | I5: 2400001_3 | J5: REALIZAR ESTUDIOS Y DISEÑOS PARA LA ADECUACIÓN DE INFRAESTRUCTURA Y ELEMENTOS COMPLEMENTARIOS DEL ESPACIO PÚBLICO | K5: =VLOOKUP(E5,'CENTRO DE COSTOS'!A:C,3,0) -> 1169 SECRETARÍA DE INFRAESTRUCTURA, RENOVACIÓN URBANA Y VIVIENDA | N5: DIRECCION DE COMUNICACIONES | O5: DIRECCIÓN DE COMUNICACIONES
A6: 2400001 | B6: 2024765200001 | C6: MEJORAMIENTO DEL ESPACIO PÚBLICO EN LA ZONA URBANA Y RURAL DEL MUNICIPIO DE PALMIRA | D6: SECRETARÍA DE INFRAESTRUCTURA, RENOVACIÓN URBANA Y VIVIENDA | E6: =VLOOKUP(D6,N:O,2,0) -> SECRETARÍA DE INFRAESTRUCTURA, RENOVACIÓN URBANA Y VIVIENDA | F6: ESPACIO PÚBLICO MEJORADO Y BIEN MANTENIDO | G6: 46 | H6: 4 | I6: 2400001_4 | J6: APOYAR AL GESTIÓN RELACIONADA CON LA ADECUACIÓN DE INFRAESTRUCTURA Y ESPACIO PÚBLICO | K6: =VLOOKUP(E6,'CENTRO DE COSTOS'!A:C,3,0) -> 1169 SECRETARÍA DE INFRAESTRUCTURA, RENOVACIÓN URBANA Y VIVIENDA | N6: DIRECCIÓN DE CONTRATACIÓN | O6: DIRECCIÓN DE CONTRATACIÓN
A7: 2400002 | B7: 2024765200002 | C7: REHABILITACIÓN DE LAS VÍAS URBANAS DEL MUNICIPIO DE PALMIRA | D7: SECRETARÍA DE INFRAESTRUCTURA, RENOVACIÓN URBANA Y VIVIENDA | E7: =VLOOKUP(D7,N:O,2,0) -> SECRETARÍA DE INFRAESTRUCTURA, RENOVACIÓN URBANA Y VIVIENDA | F7: MOVILIDAD ORIENTADA A LA INTEGRACIÓN REGIONAL | G7: 43 | H7: 1 | I7: 2400002_1 | J7: SUMINISTRAR LOS MATERIALES PARA LA REHABILITACIÓN DE VÍAS URBANAS | K7: =VLOOKUP(E7,'CENTRO DE COSTOS'!A:C,3,0) -> 1169 SECRETARÍA DE INFRAESTRUCTURA, RENOVACIÓN URBANA Y VIVIENDA | N7: DIRECCIÓN DE CONTROL INTERNO DISCIPLINARIO | O7: DIRECCIÓN DE CONTROL INTERNO DISCIPLINARIO
A8: 2400002 | B8: 2024765200002 | C8: REHABILITACIÓN DE LAS VÍAS URBANAS DEL MUNICIPIO DE PALMIRA | D8: SECRETARÍA DE INFRAESTRUCTURA, RENOVACIÓN URBANA Y VIVIENDA | E8: =VLOOKUP(D8,N:O,2,0) -> SECRETARÍA DE INFRAESTRUCTURA, RENOVACIÓN URBANA Y VIVIENDA | F8: MOVILIDAD ORIENTADA A LA INTEGRACIÓN REGIONAL | G8: 43 | H8: 2 | I8: 2400002_2 | J8: GESTIONAR EL APOYO TÉCNICO Y ADMINISTRATIVO DE LOS PROCESOS ENCAMINADOS A REHABILITAR Y MEJORAR LAS VÍAS URBANAS DEL MUNICIPIO. | K8: =VLOOKUP(E8,'CENTRO DE COSTOS'!A:C,3,0) -> 1169 SECRETARÍA DE INFRAESTRUCTURA, RENOVACIÓN URBANA Y VIVIENDA | N8: DIRECCIÓN DE EMPRENDIMIENTO Y DESARROLLO EMPRESARIAL | O8: DIRECCIÓN DE EMPRENDIMIENTO Y DESARROLLO EMPRESARIAL
A9: 2400002 | B9: 2024765200002 | C9: REHABILITACIÓN DE LAS VÍAS URBANAS DEL MUNICIPIO DE PALMIRA | D9: SECRETARÍA DE INFRAESTRUCTURA, RENOVACIÓN URBANA Y VIVIENDA | E9: =VLOOKUP(D9,N:O,2,0) -> SECRETARÍA DE INFRAESTRUCTURA, RENOVACIÓN URBANA Y VIVIENDA | F9: MOVILIDAD ORIENTADA A LA INTEGRACIÓN REGIONAL | G9: 43 | H9: 3 | I9: 2400002_3 | J9: APOYAR OPERATIVAMENTE LAS OBRAS DE REHABILITACIÓN, MANTENIMIENTO Y MEJORAMIENTO DE VÍAS | K9: =VLOOKUP(E9,'CENTRO DE COSTOS'!A:C,3,0) -> 1169 SECRETARÍA DE INFRAESTRUCTURA, RENOVACIÓN URBANA Y VIVIENDA | N9: DIRECCIÓN DE GESTIÓN DEL MEDIO AMBIENTE | O9: DIRECCIÓN DE GESTIÓN DEL MEDIO AMBIENTE
A10: 2400002 | B10: 2024765200002 | C10: REHABILITACIÓN DE LAS VÍAS URBANAS DEL MUNICIPIO DE PALMIRA | D10: SECRETARÍA DE INFRAESTRUCTURA, RENOVACIÓN URBANA Y VIVIENDA | E10: =VLOOKUP(D10,N:O,2,0) -> SECRETARÍA DE INFRAESTRUCTURA, RENOVACIÓN URBANA Y VIVIENDA | F10: MOVILIDAD ORIENTADA A LA INTEGRACIÓN REGIONAL | G10: 43 | H10: 4 | I10: 2400002_4 | J10: SUMINISTRAR EQUIPOS ESPECIALIZADOS PARA REALIZAR EL MANTENIMIENTO DE LAS VÍAS. | K10: =VLOOKUP(E10,'CENTRO DE COSTOS'!A:C,3,0) -> 1169 SECRETARÍA DE INFRAESTRUCTURA, RENOVACIÓN URBANA Y VIVIENDA | N10: DIRECCIÓN DE GESTIÓN DEL RIESGO DE DESASTRES | O10: DIRECCIÓN DE GESTIÓN DEL RIESGO DE DESASTRES
A11: 2400003 | B11: 2024765200004 | C11: DESARROLLO COMERCIAL Y AGROTURÍSTICO EN EL MUNICIPIO DE PALMIRA | D11: SECRETARÍA AGROPECUARIA Y DE DESARROLLO RURAL | E11: =VLOOKUP(D11,N:O,2,0) -> SECRETARÍA AGROPECUARIA Y DE DESARROLLO RURAL | F11: INNOVACIÓN AGROPECUARIA | G11: 25 | H11: 1 | I11: 2400003_1 | J11: PROMOCIONAR ESPACIOS DE NEGOCIOS QUE PERMITAN GENERAR REDES ENTRE PRODUCTORES AGROPECUARIOS, COMERCIANTES, CASAS COMERCIALES Y OTROS ACTORES QUE GENEREN CIRCUITOS CORTOS DE COMERCIALIZACIÓN EN PRO DEL BENEFICIO DEL PEQUEÑO Y MEDIANO PRODUCTOR | K11: =VLOOKUP(E11,'CENTRO DE COSTOS'!A:C,3,0) -> 1170 SECRETARÍA AGROPECUARIA Y DESARROLLO RURAL | N11: DIRECCIÓN DE TI Y C (TECNOLOGÍA INNOVACIÓN Y CIENCIA | O11: DIRECCIÓN DE TECNOLOGÍA, INNOVACIÓN Y CIENCIA
A12: 2400003 | B12: 2024765200004 | C12: DESARROLLO COMERCIAL Y AGROTURÍSTICO EN EL MUNICIPIO DE PALMIRA | D12: SECRETARÍA AGROPECUARIA Y DE DESARROLLO RURAL | E12: =VLOOKUP(D12,N:O,2,0) -> SECRETARÍA AGROPECUARIA Y DE DESARROLLO RURAL | F12: INNOVACIÓN AGROPECUARIA | G12: 25 | H12: 2 | I12: 2400003_2 | J12: REALIZAR UN EVENTO DE TRANSFERENCIA DE TECNOLOGÍA PARA FORTALECER LAS CAPACIDADES TÉCNICAS DEL SECTOR AGROPECUARIO. | K12: =VLOOKUP(E12,'CENTRO DE COSTOS'!A:C,3,0) -> 1170 SECRETARÍA AGROPECUARIA Y DESARROLLO RURAL | N12: DIRECCIÓN DE TECNOLOGÍA, INNOVACIÓN Y CIENCIA | O12: DIRECCIÓN DE TECNOLOGÍA, INNOVACIÓN Y CIENCIA
A13: 2400004 | B13: 2024765200005 | C13: FORTALECIMIENTO DE LA POLÍTICA DE GOBIERNO DIGITAL EN EL MUNICIPIO DE PALMIRA | D13: DIRECCIÓN DE TECNOLOGÍA, INNOVACIÓN Y CIENCIA | E13: =VLOOKUP(D13,N:O,2,0) -> DIRECCIÓN DE TECNOLOGÍA, INNOVACIÓN Y CIENCIA | F13: TRANSFORMACIÓN DIGITAL | G13: 54 | H13: 1 | I13: 2400004_1 | J13: ARTICULAR ACCIONES DE GOBIERNO DIGITAL EN EL MUNICIPIO | K13: =VLOOKUP(E13,'CENTRO DE COSTOS'!A:C,3,0) -> 1167 DIRECCIÓN DE TECNOLOGÍA, INNOVACIÓN Y CIENCIA | N13: OFICINA DE CONTROL INTERNO | O13: OFICINA DE CONTROL INTERNO
A14: 2400004 | B14: 2024765200005 | C14: FORTALECIMIENTO DE LA POLÍTICA DE GOBIERNO DIGITAL EN EL MUNICIPIO DE PALMIRA | D14: DIRECCIÓN DE TECNOLOGÍA, INNOVACIÓN Y CIENCIA | E14: =VLOOKUP(D14,N:O,2,0) -> DIRECCIÓN DE TECNOLOGÍA, INNOVACIÓN Y CIENCIA | F14: TRANSFORMACIÓN DIGITAL | G14: 54 | H14: 2 | I14: 2400004_2 | J14: ADQUIRIR E IMPLEMENTAR SOFTWARE PARA EL DESARROLLO DE CIUDADES Y TERRITORIOS INTELIGENTES EN EL MUNICIPIO | K14: =VLOOKUP(E14,'CENTRO DE COSTOS'!A:C,3,0) -> 1167 DIRECCIÓN DE TECNOLOGÍA, INNOVACIÓN Y CIENCIA | N14: SECRETARÍA AGROPECUARIA Y DESARROLLO RURAL | O14: SECRETARÍA AGROPECUARIA Y DE DESARROLLO RURAL
... A37: 2400009 | B37: 2024765200008 | C37: FORTALECIMIENTO DE LA GESTIÓN ADMINISTRATIVA DE LA SECRETARIA DE HACIENDA DEL MUNICIPIO DE PALMIRA | D37: SECRETARÍA DE HACIENDA | E37: =VLOOKUP(D37,N:O,2,0) -> SECRETARÍA DE HACIENDA | F37: GOBERNANZA Y GOBERNABILIDAD PARA LA GESTION Y DIRECCION EFICIENTE DE LA ADMINISTRACION PUBLICA | G37: 31 | H37: 1 | I37: 2400009_1 | J37: REALIZAR ACCIONES PARA ACTUALIZAR LAS BASES DE DATOS DEL MUNICIPIO | K37: =VLOOKUP(E37,'CENTRO DE COSTOS'!A:C,3,0) -> 1150 SECRETARÍA DE HACIENDA | N37: SECRETARIA JURIDICA | O37: SECRETARÍA JURÍDICA
A38: 2400009 | B38: 2024765200008 | C38: FORTALECIMIENTO DE LA GESTIÓN ADMINISTRATIVA DE LA SECRETARIA DE HACIENDA DEL MUNICIPIO DE PALMIRA | D38: SECRETARÍA DE HACIENDA | E38: =VLOOKUP(D38,N:O,2,0) -> SECRETARÍA DE HACIENDA | F38: GOBERNANZA Y GOBERNABILIDAD PARA LA GESTION Y DIRECCION EFICIENTE DE LA ADMINISTRACION PUBLICA | G38: 31 | H38: 2 | I38: 2400009_2 | J38: REALIZAR CAMPAÑAS DE CULTURA TRIBUTARIA | K38: =VLOOKUP(E38,'CENTRO DE COSTOS'!A:C,3,0) -> 1150 SECRETARÍA DE HACIENDA
A39: 2400009 | B39: 2024765200008 | C39: FORTALECIMIENTO DE LA GESTIÓN ADMINISTRATIVA DE LA SECRETARIA DE HACIENDA DEL MUNICIPIO DE PALMIRA | D39: SECRETARÍA DE HACIENDA | E39: =VLOOKUP(D39,N:O,2,0) -> SECRETARÍA DE HACIENDA | F39: GOBERNANZA Y GOBERNABILIDAD PARA LA GESTION Y DIRECCION EFICIENTE DE LA ADMINISTRACION PUBLICA | G39: 31 | H39: 3 | I39: 2400009_3 | J39: REALIZAR ACCIONES NECESARIAS PARA EL RECAUDO DE CARTERA DE LAS PRINCIPALES RENTAS | K39: =VLOOKUP(E39,'CENTRO DE COSTOS'!A:C,3,0) -> 1150 SECRETARÍA DE HACIENDA
A40: 2400009 | B40: 2024765200008 | C40: FORTALECIMIENTO DE LA GESTIÓN ADMINISTRATIVA DE LA SECRETARIA DE HACIENDA DEL MUNICIPIO DE PALMIRA | D40: SECRETARÍA DE HACIENDA | E40: =VLOOKUP(D40,N:O,2,0) -> SECRETARÍA DE HACIENDA | F40: GOBERNANZA Y GOBERNABILIDAD PARA LA GESTION Y DIRECCION EFICIENTE DE LA ADMINISTRACION PUBLICA | G40: 31 | H40: 4 | I40: 2400009_4 | J40: REALIZAR ACCIONES PARA FORTALECER LOS PROCESOS DE LA SECRETARIA DE HACIENDA | K40: =VLOOKUP(E40,'CENTRO DE COSTOS'!A:C,3,0) -> 1150 SECRETARÍA DE HACIENDA
A41: 2400010 | B41: 2024765200038 | C41: MANTENIMIENTO DE ZONAS VERDES E INDIVIDUOS ARBÓREOS PARA LA MEJORA DEL PAISAJE Y EL CUIDADO DE LA ESTRUCTURA ECOLÓGICA AMBIENTAL DEL ÁREA RURAL Y URBANA DEL MUNICIPIO DE PALMIRA | D41: DIRECCIÓN DE GESTIÓN DEL MEDIO AMBIENTE | E41: =VLOOKUP(D41,N:O,2,0) -> DIRECCIÓN DE GESTIÓN DEL MEDIO AMBIENTE | F41: GESTION DEL CAMBIO CLIMATICO Y DE RIESGOS Y CONSERVACION DE LA DIVERSIDAD | G41: 20 | H41: 1 | I41: 2400010_1 | J41: REALIZAR EL MANTENIMIENTO DE ZONAS VERDES DEL MUNICIPIO DE PALMIRA. | K41: =VLOOKUP(E41,'CENTRO DE COSTOS'!A:C,3,0) -> 1168 DIRECCIÓN DE GESTIÓN DEL MEDIO AMBIENTE
A42: 2400010 | B42: 2024765200038 | C42: MANTENIMIENTO DE ZONAS VERDES E INDIVIDUOS ARBÓREOS PARA LA MEJORA DEL PAISAJE Y EL CUIDADO DE LA ESTRUCTURA ECOLÓGICA AMBIENTAL DEL ÁREA RURAL Y URBANA DEL MUNICIPIO DE PALMIRA | D42: DIRECCIÓN DE GESTIÓN DEL MEDIO AMBIENTE | E42: =VLOOKUP(D42,N:O,2,0) -> DIRECCIÓN DE GESTIÓN DEL MEDIO AMBIENTE | F42: GESTION DEL CAMBIO CLIMATICO Y DE RIESGOS Y CONSERVACION DE LA DIVERSIDAD | G42: 20 | H42: 2 | I42: 2400010_2 | J42: REALIZAR LA GESTIÓN DE LOS ÁRBOLES Y ARBUSTOS DEL MUNICIPIO DE PALMIRA. | K42: =VLOOKUP(E42,'CENTRO DE COSTOS'!A:C,3,0) -> 1168 DIRECCIÓN DE GESTIÓN DEL MEDIO AMBIENTE
A43: 2400011 | B43: 2024765200034 | C43: DESARROLLO DE CAMPAÑAS DE EDUCACIÓN Y CULTURA AMBIENTAL PARA LA IMPLEMENTACIÓN DE LA POLÍTICA DE EDUCACIÓN AMBIENTAL EN EL MUNICIPIO DE PALMIRA | D43: DIRECCIÓN DE GESTIÓN DEL MEDIO AMBIENTE | E43: =VLOOKUP(D43,N:O,2,0) -> DIRECCIÓN DE GESTIÓN DEL MEDIO AMBIENTE | F43: EDUCACION AMBIENTAL Y PARA LA PREVENCION DEL RIESGO | G43: 19 | H43: 1 | I43: 2400011_1 | J43: FORMULAR Y DESARROLLAR JORNADAS DE SOCIALIZACIÓN Y SENSIBILIZACIÓN EN TEMAS DE EDUCACIÓN Y CULTURA AMBIENTAL | K43: =VLOOKUP(E43,'CENTRO DE COSTOS'!A:C,3,0) -> 1168 DIRECCIÓN DE GESTIÓN DEL MEDIO AMBIENTE
A44: 2400011 | B44: 2024765200034 | C44: DESARROLLO DE CAMPAÑAS DE EDUCACIÓN Y CULTURA AMBIENTAL PARA LA IMPLEMENTACIÓN DE LA POLÍTICA DE EDUCACIÓN AMBIENTAL EN EL MUNICIPIO DE PALMIRA | D44: DIRECCIÓN DE GESTIÓN DEL MEDIO AMBIENTE | E44: =VLOOKUP(D44,N:O,2,0) -> DIRECCIÓN DE GESTIÓN DEL MEDIO AMBIENTE | F44: EDUCACION AMBIENTAL Y PARA LA PREVENCION DEL RIESGO | G44: 19 | H44: 2 | I44: 2400011_2 | J44: EJECUTAR LOS MEDIOS DE DIVULGACIÓN NECESARIOS PARA LAS JORNADAS DE SOCIALIZACIÓN Y SENSIBILIZACIÓN EN TEMAS DE EDUCACIÓN Y CULTURA AMBIENTAL | K44: =VLOOKUP(E44,'CENTRO DE COSTOS'!A:C,3,0) -> 1168 DIRECCIÓN DE GESTIÓN DEL MEDIO AMBIENTE
A45: 2400011 | B45: 2024765200034 | C45: DESARROLLO DE CAMPAÑAS DE EDUCACIÓN Y CULTURA AMBIENTAL PARA LA IMPLEMENTACIÓN DE LA POLÍTICA DE EDUCACIÓN AMBIENTAL EN EL MUNICIPIO DE PALMIRA | D45: DIRECCIÓN DE GESTIÓN DEL MEDIO AMBIENTE | E45: =VLOOKUP(D45,N:O,2,0) -> DIRECCIÓN DE GESTIÓN DEL MEDIO AMBIENTE | F45: EDUCACION AMBIENTAL Y PARA LA PREVENCION DEL RIESGO | G45: 19 | H45: 3 | I45: 2400011_3 | J45: EJECUTAR JORNADAS DE EDUCACIÓN AMBIENTAL Y PARTICIPACIÓN EN RELACIÓN CON LA PROTECCIÓN Y EL BIENESTAR ANIMAL | K45: =VLOOKUP(E45,'CENTRO DE COSTOS'!A:C,3,0) -> 1168 DIRECCIÓN DE GESTIÓN DEL MEDIO AMBIENTE
A46: 2400011 | B46: 2024765200034 | C46: DESARROLLO DE CAMPAÑAS DE EDUCACIÓN Y CULTURA AMBIENTAL PARA LA IMPLEMENTACIÓN DE LA POLÍTICA DE EDUCACIÓN AMBIENTAL EN EL MUNICIPIO DE PALMIRA | D46: DIRECCIÓN DE GESTIÓN DEL MEDIO AMBIENTE | E46: =VLOOKUP(D46,N:O,2,0) -> DIRECCIÓN DE GESTIÓN DEL MEDIO AMBIENTE | F46: EDUCACION AMBIENTAL Y PARA LA PREVENCION DEL RIESGO | G46: 19 | H46: 4 | I46: 2400011_4 | J46: DESARROLLAR ACCIONES DE PROTECCIÓN Y BIENESTAR ANIMAL A SERES SINTIENTES EN CONDICIONES DE VULNERABILIDAD | K46: =VLOOKUP(E46,'CENTRO DE COSTOS'!A:C,3,0) -> 1168 DIRECCIÓN DE GESTIÓN DEL MEDIO AMBIENTE
A47: 2400012 | B47: 2024765200035 | C47: APOYO A LOS NEGOCIOS VERDES COMO HERRAMIENTA PARA LA TRANSFORMACIÓN PRODUCTIVA Y ACCIÓN CLIMÁTICA EN EL MUNICIPIO DE PALMIRA | D47: DIRECCIÓN DE GESTIÓN DEL MEDIO AMBIENTE | E47: =VLOOKUP(D47,N:O,2,0) -> DIRECCIÓN DE GESTIÓN DEL MEDIO AMBIENTE | F47: GESTION DEL CAMBIO CLIMATICO Y DE RIESGOS Y CONSERVACION DE LA DIVERSIDAD | G47: 20 | H47: 1 | I47: 2400012_1 | J47: DESARROLLAR E IMPLEMENTAR UNA RUTA DE ACOMPAÑAMIENTO PARA APOYAR LAS CAPACIDADES DE LOS EMPRENDIMIENTOS VERDES EN EL MUNICIPIO | K47: =VLOOKUP(E47,'CENTRO DE COSTOS'!A:C,3,0) -> 1168 DIRECCIÓN DE GESTIÓN DEL MEDIO AMBIENTE
A48: 2400012 | B48: 2024765200035 | C48: APOYO A LOS NEGOCIOS VERDES COMO HERRAMIENTA PARA LA TRANSFORMACIÓN PRODUCTIVA Y ACCIÓN CLIMÁTICA EN EL MUNICIPIO DE PALMIRA | D48: DIRECCIÓN DE GESTIÓN DEL MEDIO AMBIENTE | E48: =VLOOKUP(D48,N:O,2,0) -> DIRECCIÓN DE GESTIÓN DEL MEDIO AMBIENTE | F48: GESTION DEL CAMBIO CLIMATICO Y DE RIESGOS Y CONSERVACION DE LA DIVERSIDAD | G48: 20 | H48: 2 | I48: 2400012_2 | J48: FORTALECER Y ESCALAR NEGOCIOS VERDES VERIFICADOS CON PRESENCIA EN EL MERCADO MUNICIPAL | K48: =VLOOKUP(E48,'CENTRO DE COSTOS'!A:C,3,0) -> 1168 DIRECCIÓN DE GESTIÓN DEL MEDIO AMBIENTE
A49: 2400013 | B49: 2024765200036 | C49: IMPLEMENTACIÓN DEL SEGUIMIENTO AL PLAN DE GESTIÓN INTEGRAL DE RESIDUOS SÓLIDOS PARA UN AMBIENTE EJEMPLAR EN EL MUNICIPIO DE PALMIRA | D49: DIRECCIÓN DE GESTIÓN DEL MEDIO AMBIENTE | E49: =VLOOKUP(D49,N:O,2,0) -> DIRECCIÓN DE GESTIÓN DEL MEDIO AMBIENTE | F49: MAS CAPACIDADES PARA LA GESTION DEL MEDIO AMBIENTE Y PREVENCION DE RIESGOS | G49: 21 | H49: 1 | I49: 2400013_1 | J49: REALIZAR EL SEGUIMIENTO AL PLAN DE GESTIÓN INTEGRAL DE RESIDUOS SÓLIDOS DEL MUNICIPIO DE PALMIRA | K49: =VLOOKUP(E49,'CENTRO DE COSTOS'!A:C,3,0) -> 1168 DIRECCIÓN DE GESTIÓN DEL MEDIO AMBIENTE
... A552: 2400096 | B552: 2024765200094 | C552: ADECUACIÓN Y MEJORAMIENTO DE LA INFRAESTRUCTURA DE LOS CENTROS DE DESARROLLO INFANTIL (CDI) DEL MUNICIPIO DE PALMIRA | D552: SECRETARÍA DE INTEGRACIÓN SOCIAL | E552: =VLOOKUP(D552,N:O,2,0) -> SECRETARÍA DE INTEGRACIÓN SOCIAL | F552: ESPACIOS APROPIADOS PARA LA INCLUSION SOCIAL DE LA POBLACION VULNERABLE | G552: 12 | H552: 10 | I552: 2400096_10 | J552: REALIZAR LAS ACTIVIDADES VARIAS EN EL MEJORAMIENTO DE LOS CDI | K552: =VLOOKUP(E552,'CENTRO DE COSTOS'!A:C,3,0) -> 1153 SECRETARÍA DE INTEGRACIÓN SOCIAL
A553: 2400096 | B553: 2024765200094 | C553: ADECUACIÓN Y MEJORAMIENTO DE LA INFRAESTRUCTURA DE LOS CENTROS DE DESARROLLO INFANTIL (CDI) DEL MUNICIPIO DE PALMIRA | D553: SECRETARÍA DE INTEGRACIÓN SOCIAL | E553: =VLOOKUP(D553,N:O,2,0) -> SECRETARÍA DE INTEGRACIÓN SOCIAL | F553: ESPACIOS APROPIADOS PARA LA INCLUSION SOCIAL DE LA POBLACION VULNERABLE | G553: 12 | H553: 11 | I553: =CONCATENATE(A553,"_",H553) -> 2400096_11 | J553: REALIZAR LA INTERVENTORÍA A LA OBRA EN EL MEJORAMIENTO DE LOS CDI | K553: =VLOOKUP(E553,'CENTRO DE COSTOS'!A:C,3,0) -> 1153 SECRETARÍA DE INTEGRACIÓN SOCIAL
A554: 2600011 | C554: CONSTRUCCION DE LA NUEVA PLANTA FISICA DEL PUESTO DE SALUD DE LA COMUNA 1 EN EL MUNICIPIO DE PALMIRA | D554: SECRETARÍA DE SALUD | E554: =VLOOKUP(D554,N:O,2,0) -> SECRETARÍA DE SALUD | F554: PALMIRA ME CUIDA CON ASEGURAMIENTO Y PRESTACION INTEGRAL DE SERVICIOS DE SALUD | G554: 1 | K554: =VLOOKUP(E554,'CENTRO DE COSTOS'!A:C,3,0) -> 1173 SECRETARÍA DE SALUD
A555: 2600012 | B555: 202600000017000 | C555: CONSTRUCCIÓN DE LA NUEVA PLANTA FÍSICA DEL CENTRO DE SALUD DEL CORREGIMIENTO DE ROZO EN EL MUNICIPIO DE PALMIRA | D555: SECRETARÍA DE SALUD | E555: =VLOOKUP(D555,N:O,2,0) -> SECRETARÍA DE SALUD | F555: PALMIRA ME CUIDA CON ASEGURAMIENTO Y PRESTACION INTEGRAL DE SERVICIOS DE SALUD | G555: 1 | H555: 1 | I555: 26000xx_1 | J555: REALIZAR LAS OBRAS PRELIMINARES PARA LA CONSTRUCCION DEL CENTRO DE SALUD DE ROZO | K555: =VLOOKUP(E555,'CENTRO DE COSTOS'!A:C,3,0) -> 1173 SECRETARÍA DE SALUD
A556: 2600012 | B556: 202600000017000 | C556: CONSTRUCCIÓN DE LA NUEVA PLANTA FÍSICA DEL CENTRO DE SALUD DEL CORREGIMIENTO DE ROZO EN EL MUNICIPIO DE PALMIRA | D556: SECRETARÍA DE SALUD | E556: =VLOOKUP(D556,N:O,2,0) -> SECRETARÍA DE SALUD | F556: PALMIRA ME CUIDA CON ASEGURAMIENTO Y PRESTACION INTEGRAL DE SERVICIOS DE SALUD | G556: 1 | H556: 2 | I556: 26000xx_2 | J556: REALIZAR LA OBRA CIVIL PARA LA CONSTRUCCION DEL CENTRO DE SALUD DE ROZO | K556: =VLOOKUP(E556,'CENTRO DE COSTOS'!A:C,3,0) -> 1173 SECRETARÍA DE SALUD
A557: 2600012 | B557: 202600000017000 | C557: CONSTRUCCIÓN DE LA NUEVA PLANTA FÍSICA DEL CENTRO DE SALUD DEL CORREGIMIENTO DE ROZO EN EL MUNICIPIO DE PALMIRA | D557: SECRETARÍA DE SALUD | E557: =VLOOKUP(D557,N:O,2,0) -> SECRETARÍA DE SALUD | F557: PALMIRA ME CUIDA CON ASEGURAMIENTO Y PRESTACION INTEGRAL DE SERVICIOS DE SALUD | G557: 1 | H557: 3 | I557: 26000xx_3 | J557: INSTALAR LAS REDES HIDRAULICAS, SANITARIAS, ELECTRICAS, VOZ, DATOS Y CONTRA INCENDIOS PARA LA CONSTRUCCION DEL CENTRO DE SALUD DE ROZO | K557: =VLOOKUP(E557,'CENTRO DE COSTOS'!A:C,3,0) -> 1173 SECRETARÍA DE SALUD
A558: 2600012 | B558: 202600000017000 | C558: CONSTRUCCIÓN DE LA NUEVA PLANTA FÍSICA DEL CENTRO DE SALUD DEL CORREGIMIENTO DE ROZO EN EL MUNICIPIO DE PALMIRA | D558: SECRETARÍA DE SALUD | E558: =VLOOKUP(D558,N:O,2,0) -> SECRETARÍA DE SALUD | F558: PALMIRA ME CUIDA CON ASEGURAMIENTO Y PRESTACION INTEGRAL DE SERVICIOS DE SALUD | G558: 1 | H558: 4 | I558: 26000xx_4 | J558: REALIZAR LA OBRA BLANCA PARA LA CONSTRUCCION DEL CENTRO DE SALUD DE ROZO | K558: =VLOOKUP(E558,'CENTRO DE COSTOS'!A:C,3,0) -> 1173 SECRETARÍA DE SALUD
A559: 2600012 | B559: 202600000017000 | C559: CONSTRUCCIÓN DE LA NUEVA PLANTA FÍSICA DEL CENTRO DE SALUD DEL CORREGIMIENTO DE ROZO EN EL MUNICIPIO DE PALMIRA | D559: SECRETARÍA DE SALUD | E559: =VLOOKUP(D559,N:O,2,0) -> SECRETARÍA DE SALUD | F559: PALMIRA ME CUIDA CON ASEGURAMIENTO Y PRESTACION INTEGRAL DE SERVICIOS DE SALUD | G559: 1 | H559: 5 | I559: 26000xx_5 | J559: IMPLEMENTAR LOS PLANES DE MANEJO AMBIENTAL Y DE TRANSITO EN LA CONSTRUCCION DEL CENTRO DE SALUD DE ROZO | K559: =VLOOKUP(E559,'CENTRO DE COSTOS'!A:C,3,0) -> 1173 SECRETARÍA DE SALUD
A560: 2600012 | B560: 202600000017000 | C560: CONSTRUCCIÓN DE LA NUEVA PLANTA FÍSICA DEL CENTRO DE SALUD DEL CORREGIMIENTO DE ROZO EN EL MUNICIPIO DE PALMIRA | D560: SECRETARÍA DE SALUD | E560: =VLOOKUP(D560,N:O,2,0) -> SECRETARÍA DE SALUD | F560: PALMIRA ME CUIDA CON ASEGURAMIENTO Y PRESTACION INTEGRAL DE SERVICIOS DE SALUD | G560: 1 | H560: 6 | I560: 26000xx_6 | J560: REALIZAR LA INTERVENTORIA A LAS OBRAS DE CONSTRUCCION DEL CENTRO DE SALUD DE ROZO | K560: =VLOOKUP(E560,'CENTRO DE COSTOS'!A:C,3,0) -> 1173 SECRETARÍA DE SALUD
A561: 2600012 | B561: 202600000017000 | C561: CONSTRUCCIÓN DE LA NUEVA PLANTA FÍSICA DEL CENTRO DE SALUD DEL CORREGIMIENTO DE ROZO EN EL MUNICIPIO DE PALMIRA | D561: SECRETARÍA DE SALUD | E561: =VLOOKUP(D561,N:O,2,0) -> SECRETARÍA DE SALUD | F561: PALMIRA ME CUIDA CON ASEGURAMIENTO Y PRESTACION INTEGRAL DE SERVICIOS DE SALUD | G561: 1 | H561: 7 | I561: 26000xx_7 | J561: DOTAR CON EQUIPOS DE VENTILACION MECANICA EL CENTRO DE SALUD DE ROZO | K561: =VLOOKUP(E561,'CENTRO DE COSTOS'!A:C,3,0) -> 1173 SECRETARÍA DE SALUD

Sheet FUENTES
A1: 101 Ingresos Corrientes de Libre Destinación | B1: 101 | C1: Propios | E1: 11 Mano de obra calificada
A2: 102 Predial unificado - CVC | B2: 102 | C2: Propios | E2: 12 Mano de obra no calificada
A3: 103 Salud Ocupacional | B3: 103 | C3: Propios | E3: 21 Transporte
A4: 104 Subsidio Servicios Públicos | B4: 104 | C4: Propios | E4: 31 Materiales
A5: 105 Capacitacion | B5: 105 | C5: Propios | E5: 41 Servicios Domiciliarios
A6: 106 Recursos de Tránsito | B6: 106 | C6: Propios | E6: 42 Otros Servicios
A7: 107 Recursos bosque mpal | B7: 107 | C7: Propios | E7: 43 Servicios para la comunidad, sociales y personales
A8: 108 Recursos de Salud | B8: 108 | C8: Propios | E8: 44 Servicios inmobiliarios
A9: 109 Derecchos estudios técnicos | B9: 109 | C9: Propios | E9: 45 Servicios de venta y de distribución
A10: 110 Transferencia Estratificación | B10: 110 | C10: Propios | E10: 46 Servicios prestados a las empresas
A11: 111 Señalización Acuerdo No. 061/2006 | B11: 111 | C11: Propios | E11: 47 Servicios de alojamiento, comidad y bebidas
A12: 112 R/B Contribuciones | B12: 112 | C12: Propios | E12: 48 Servicios financieros y conexos
... A22: 122 R/B Otros recursos-Alumbrado | B22: 122 | C22: Propios | E22: 65 Transferencias corrientes y de capital
A23: 123 R/B Juntos red de protección social | B23: 123 | C23: Propios
A24: 124 R/B Rend. Convenio ICBF | B24: 124 | C24: Propios
A25: 125 R/B Rend. Convenio Ampl. Cobert 0389-5 Educ | B25: 125 | C25: Propios
A26: 126 Alquiler Centro de Convenciones | B26: 126 | C26: Propios
A27: 127 R/B FONADE | B27: 127 | C27: Propios
A28: 128 R/B Estampilla Pro-Cultura | B28: 128 | C28: Propios
A29: 129 Rend. Recursos del Crédito | B29: 129 | C29: Propios
A30: 130 R/B Sobretasa Ambiental | B30: 130 | C30: Propios
A31: 131 Cofinanciación Programa de Alimentacion Escolar PAE | B31: 131 | C31: Propios
A32: 132 Rend. Convenio FONSECON -CIC Barrio Coronado | B32: 132 | C32: Propios
A33: 133 R/BCE RECURSOS DEL CRÉDITO | B33: 133 | C33: Propios
A34: 134 Convenio Alimentación Escolar PAE | B34: 134 | C34: Propios
... A103: 203 ICBF | B103: 203 | C103: Propios
A104: 204 SGP - Deuda | B104: 204 | C104: 0
A105: 205 SGP. Salud Oferta sin Situación de Fondos -Aportes Patron- | B105: 205 | C105: SGP - Salud
A106: 206 Sobretasa Ambiental | B106: 206 | C106: Propios
A107: 207 R/BMP - Convenio. INTERAD-MINITRABAJO | B107: 207 | C107: Propios
A108: 208 Convenio 142 Departamento Prosperidad Social-FIP | B108: 208 | C108: Propios
A109: 209 SGP Calidad Gratuidad SSF | B109: 209 | C109: SGP - Educación
A110: 210 Rend. Convenio 044/17 Agencia Nacional De Seguridad Vial | B110: 210 | C110: Propios
A111: 211 SGP Educación Conectividad | B111: 211 | C111: SGP - Educación
A112: 212 Crecimiento de la Economia SGP-Conpes 115/08 | B112: 212 | C112: SGP - Primera Infancia
A113: 213 SGP Salud Oferta con Situación de Fondos | B113: 213 | C113: SGP - Salud
A114: 214 SGP - Propósito General | B114: 214 | C114: SGP - Propósito General Libre Inversión
A115: 215 SGP - Educación Prestación Servicios | B115: 215 | C115: SGP - Educación
A116: 216 SGP - Alimentación escolar | B116: 216 | C116: SGP - Alimentación Escolar
... A218: 322 Convenio DPS 552-2017 Pavimentos Callejón Villa Lenis y Rec | B218: 322 | C218: Propios
A219: 323 Reintegro SGP Calidad | B219: 323 | C219: 0
A220: 324 PGN - ADRES SSF (Administradora Recursos Salud) | B220: 324 | C220: Propios
A221: 325 Rendimiento cuotas partes pensiónales | B221: 325 | C221: Propios
A222: 326 Rendimiento CVC convenio 177/2017 interceptor PTAR | B222: 326 | C222: Propios
A223: 327 CVC CONVENIO 177/2017 INTERCEPTOR PTAR | B223: 327 | C223: Propios
A224: 328 CVC convenio 178/2017 PTAR | B224: 328 | C224: Propios
A225: 329 Rendimiento CVC Convenio 178/2017 PTAR | B225: 329 | C225: Propios
A226: 330 R/B Rend SGP Educación Calidad | B226: 330 | C226: SGP - Educación
A227: 331 R/B Reintegro SGP Educación Calidad | B227: 331 | C227: SGP - Educación
A228: 332 Rendimiento Convenio Fonsecon Interadministrativo 1158-2017 | B228: 332 | C228: Propios
A229: 333 R/BCE Cofinanciación Programa PAE 2018 Jornada Única | B229: 333 | C229: Propios
A230: 334 R/BCE Cofinanciación Programa PAE 2018 Jornada Regular | B230: 334 | C230: Propios
A231: 335 Convenio CVC 192/2017. SABS 83. | B231: 335 | C231: Propios
... A423: 801 R/B SGP Educación Calidad | B423: 801 | C423: SGP - Educación
A424: 802 R/B SGP Deuda | B424: 802 | C424: 0
A425: 803 R/B SGP Salud Oferta | B425: 803 | C425: SGP - Salud
A426: 804 R/B SGP Propósito Gral Otros Sectores | B426: 804 | C426: SGP - Propósito General Libre Destinación
A427: 805 R/B SGP Alimentación Escolar | B427: 805 | C427: SGP - Alimentación Escolar
A428: 806 R/B SGP Sin Situación de Fondos | B428: 806 | C428: 0
A429: 807 R/B SGP Educación Prestación de Servicios | B429: 807 | C429: SGP - Educación
A430: 808 R/B SGP Salud Régimen Subsidiado | B430: 808 | C430: SGP - Salud
A431: 809 R/B Salud Pública. SGP | B431: 809 | C431: SGP - Salud
A432: 810 R/B SGP Propósito Gral Arte y Cultura | B432: 810 | C432: SGP - Propósito General Cultura
A433: 811 R/B SGP Propósito Gral Deporte y Recreación | B433: 811 | C433: SGP - Propósito General Deporte
A434: 812 R/B SGP Propósito Gral Agua Potable y Saneamiento Básico | B434: 812 | C434: SGP - Agua Potable y Saneamiento Básico
A435: 813 R/B Convenio 014 CVC | B435: 813 | C435: Propios
A436: 814 R/B SGP Propósito Gral Otros Sectores | B436: 814 | C436: SGP - Propósito General Libre Destinación
A437: 815 Donacion - Departamento | B437: 815 | C437: Propios
A438: 816 R/B Rendimientos | B438: 816 | C438: Propios
A439: 817 R/B ICN | B439: 817 | C439: Propios
A440: 818 R/B COLJUEGOS | B440: 818 | C440: Propios
... A453: 831 R/B ESTAMPILLA PRO ELECTRI RURAL | B453: 831 | C453: Propios
A454: 832 Reintegros SGP | B454: 832 | C454: 0
A455: 833 Recurso del Balance Rendimientos Terceros Procultura | B455: 833 | C455: Propios
A456: 834 R/B Tasa de Alumbrado Publico | B456: 834 | C456: Propios
A457: 835 Reintegros Compartibilidad Pensional | B457: 835 | C457: Propios
A458: 836 R/BCE CONVENIO INTERASEO | B458: 836 | C458: Propios
A459: 837 R/B Reintegros Compartibilidad Pensional | B459: 837 | C459: Propios
A460: 838 R/B Fortalecimiento Sec Tcas de Planeacion | B460: 838 | C460: Propios
A461: 839 R/B Sistema de Monitoreo SMSC | B461: 839 | C461: Propios
A462: 840 R/B Rend. Asignaciones Directas | B462: 840 | C462: Propios
A463: 841 R/B Rendimientos Convenio BID | B463: 841 | C463: Propios
A464: 842 R/B aporte parafiscal Artes Escénicas | B464: 842 | C464: Propios
A465: 843 Rendimiento aporte parafiscal Artes Escénicas | B465: 843 | C465: Propios
A466: 844 R/B Rendimiento aporte parafiscal Artes Escénicas | B466: 844 | C466: Propios
... A567: 998 Rend. Recuperación Sector Cuenca | B567: 998 | C567: Propios

Sheet OTROS
A1: 2.3.1.01.01.001.01 | C1: AGRICULTURA SOSTENIBLE | H1: 2024 | M1: 1. Actividades de ciencia, tecnología e innovación
A2: 2.3.1.01.01.001.01.01 | C2: ATENCION INTEGRAL A POBLACIONES VULNERABLES | H2: 2025 | M2: 2. Cambio climático
A3: 2.3.1.01.01.001.01.02 | C3: BUEN GOBIERNO PARA EL RESPETO Y GARANTIA DE LOS DERECHOS HUMANOS | H3: 2026 | M3: 3. Construcción de Paz
A4: 2.3.1.01.01.001.01.03 | C4: CALIDAD, COBERTURA Y ACCESO A SERVICIOS PUBLICOS | H4: 2027 | M4: 4. Control a la deforestación y gestión de los bosques
A5: 2.3.1.01.01.001.02 | C5: CULTURIZATE, AGENDA CULTURAL PERMANENTE | H5: 2028 | M5: 5. Consolidación del Sistema Nacional de Áreas Protegidas - SINAP
A6: 2.3.1.01.01.001.02.01 | C6: DESARROLLO AGROPECUARIO | M6: 6. Discapacidad e inclusión social
A7: 2.3.1.01.01.001.02.02 | C7: EDUCACION AMBIENTAL Y PARA LA PREVENCION DEL RIESGO | M7: 7. Equidad de la mujer
A8: 2.3.1.01.01.001.02.03 | C8: EDUCACION CULTURAL | M8: 8. Gestión de riesgo de desastres
A9: 2.3.1.01.01.001.03 | C9: EMPLEO DIGNO Y DE CALIDAD PARA TODOS | M9: 9. Grupos étnicos - Comunidades afrocolombianas
A10: 2.3.1.01.01.001.04 | C10: ESPACIO PUBLICO EJEMPLAR | M10: 10. Grupos étnicos - Comunidades indígenas
A11: 2.3.1.01.01.001.04.01 | C11: ESPACIOS APROPIADOS PARA LA GESTION PUBLICA | M11: 11. Grupos étnicos - Comunidades negras
A12: 2.3.1.01.01.001.04.02 | C12: ESPACIOS APROPIADOS PARA LA INCLUSION SOCIAL DE LA POBLACION VULNERABLE | M12: 12. Grupos étnicos - Comunidades palenqueras
A13: 2.3.1.01.01.001.04.03 | C13: FORMACION COMPETITIVA | M13: 13. Grupos étnicos - Comunidades raizales
A14: 2.3.1.01.01.001.05 | C14: GESTION DEL CAMBIO CLIMATICO Y DE RIESGOS Y CONSERVACION DE LA DIVERSIDAD | M14: 14. Grupos étnicos - Pueblo Rrom
A15: 2.3.1.01.01.001.05.01 | C15: GOBERNANZA Y GOBERNABILIDAD PARA LA GESTION Y DIRECCION EFICIENTE DE LA ADMINISTRACION PUBLICA | M15: 15. Participación ciudadana
A16: 2.3.1.01.01.001.05.02 | C16: INFRAESTRUCTURA CULTURAL | M16: 16. Primera infancia, infancia y adolescencia
A17: 2.3.1.01.01.001.05.03 | C17: INFRAESTRUCTURA DEPORTIVA | M17: 17. Red Unidos
... A22: 2.3.1.01.01.001.07 | C22: ORDENAMIENTO TERRITORIAL EJEMPLAR | M22: No aplica
A23: 2.3.1.01.01.001.08.01 | C23: PALMIRA COMPETITIVA Y ATRACTIVA PARA LA INVERSION
A24: 2.3.1.01.01.001.08.01.01 | C24: PALMIRA CON CALIDAD ACADEMICA INTEGRAL
A25: 2.3.1.01.01.001.08.01.02 | C25: PALMIRA CONECTADA
A26: 2.3.1.01.01.001.08.01.03 | C26: PALMIRA INTERCONECTADA
A27: 2.3.1.01.01.001.08.02 | C27: PALMIRA ME CUIDA CON ASEGURAMIENTO Y PRESTACION INTEGRAL DE SERVICIOS DE SALUD
A28: 2.3.1.01.01.001.08.02.01 | C28: PALMIRA ME CUIDA CON INSPECCION, VIGILANCIA Y CONTROL
A29: 2.3.1.01.01.001.08.02.02 | C29: PALMIRA ME CUIDA CON SALUD PUBLICA
A30: 2.3.1.01.01.001.08.02.03 | C30: PALMIRA UNIDA MAS SEGURA
A31: 2.3.1.01.01.001.09 | C31: PARTICIPACION Y ATENCION AL CIUDADANO
A32: 2.3.1.01.01.001.10 | C32: PROTECCION ACTIVA Y DEFENSA ANIMAL
A33: 2.3.1.01.01.002.06 | C33: VIVIENDA DIGNA
A34: 2.3.1.01.01.002.06.01
A35: 2.3.1.01.01.002.06.02
A36: 2.3.1.01.01.002.12.01
A37: 2.3.1.01.01.002.12.02
A38: 2.3.1.01.01.002.31
A39: 2.3.1.01.01.002.31.01
A40: 2.3.1.01.01.002.31.02
A41: 2.3.1.01.01.002.32
A42: 2.3.1.01.01.002.32.01
A43: 2.3.1.01.01.002.32.02
A44: 2.3.1.01.02.001
A45: 2.3.1.01.02.001.01
... A396: 2.3.7.01.01

Sheet INDICADORES DE PRODUCTO
A1: CENTRO DE COSTOS | B1: INDICADOR DE PRODUCTO | C1: PRODUCTO PND | D1: Unidad de Medida | E1: Meta Producto Cuatrenio | F1: PRODUCTO PND3 | K1: CÓDIGO INDICADOR DE PRODUCTO (PDM) | L1: INDICADOR DE PRODUCTO (PDM) | M1: UNIDAD MEDIDA | N1: META CUATRIENIO PRODUCTO | O1: CÓDIGO PRODUCTO (MGA) | P1: PRODUCTO (MGA) | Q1: RESPONSABLE
A2: 1173 SECRETARÍA DE SALUD | B2: MP.1.1.1.001 Centros y puestos de salud de primer nivel de atención adecuados | C2: Hospitales de primer nivel de atención adecuados (1906001) | D2: Número | E2: 6 | F2: 1906001 | H2: =VLOOKUP(Q2,'CENTRO DE COSTOS'!B:C,3,0) -> #N/A | I2: =CONCATENATE(K2," ",L2) -> MP.1.1.1.001 Centros y puestos de salud de primer nivel de atención adecuados | J2: =CONCATENATE(P2," (",O2,")") -> Hospitales de primer nivel de atención adecuados (1906001) | K2: MP.1.1.1.001 | L2: Centros y puestos de salud de primer nivel de atención adecuados | M2: Número | N2: 6 | O2: 1906001 | P2: Hospitales de primer nivel de atención adecuados | Q2: Secretaría de Salud
A3: 1173 SECRETARÍA DE SALUD | B3: MP.1.1.1.002 Centros y puestos de salud de primer nivel de atención construidos y dotados | C3: Hospitales de primer nivel de atención construidos y dotados (1906030) | D3: Número | E3: 1 | F3: 1906030 | H3: =VLOOKUP(Q3,'CENTRO DE COSTOS'!B:C,3,0) -> #N/A | I3: =CONCATENATE(K3," ",L3) -> MP.1.1.1.002 Centros y puestos de salud de primer nivel de atención construidos y dotados | J3: =CONCATENATE(P3," (",O3,")") -> Hospitales de primer nivel de atención construidos y dotados (1906030) | K3: MP.1.1.1.002 | L3: Centros y puestos de salud de primer nivel de atención construidos y dotados | M3: Número | N3: 1 | O3: 1906030 | P3: Hospitales de primer nivel de atención construidos y dotados | Q3: Secretaría de Salud
A4: 1173 SECRETARÍA DE SALUD | B4: MP.1.1.1.003 Personas afiliadas al régimen subsidiado | C4: Servicio de afiliaciones al régimen subsidiado del Sistema General de Seguridad Social (1906044) | D4: Número | E4: 144389 | F4: 1906044 | H4: =VLOOKUP(Q4,'CENTRO DE COSTOS'!B:C,3,0) -> #N/A | I4: =CONCATENATE(K4," ",L4) -> MP.1.1.1.003 Personas afiliadas al régimen subsidiado | J4: =CONCATENATE(P4," (",O4,")") -> Servicio de afiliaciones al régimen subsidiado del Sistema General de Seguridad Social (1906044) | K4: MP.1.1.1.003 | L4: Personas afiliadas al régimen subsidiado | M4: Número | N4: 144389 | O4: 1906044 | P4: Servicio de afiliaciones al régimen subsidiado del Sistema General de Seguridad Social | Q4: Secretaría de Salud
A5: 1173 SECRETARÍA DE SALUD | B5: MP.1.1.2.004 Auditorías y visitas inspectivas realizadas | C5: Servicio de auditoría y visitas inspectivas (1903016) | D5: Número | E5: 132 | F5: 1903016 | H5: =VLOOKUP(Q5,'CENTRO DE COSTOS'!B:C,3,0) -> #N/A | I5: =CONCATENATE(K5," ",L5) -> MP.1.1.2.004 Auditorías y visitas inspectivas realizadas | J5: =CONCATENATE(P5," (",O5,")") -> Servicio de auditoría y visitas inspectivas (1903016) | K5: MP.1.1.2.004 | L5: Auditorías y visitas inspectivas realizadas | M5: Número | N5: 132 | O5: 1903016 | P5: Servicio de auditoría y visitas inspectivas | Q5: Secretaría de Salud
A6: 1173 SECRETARÍA DE SALUD | B6: MP.1.1.2.005 Documentos de planeación en salud con seguimiento realizados | C6: Documentos de planeación (1903051) | D6: Número | E6: 4 | F6: 1903051 | H6: =VLOOKUP(Q6,'CENTRO DE COSTOS'!B:C,3,0) -> #N/A | I6: =CONCATENATE(K6," ",L6) -> MP.1.1.2.005 Documentos de planeación en salud con seguimiento realizados | J6: =CONCATENATE(P6," (",O6,")") -> Documentos de planeación (1903051) | K6: MP.1.1.2.005 | L6: Documentos de planeación en salud con seguimiento realizados | M6: Número | N6: 4 | O6: 1903051 | P6: Documentos de planeación | Q6: Secretaría de Salud
A7: 1173 SECRETARÍA DE SALUD | B7: MP.1.1.2.006 Estrategias para el fortalecimiento del control social en salud implementadas | C7: Servicio de implementación de estrategias para el fortalecimiento del control social en salud (1903025) | D7: Número | E7: 16 | F7: 1903025 | H7: =VLOOKUP(Q7,'CENTRO DE COSTOS'!B:C,3,0) -> #N/A | I7: =CONCATENATE(K7," ",L7) -> MP.1.1.2.006 Estrategias para el fortalecimiento del control social en salud implementadas | J7: =CONCATENATE(P7," (",O7,")") -> Servicio de implementación de estrategias para el fortalecimiento del control social en salud (1903025) | K7: MP.1.1.2.006 | L7: Estrategias para el fortalecimiento del control social en salud implementadas | M7: Número | N7: 16 | O7: 1903025 | P7: Servicio de implementación de estrategias para el fortalecimiento del control social en salud | Q7: Secretaría de Salud
A8: 1151 SECRETARIA DE EDUCACION | B8: MP.1.4.17.007 Sedes educativas mejoradas | C8: Infraestructura educativa mejorada (2201052) | D8: Número | E8: 27 | F8: 2201052 | H8: =VLOOKUP(Q8,'CENTRO DE COSTOS'!B:C,3,0) -> #N/A | I8: =CONCATENATE(K8," ",L8) -> MP.1.4.17.007 Sedes educativas mejoradas | J8: =CONCATENATE(P8," (",O8,")") -> Infraestructura educativa mejorada (2201052) | K8: MP.1.4.17.007 | L8: Sedes educativas mejoradas | M8: Número | N8: 27 | O8: 2201052 | P8: Infraestructura educativa mejorada | Q8: Secretaría de Educación
A9: 1173 SECRETARÍA DE SALUD | B9: MP.1.1.3.008 Estrategias de promoción de la salud implementadas | C9: Servicio de promoción de la salud (1905054) | D9: Número | E9: 10 | F9: 1905054 | H9: =VLOOKUP(Q9,'CENTRO DE COSTOS'!B:C,3,0) -> #N/A | I9: =CONCATENATE(K9," ",L9) -> MP.1.1.3.008 Estrategias de promoción de la salud implementadas | J9: =CONCATENATE(P9," (",O9,")") -> Servicio de promoción de la salud (1905054) | K9: MP.1.1.3.008 | L9: Estrategias de promoción de la salud implementadas | M9: Número | N9: 10 | O9: 1905054 | P9: Servicio de promoción de la salud | Q9: Secretaría de Salud
A10: 1168 DIRECCIÓN DE GESTIÓN DEL MEDIO AMBIENTE | B10: MP.1.1.4.009 Infraestructura para el bienestar animal construida y dotada | C10: Infraestructura para el bienestar animal construida y dotada (4501058) | D10: Número | E10: 1 | F10: 4501058 | H10: =VLOOKUP(Q10,'CENTRO DE COSTOS'!B:C,3,0) -> #N/A | I10: =CONCATENATE(K10," ",L10) -> MP.1.1.4.009 Infraestructura para el bienestar animal construida y dotada | J10: =CONCATENATE(P10," (",O10,")") -> Infraestructura para el bienestar animal construida y dotada (4501058) | K10: MP.1.1.4.009 | L10: Infraestructura para el bienestar animal construida y dotada | M10: Número | N10: 1 | O10: 4501058 | P10: Infraestructura para el bienestar animal construida y dotada | Q10: Dirección de Gestión del Medio Ambiente
A11: 1153 SECRETARIA DE INTEGRACIÓN SOCIAL | B11: MP.1.2.5.010 Adultos mayores atendidos con servicios integrales | C11: Servicio de atención y protección integral al adulto mayor (4104008) | D11: Número | E11: 1800 | F11: 4104008 | H11: =VLOOKUP(Q11,'CENTRO DE COSTOS'!B:C,3,0) -> #N/A | I11: =CONCATENATE(K11," ",L11) -> MP.1.2.5.010 Adultos mayores atendidos con servicios integrales | J11: =CONCATENATE(P11," (",O11,")") -> Servicio de atención y protección integral al adulto mayor (4104008) | K11: MP.1.2.5.010 | L11: Adultos mayores atendidos con servicios integrales | M11: Número | N11: 1800 | O11: 4104008 | P11: Servicio de atención y protección integral al adulto mayor | Q11: Secretaría de Integración Social
A12: 1153 SECRETARIA DE INTEGRACIÓN SOCIAL | B12: MP.1.2.5.011 Beneficiarios de la oferta social atendidos | C12: Servicio de gestión de oferta social para la población vulnerable (4103052) | D12: Número | E12: 24000 | F12: 4103052 | H12: =VLOOKUP(Q12,'CENTRO DE COSTOS'!B:C,3,0) -> #N/A | I12: =CONCATENATE(K12," ",L12) -> MP.1.2.5.011 Beneficiarios de la oferta social atendidos | J12: =CONCATENATE(P12," (",O12,")") -> Servicio de gestión de oferta social para la población vulnerable (4103052) | K12: MP.1.2.5.011 | L12: Beneficiarios de la oferta social atendidos | M12: Número | N12: 24000 | O12: 4103052 | P12: Servicio de gestión de oferta social para la población vulnerable | Q12: Secretaría de Integración Social
A13: 1153 SECRETARIA DE INTEGRACIÓN SOCIAL | B13: MP.1.4.12.012 Centros comunitarios adecuados | C13: Centros comunitarios adecuados (4103027) | D13: Número | E13: 5 | F13: 4103027 | H13: =VLOOKUP(Q13,'CENTRO DE COSTOS'!B:C,3,0) -> #N/A | I13: =CONCATENATE(K13," ",L13) -> MP.1.4.12.012 Centros comunitarios adecuados | J13: =CONCATENATE(P13," (",O13,")") -> Centros comunitarios adecuados (4103027) | K13: MP.1.4.12.012 | L13: Centros comunitarios adecuados | M13: Número | N13: 5 | O13: 4103027 | P13: Centros comunitarios adecuados | Q13: Secretaría de Integración Social
A14: 1153 SECRETARIA DE INTEGRACIÓN SOCIAL | B14: MP.1.2.5.013 Estrategias de la garantía de derechos de poblaciones vulnerables implementadas | C14: Servicio de promoción de la garantía de derechos (4502038) | D14: Número | E14: 4 | F14: 4502038 | H14: =VLOOKUP(Q14,'CENTRO DE COSTOS'!B:C,3,0) -> #N/A | I14: =CONCATENATE(K14," ",L14) -> MP.1.2.5.013 Estrategias de la garantía de derechos de poblaciones vulnerables implementadas | J14: =CONCATENATE(P14," (",O14,")") -> Servicio de promoción de la garantía de derechos (4502038) | K14: MP.1.2.5.013 | L14: Estrategias de la garantía de derechos de poblaciones vulnerables implementadas | M14: Número | N14: 4 | O14: 4502038 | P14: Servicio de promoción de la garantía de derechos | Q14: Secretaría de Integración Social
A15: 1153 SECRETARIA DE INTEGRACIÓN SOCIAL | B15: MP.1.2.5.014 Eventos realizados para la promoción de derechos de población vulnerable | C15: Servicios de promoción de los derechos de los niños, niñas, adolescentes y jóvenes (4102046) | D15: Número | E15: 40 | F15: 4102046 | H15: =VLOOKUP(Q15,'CENTRO DE COSTOS'!B:C,3,0) -> #N/A | I15: =CONCATENATE(K15," ",L15) -> MP.1.2.5.014 Eventos realizados para la promoción de derechos de población vulnerable | J15: =CONCATENATE(P15," (",O15,")") -> Servicios de promoción de los derechos de los niños, niñas, adolescentes y jóvenes (4102046) | K15: MP.1.2.5.014 | L15: Eventos realizados para la promoción de derechos de población vulnerable | M15: Número | N15: 40 | O15: 4102046 | P15: Servicios de promoción de los derechos de los niños, niñas, adolescentes y jóvenes | Q15: Secretaría de Integración Social
A16: 1153 SECRETARIA DE INTEGRACIÓN SOCIAL | B16: MP.1.2.5.015 Personas beneficiadas con raciones de alimentos | C16: Servicio de entrega de raciones de alimentos (4103017) | D16: Número | E16: 4643 | F16: 4103017 | H16: =VLOOKUP(Q16,'CENTRO DE COSTOS'!B:C,3,0) -> #N/A | I16: =CONCATENATE(K16," ",L16) -> MP.1.2.5.015 Personas beneficiadas con raciones de alimentos | J16: =CONCATENATE(P16," (",O16,")") -> Servicio de entrega de raciones de alimentos (4103017) | K16: MP.1.2.5.015 | L16: Personas beneficiadas con raciones de alimentos | M16: Número | N16: 4643 | O16: 4103017 | P16: Servicio de entrega de raciones de alimentos | Q16: Secretaría de Integración Social
A17: 1153 SECRETARIA DE INTEGRACIÓN SOCIAL | B17: MP.1.2.6.016 Sistema de información para la caracterización de las poblaciones vulnerables implementado | C17: Servicio de información implementado (4103069) | D17: Número | E17: 1 | F17: 4103069 | H17: =VLOOKUP(Q17,'CENTRO DE COSTOS'!B:C,3,0) -> #N/A | I17: =CONCATENATE(K17," ",L17) -> MP.1.2.6.016 Sistema de información para la caracterización de las poblaciones vulnerables implementado | J17: =CONCATENATE(P17," (",O17,")") -> Servicio de información implementado (4103069) | K17: MP.1.2.6.016 | L17: Sistema de información para la caracterización de las poblaciones vulnerables implementado | M17: Número | N17: 1 | O17: 4103069 | P17: Servicio de información implementado | Q17: Secretaría de Integración Social
A18: 1175 SECRETARÍA DE GOBIERNO | B18: MP.1.2.5.017 Hogares víctimas del conflicto armado con atención humanitaria | C18: Servicio de asistencia humanitaria a víctimas del conflicto armado (4101100) | D18: Número | E18: 800 | F18: 4101100 | H18: =VLOOKUP(Q18,'CENTRO DE COSTOS'!B:C,3,0) -> #N/A | I18: =CONCATENATE(K18," ",L18) -> MP.1.2.5.017 Hogares víctimas del conflicto armado con atención humanitaria | J18: =CONCATENATE(P18," (",O18,")") -> Servicio de asistencia humanitaria a víctimas del conflicto armado (4101100) | K18: MP.1.2.5.017 | L18: Hogares víctimas del conflicto armado con atención humanitaria | M18: Número | N18: 800 | O18: 4101100 | P18: Servicio de asistencia humanitaria a víctimas del conflicto armado | Q18: Secretaría de Gobierno
A19: 1175 SECRETARÍA DE GOBIERNO | B19: MP.1.2.5.018 Acciones de reconocimiento, protección y reparación integral de las víctimas del conflicto armado realizadas | C19: Servicio de apoyo para la implementación de medidas en derechos humanos y derecho internacional humanitario (4502024) | D19: Número | E19: 6 | F19: 4502024 | H19: =VLOOKUP(Q19,'CENTRO DE COSTOS'!B:C,3,0) -> #N/A | I19: =CONCATENATE(K19," ",L19) -> MP.1.2.5.018 Acciones de reconocimiento, protección y reparación integral de las víctimas del conflicto armado realizadas | J19: =CONCATENATE(P19," (",O19,")") -> Servicio de apoyo para la implementación de medidas en derechos humanos y derecho internacional humanitario (4502024) | K19: MP.1.2.5.018 | L19: Acciones de reconocimiento, protección y reparación integral de las víctimas del conflicto armado realizadas | M19: Número | N19: 6 | O19: 4502024 | P19: Servicio de apoyo para la implementación de medidas en derechos humanos y derecho internacional humanitario | Q19: Secretaría de Gobierno
A20: 1175 SECRETARÍA DE GOBIERNO | B20: MP.1.2.5.019 Estrategias de promoción de la garantía de derechos implementadas | C20: Servicio de promoción de la garantía de derechos (4502038) | D20: Número | E20: 4 | F20: 4502038 | H20: =VLOOKUP(Q20,'CENTRO DE COSTOS'!B:C,3,0) -> #N/A | I20: =CONCATENATE(K20," ",L20) -> MP.1.2.5.019 Estrategias de promoción de la garantía de derechos implementadas | J20: =CONCATENATE(P20," (",O20,")") -> Servicio de promoción de la garantía de derechos (4502038) | K20: MP.1.2.5.019 | L20: Estrategias de promoción de la garantía de derechos implementadas | M20: Número | N20: 4 | O20: 4502038 | P20: Servicio de promoción de la garantía de derechos | Q20: Secretaría de Gobierno
A21: 1149 SECRETARIA DE PLANEACION | B21: MP.4.9.29.167 Plan de Ordenamiento Territorial formulado y adoptado | C21: Documentos de planeación (4002016) | D21: Número | E21: 1 | F21: 4002016 | H21: =VLOOKUP(Q21,'CENTRO DE COSTOS'!B:C,3,0) -> #N/A | I21: =CONCATENATE(K21," ",L21) -> MP.4.9.29.167 Plan de Ordenamiento Territorial formulado y adoptado | J21: =CONCATENATE(P21," (",O21,")") -> Documentos de planeación (4002016) | K21: MP.4.9.29.167 | L21: Plan de Ordenamiento Territorial formulado y adoptado | M21: Número | N21: 1 | O21: 4002016 | P21: Documentos de planeación | Q21: Secretaría de Planeación
A22: 1147 SECRETARIA DE DESARROLLO INSTITUCIONAL | B22: MP.5.10.31.021 Pago de pasivos laborales de la administración pública territorial realizados | C22: Servicio de saneamiento laboral y prestacional (4599035) | D22: Número | E22: 150 | F22: 4599035 | H22: =VLOOKUP(Q22,'CENTRO DE COSTOS'!B:C,3,0) -> #N/A | I22: =CONCATENATE(K22," ",L22) -> MP.5.10.31.021 Pago de pasivos laborales de la administración pública territorial realizados | J22: =CONCATENATE(P22," (",O22,")") -> Servicio de saneamiento laboral y prestacional (4599035) | K22: MP.5.10.31.021 | L22: Pago de pasivos laborales de la administración pública territorial realizados | M22: Número | N22: 150 | O22: 4599035 | P22: Servicio de saneamiento laboral y prestacional | Q22: Secretaría de Desarrollo Institucional
A23: 1153 SECRETARIA DE INTEGRACIÓN SOCIAL | B23: MP.1.2.6.022 Instancias formales de participación de poblaciones vulnerables fortalecidas | C23: Servicio de promoción a la participación ciudadana (4502001) | D23: Número | E23: 13 | F23: 4502001 | H23: =VLOOKUP(Q23,'CENTRO DE COSTOS'!B:C,3,0) -> #N/A | I23: =CONCATENATE(K23," ",L23) -> MP.1.2.6.022 Instancias formales de participación de poblaciones vulnerables fortalecidas | J23: =CONCATENATE(P23," (",O23,")") -> Servicio de promoción a la participación ciudadana (4502001) | K23: MP.1.2.6.022 | L23: Instancias formales de participación de poblaciones vulnerables fortalecidas | M23: Número | N23: 13 | O23: 4502001 | P23: Servicio de promoción a la participación ciudadana | Q23: Secretaría de Integración Social
A24: 1153 SECRETARIA DE INTEGRACIÓN SOCIAL | B24: MP.1.2.5.023 Niños, niñas, adolescentes y jóvenes beneficiados con oferta social integral | C24: Servicio de protección integral a niños, niñas, adolescentes y jóvenes (4102052) | D24: Número | E24: 12000 | F24: 4102052 | H24: =VLOOKUP(Q24,'CENTRO DE COSTOS'!B:C,3,0) -> #N/A | I24: =CONCATENATE(K24," ",L24) -> MP.1.2.5.023 Niños, niñas, adolescentes y jóvenes beneficiados con oferta social integral | J24: =CONCATENATE(P24," (",O24,")") -> Servicio de protección integral a niños, niñas, adolescentes y jóvenes (4102052) | K24: MP.1.2.5.023 | L24: Niños, niñas, adolescentes y jóvenes beneficiados con oferta social integral | M24: Número | N24: 12000 | O24: 4102052 | P24: Servicio de protección integral a niños, niñas, adolescentes y jóvenes | Q24: Secretaría de Integración Social
A25: 1175 SECRETARÍA DE GOBIERNO | B25: MP.1.2.6.024 Estrategias de acceso a la justicia implementadas | C25: Servicio de promoción del acceso a la justicia (1202019) | D25: Número | E25: 3 | F25: 1202019 | H25: =VLOOKUP(Q25,'CENTRO DE COSTOS'!B:C,3,0) -> #N/A | I25: =CONCATENATE(K25," ",L25) -> MP.1.2.6.024 Estrategias de acceso a la justicia implementadas | J25: =CONCATENATE(P25," (",O25,")") -> Servicio de promoción del acceso a la justicia (1202019) | K25: MP.1.2.6.024 | L25: Estrategias de acceso a la justicia implementadas | M25: Número | N25: 3 | O25: 1202019 | P25: Servicio de promoción del acceso a la justicia | Q25: Secretaría de Gobierno
A26: 1169 SECRETARÍA DE INFRAESTRUCTURA, RENOVACIÓN URBANA Y VIVIENDA | B26: MP.1.3.7.027 Redes de alumbrado público construidas | C26: Redes de alumbrado público construidas (2102012) | D26: Metros | E26: 9000 | F26: 2102012 | H26: =VLOOKUP(Q26,'CENTRO DE COSTOS'!B:C,3,0) -> #N/A | I26: =CONCATENATE(K26," ",L26) -> MP.1.3.7.027 Redes de alumbrado público construidas | J26: =CONCATENATE(P26," (",O26,")") -> Redes de alumbrado público construidas (2102012) | K26: MP.1.3.7.027 | L26: Redes de alumbrado público construidas | M26: Metros | N26: 9000 | O26: 2102012 | P26: Redes de alumbrado público construidas | Q26: Secretaría de Infraestructura
A27: 1169 SECRETARÍA DE INFRAESTRUCTURA, RENOVACIÓN URBANA Y VIVIENDA | B27: MP.1.3.7.028 Unidades de generación de energía no convencionales instaladas | C27: Unidades de generación fotovoltaica de energía eléctrica instaladas (2102058) | D27: Número | E27: 50 | F27: 2102058 | H27: =VLOOKUP(Q27,'CENTRO DE COSTOS'!B:C,3,0) -> #N/A | I27: =CONCATENATE(K27," ",L27) -> MP.1.3.7.028 Unidades de generación de energía no convencionales instaladas | J27: =CONCATENATE(P27," (",O27,")") -> Unidades de generación fotovoltaica de energía eléctrica instaladas (2102058) | K27: MP.1.3.7.028 | L27: Unidades de generación de energía no convencionales instaladas | M27: Número | N27: 50 | O27: 2102058 | P27: Unidades de generación fotovoltaica de energía eléctrica instaladas | Q27: Secretaría de Infraestructura
A28: 1169 SECRETARÍA DE INFRAESTRUCTURA, RENOVACIÓN URBANA Y VIVIENDA | B28: MP.1.3.7.029 Usuarios beneficiados con servicio de alumbrado público | C28: Servicios de apoyo a la implementacion de medidas de eficiencia energética (2102063) | D28: Número | E28: 358608 | F28: 2102063 | H28: =VLOOKUP(Q28,'CENTRO DE COSTOS'!B:C,3,0) -> #N/A | I28: =CONCATENATE(K28," ",L28) -> MP.1.3.7.029 Usuarios beneficiados con servicio de alumbrado público | J28: =CONCATENATE(P28," (",O28,")") -> Servicios de apoyo a la implementacion de medidas de eficiencia energética (2102063) | K28: MP.1.3.7.029 | L28: Usuarios beneficiados con servicio de alumbrado público | M28: Número | N28: 358608 | O28: 2102063 | P28: Servicios de apoyo a la implementacion de medidas de eficiencia energética | Q28: Secretaría de Infraestructura
A29: 1169 SECRETARÍA DE INFRAESTRUCTURA, RENOVACIÓN URBANA Y VIVIENDA | B29: MP.4.8.27.125 Vía secundaria mejorada | C29: Vía secundaria mejorada (2402006) | D29: Kilómetros | E29: 1 | F29: 2402006 | H29: =VLOOKUP(Q29,'CENTRO DE COSTOS'!B:C,3,0) -> #N/A | I29: =CONCATENATE(K29," ",L29) -> MP.4.8.27.125 Vía secundaria mejorada | J29: =CONCATENATE(P29," (",O29,")") -> Vía secundaria mejorada (2402006) | K29: MP.4.8.27.125 | L29: Vía secundaria mejorada | M29: Kilómetros | N29: 1 | O29: 2402006 | P29: Vía secundaria mejorada | Q29: Secretaría de Infraestructura
A30: 1169 SECRETARÍA DE INFRAESTRUCTURA, RENOVACIÓN URBANA Y VIVIENDA | B30: MP.4.8.27.124 Vía secundaria con mantenimiento | C30: Vía secundaria con mantenimiento periódico o rutinario (2402021) | D30: Kilómetros | E30: 2 | F30: 2402021 | H30: =VLOOKUP(Q30,'CENTRO DE COSTOS'!B:C,3,0) -> #N/A | I30: =CONCATENATE(K30," ",L30) -> MP.4.8.27.124 Vía secundaria con mantenimiento | J30: =CONCATENATE(P30," (",O30,")") -> Vía secundaria con mantenimiento periódico o rutinario (2402021) | K30: MP.4.8.27.124 | L30: Vía secundaria con mantenimiento | M30: Kilómetros | N30: 2 | O30: 2402021 | P30: Vía secundaria con mantenimiento periódico o rutinario | Q30: Secretaría de Infraestructura
A31: 1169 SECRETARÍA DE INFRAESTRUCTURA, RENOVACIÓN URBANA Y VIVIENDA | B31: MP.4.8.27.127 Vía terciaria mejorada | C31: Vía terciaria mejorada (2402041) | D31: Kilómetros | E31: 3.5 | F31: 2402041 | H31: =VLOOKUP(Q31,'CENTRO DE COSTOS'!B:C,3,0) -> #N/A | I31: =CONCATENATE(K31," ",L31) -> MP.4.8.27.127 Vía terciaria mejorada | J31: =CONCATENATE(P31," (",O31,")") -> Vía terciaria mejorada (2402041) | K31: MP.4.8.27.127 | L31: Vía terciaria mejorada | M31: Kilómetros | N31: 3.5 | O31: 2402041 | P31: Vía terciaria mejorada | Q31: Secretaría de Infraestructura
A32: 1149 SECRETARIA DE PLANEACION | B32: MP.4.9.29.133 Plan de ordenamiento territorial implementado y con seguimiento | C32: Documentos de planeación (4002016) | D32: Número | E32: 1 | F32: 4002016 | H32: =VLOOKUP(Q32,'CENTRO DE COSTOS'!B:C,3,0) -> #N/A | I32: =CONCATENATE(K32," ",L32) -> MP.4.9.29.133 Plan de ordenamiento territorial implementado y con seguimiento | J32: =CONCATENATE(P32," (",O32,")") -> Documentos de planeación (4002016) | K32: MP.4.9.29.133 | L32: Plan de ordenamiento territorial implementado y con seguimiento | M32: Número | N32: 1 | O32: 4002016 | P32: Documentos de planeación | Q32: Secretaría de Planeación
A33: 1167 DIRECCIÓN DE TI Y C (TECNOLOGÍA INNOVACIÓN Y CIENCIA | B33: MP.1.3.8.032 Centros de eventos, innovación y exposición dotados | C33: Infraestructura para la I+D+i dotada (3906020) | D33: Número | E33: 1 | F33: 3906020 | H33: =VLOOKUP(Q33,'CENTRO DE COSTOS'!B:C,3,0) -> #N/A | I33: =CONCATENATE(K33," ",L33) -> MP.1.3.8.032 Centros de eventos, innovación y exposición dotados | J33: =CONCATENATE(P33," (",O33,")") -> Infraestructura para la I+D+i dotada (3906020) | K33: MP.1.3.8.032 | L33: Centros de eventos, innovación y exposición dotados | M33: Número | N33: 1 | O33: 3906020 | P33: Infraestructura para la I+D+i dotada | Q33: Dirección de Tecnología, Innovación y Ciencia
A34: 1167 DIRECCIÓN DE TI Y C (TECNOLOGÍA INNOVACIÓN Y CIENCIA | B34: MP.1.3.8.033 Conexiones a internet fijo y/o móvil | C34: Servicio de conexiones a redes de acceso (2301027) | D34: Número | E34: 16 | F34: 2301027 | H34: =VLOOKUP(Q34,'CENTRO DE COSTOS'!B:C,3,0) -> #N/A | I34: =CONCATENATE(K34," ",L34) -> MP.1.3.8.033 Conexiones a internet fijo y/o móvil | J34: =CONCATENATE(P34," (",O34,")") -> Servicio de conexiones a redes de acceso (2301027) | K34: MP.1.3.8.033 | L34: Conexiones a internet fijo y/o móvil | M34: Número | N34: 16 | O34: 2301027 | P34: Servicio de conexiones a redes de acceso | Q34: Dirección de Tecnología, Innovación y Ciencia
A35: 1167 DIRECCIÓN DE TI Y C (TECNOLOGÍA INNOVACIÓN Y CIENCIA | B35: MP.1.3.8.034 Personas de la comunidad capacitadas en uso básico de tecnologías de la información y las comunicaciones | C35: Servicio de educación informal en uso básico de tecnologías de la información y las comunicaciones (2301031) | D35: Número | E35: 4500 | F35: 2301031 | H35: =VLOOKUP(Q35,'CENTRO DE COSTOS'!B:C,3,0) -> #N/A | I35: =CONCATENATE(K35," ",L35) -> MP.1.3.8.034 Personas de la comunidad capacitadas en uso básico de tecnologías de la información y las comunicaciones | J35: =CONCATENATE(P35," (",O35,")") -> Servicio de educación informal en uso básico de tecnologías de la información y las comunicaciones (2301031) | K35: MP.1.3.8.034 | L35: Personas de la comunidad capacitadas en uso básico de tecnologías de la información y las comunicaciones | M35: Número | N35: 4500 | O35: 2301031 | P35: Servicio de educación informal en uso básico de tecnologías de la información y las comunicaciones | Q35: Dirección de Tecnología, Innovación y Ciencia
A36: 1169 SECRETARÍA DE INFRAESTRUCTURA, RENOVACIÓN URBANA Y VIVIENDA | B36: MP.4.8.27.126 Vía terciaria con mantenimiento | C36: Vía terciaria con mantenimiento periódico o rutinario (2402112) | D36: Kilómetros | E36: 300 | F36: 2402112 | H36: =VLOOKUP(Q36,'CENTRO DE COSTOS'!B:C,3,0) -> #N/A | I36: =CONCATENATE(K36," ",L36) -> MP.4.8.27.126 Vía terciaria con mantenimiento | J36: =CONCATENATE(P36," (",O36,")") -> Vía terciaria con mantenimiento periódico o rutinario (2402112) | K36: MP.4.8.27.126 | L36: Vía terciaria con mantenimiento | M36: Kilómetros | N36: 300 | O36: 2402112 | P36: Vía terciaria con mantenimiento periódico o rutinario | Q36: Secretaría de Infraestructura
A37: 1169 SECRETARÍA DE INFRAESTRUCTURA, RENOVACIÓN URBANA Y VIVIENDA | B37: MP.4.8.27.128 Vía urbana mejorada | C37: Vía urbana mejorada (2402114) | D37: Kilómetros | E37: 1 | F37: 2402114 | H37: =VLOOKUP(Q37,'CENTRO DE COSTOS'!B:C,3,0) -> #N/A | I37: =CONCATENATE(K37," ",L37) -> MP.4.8.27.128 Vía urbana mejorada | J37: =CONCATENATE(P37," (",O37,")") -> Vía urbana mejorada (2402114) | K37: MP.4.8.27.128 | L37: Vía urbana mejorada | M37: Kilómetros | N37: 1 | O37: 2402114 | P37: Vía urbana mejorada | Q37: Secretaría de Infraestructura
A38: 1158 SECRETARIA DE CULTURA | B38: MP.1.4.10.037 Estímulos culturales otorgados | C38: Servicio de apoyo financiero al sector artístico y cultural (3301054) | D38: Número | E38: 230 | F38: 3301054 | H38: =VLOOKUP(Q38,'CENTRO DE COSTOS'!B:C,3,0) -> #N/A | I38: =CONCATENATE(K38," ",L38) -> MP.1.4.10.037 Estímulos culturales otorgados | J38: =CONCATENATE(P38," (",O38,")") -> Servicio de apoyo financiero al sector artístico y cultural (3301054) | K38: MP.1.4.10.037 | L38: Estímulos culturales otorgados | M38: Número | N38: 230 | O38: 3301054 | P38: Servicio de apoyo financiero al sector artístico y cultural | Q38: Secretaría de Cultura
A39: 1158 SECRETARIA DE CULTURA | B39: MP.1.4.10.038 Usuarios atendidos en la red de bibliotecas | C39: Servicios bibliotecarios (3301085) | D39: Número | E39: 38000 | F39: 3301085 | H39: =VLOOKUP(Q39,'CENTRO DE COSTOS'!B:C,3,0) -> #N/A | I39: =CONCATENATE(K39," ",L39) -> MP.1.4.10.038 Usuarios atendidos en la red de bibliotecas | J39: =CONCATENATE(P39," (",O39,")") -> Servicios bibliotecarios (3301085) | K39: MP.1.4.10.038 | L39: Usuarios atendidos en la red de bibliotecas | M39: Número | N39: 38000 | O39: 3301085 | P39: Servicios bibliotecarios | Q39: Secretaría de Cultura
A40: 1158 SECRETARIA DE CULTURA | B40: MP.1.4.10.039 Actividades artísticas y culturales realizadas | C40: Servicio de promoción de actividades culturales (3301053) | D40: Número | E40: 1218 | F40: 3301053 | H40: =VLOOKUP(Q40,'CENTRO DE COSTOS'!B:C,3,0) -> #N/A | I40: =CONCATENATE(K40," ",L40) -> MP.1.4.10.039 Actividades artísticas y culturales realizadas | J40: =CONCATENATE(P40," (",O40,")") -> Servicio de promoción de actividades culturales (3301053) | K40: MP.1.4.10.039 | L40: Actividades artísticas y culturales realizadas | M40: Número | N40: 1218 | O40: 3301053 | P40: Servicio de promoción de actividades culturales | Q40: Secretaría de Cultura
A41: 1158 SECRETARIA DE CULTURA | B41: MP.1.4.11.040 Publicaciones en temas patrimoniales realizadas | C41: Serviciode divulgación y publicación del Patrimonio cultural (3302070) | D41: Número | E41: 18 | F41: 3302070 | H41: =VLOOKUP(Q41,'CENTRO DE COSTOS'!B:C,3,0) -> #N/A | I41: =CONCATENATE(K41," ",L41) -> MP.1.4.11.040 Publicaciones en temas patrimoniales realizadas | J41: =CONCATENATE(P41," (",O41,")") -> Serviciode divulgación y publicación del Patrimonio cultural (3302070) | K41: MP.1.4.11.040 | L41: Publicaciones en temas patrimoniales realizadas | M41: Número | N41: 18 | O41: 3302070 | P41: Serviciode divulgación y publicación del Patrimonio cultural | Q41: Secretaría de Cultura
A42: 1158 SECRETARIA DE CULTURA | B42: MP.1.4.11.041 Beneficiarios por procesos de formación para las artes, las culturas y los saberes | C42: Servicio de educación informal al sector artístico y cultural (3301051) | D42: Número | E42: 12000 | F42: 3301051 | H42: =VLOOKUP(Q42,'CENTRO DE COSTOS'!B:C,3,0) -> #N/A | I42: =CONCATENATE(K42," ",L42) -> MP.1.4.11.041 Beneficiarios por procesos de formación para las artes, las culturas y los saberes | J42: =CONCATENATE(P42," (",O42,")") -> Servicio de educación informal al sector artístico y cultural (3301051) | K42: MP.1.4.11.041 | L42: Beneficiarios por procesos de formación para las artes, las culturas y los saberes | M42: Número | N42: 12000 | O42: 3301051 | P42: Servicio de educación informal al sector artístico y cultural | Q42: Secretaría de Cultura
A43: 1158 SECRETARIA DE CULTURA | B43: MP.1.4.11.042 Personas con formación laboral por competencias | C43: Servicio de educación para el trabajo en Escuelas Taller (3302018) | D43: Número | E43: 200 | F43: 3302018 | H43: =VLOOKUP(Q43,'CENTRO DE COSTOS'!B:C,3,0) -> #N/A | I43: =CONCATENATE(K43," ",L43) -> MP.1.4.11.042 Personas con formación laboral por competencias | J43: =CONCATENATE(P43," (",O43,")") -> Servicio de educación para el trabajo en Escuelas Taller (3302018) | K43: MP.1.4.11.042 | L43: Personas con formación laboral por competencias | M43: Número | N43: 200 | O43: 3302018 | P43: Servicio de educación para el trabajo en Escuelas Taller | Q43: Secretaría de Cultura
A44: 1153 SECRETARIA DE INTEGRACIÓN SOCIAL | B44: MP.1.4.12.043 Centros comunitarios construidos | C44: Centros comunitarios construidos (4103025) | D44: Número | E44: 3 | F44: 4103025 | H44: =VLOOKUP(Q44,'CENTRO DE COSTOS'!B:C,3,0) -> #N/A | I44: =CONCATENATE(K44," ",L44) -> MP.1.4.12.043 Centros comunitarios construidos | J44: =CONCATENATE(P44," (",O44,")") -> Centros comunitarios construidos (4103025) | K44: MP.1.4.12.043 | L44: Centros comunitarios construidos | M44: Número | N44: 3 | O44: 4103025 | P44: Centros comunitarios construidos | Q44: Secretaría de Integración Social
A45: 1153 SECRETARIA DE INTEGRACIÓN SOCIAL | B45: MP.1.4.12.044 Centros comunitarios dotados | C45: Centros comunitarios dotados (4103031) | D45: Número | E45: 5 | F45: 4103031 | H45: =VLOOKUP(Q45,'CENTRO DE COSTOS'!B:C,3,0) -> #N/A | I45: =CONCATENATE(K45," ",L45) -> MP.1.4.12.044 Centros comunitarios dotados | J45: =CONCATENATE(P45," (",O45,")") -> Centros comunitarios dotados (4103031) | K45: MP.1.4.12.044 | L45: Centros comunitarios dotados | M45: Número | N45: 5 | O45: 4103031 | P45: Centros comunitarios dotados | Q45: Secretaría de Integración Social
A46: 1153 SECRETARIA DE INTEGRACIÓN SOCIAL | B46: MP.1.2.6.045 Políticas públicas formuladas e implementadas | C46: Documentos de planeación (4103067) | D46: Número | E46: 7 | F46: 4103067 | H46: =VLOOKUP(Q46,'CENTRO DE COSTOS'!B:C,3,0) -> #N/A | I46: =CONCATENATE(K46," ",L46) -> MP.1.2.6.045 Políticas públicas formuladas e implementadas | J46: =CONCATENATE(P46," (",O46,")") -> Documentos de planeación (4103067) | K46: MP.1.2.6.045 | L46: Políticas públicas formuladas e implementadas | M46: Número | N46: 7 | O46: 4103067 | P46: Documentos de planeación | Q46: Secretaría de Integración Social
A47: 1132 DEPORTE Y RECREACION | B47: MP.1.4.13.046 Eventos deportivos de alto rendimiento de nivel Nacional e Internacional realizados en el marco del Sistema Integrado del Deporte Palmirano | C47: Servicio de organización de eventos deportivos de alto rendimiento (4302004) | D47: Número | E47: 8 | F47: 4302004 | H47: =VLOOKUP(Q47,'CENTRO DE COSTOS'!B:C,3,0) -> #N/A | I47: =CONCATENATE(K47," ",L47) -> MP.1.4.13.046 Eventos deportivos de alto rendimiento de nivel Nacional e Internacional realizados en el marco del Sistema Integrado del Deporte Palmirano | J47: =CONCATENATE(P47," (",O47,")") -> Servicio de organización de eventos deportivos de alto rendimiento (4302004) | K47: MP.1.4.13.046 | L47: Eventos deportivos de alto rendimiento de nivel Nacional e Internacional realizados en el marco del Sistema Integrado del Deporte Palmirano | M47: Número | N47: 8 | O47: 4302004 | P47: Servicio de organización de eventos deportivos de alto rendimiento | Q47: IMDER
A48: 1132 DEPORTE Y RECREACION | B48: MP.1.4.13.047 Personas con talento y aptitudes deportivas identificadas y apoyadas | C48: Servicio de identificación de talentos deportivos (4302073) | D48: Número | E48: 2500 | F48: 4302073 | H48: =VLOOKUP(Q48,'CENTRO DE COSTOS'!B:C,3,0) -> #N/A | I48: =CONCATENATE(K48," ",L48) -> MP.1.4.13.047 Personas con talento y aptitudes deportivas identificadas y apoyadas | J48: =CONCATENATE(P48," (",O48,")") -> Servicio de identificación de talentos deportivos (4302073) | K48: MP.1.4.13.047 | L48: Personas con talento y aptitudes deportivas identificadas y apoyadas | M48: Número | N48: 2500 | O48: 4302073 | P48: Servicio de identificación de talentos deportivos | Q48: IMDER
A49: 1132 DEPORTE Y RECREACION | B49: MP.1.4.13.048 Personas con talento y aptitudes deportivas beneficiadas con estímulos | C49: Servicio de apoyo financiero a atletas (4302002) | D49: Número | E49: 1300 | F49: 4302002 | H49: =VLOOKUP(Q49,'CENTRO DE COSTOS'!B:C,3,0) -> #N/A | I49: =CONCATENATE(K49," ",L49) -> MP.1.4.13.048 Personas con talento y aptitudes deportivas beneficiadas con estímulos | J49: =CONCATENATE(P49," (",O49,")") -> Servicio de apoyo financiero a atletas (4302002) | K49: MP.1.4.13.048 | L49: Personas con talento y aptitudes deportivas beneficiadas con estímulos | M49: Número | N49: 1300 | O49: 4302002 | P49: Servicio de apoyo financiero a atletas | Q49: IMDER
A50: 1151 SECRETARIA DE EDUCACION | B50: MP.1.4.17.049 Establecimientos educativos apoyados para la implementación de modelos de innovación educativa | C50: Servicios de apoyo a la implementación de modelos de innovación educativa (2201047) | D50: Número | E50: 12 | F50: 2201047 | H50: =VLOOKUP(Q50,'CENTRO DE COSTOS'!B:C,3,0) -> #N/A | I50: =CONCATENATE(K50," ",L50) -> MP.1.4.17.049 Establecimientos educativos apoyados para la implementación de modelos de innovación educativa | J50: =CONCATENATE(P50," (",O50,")") -> Servicios de apoyo a la implementación de modelos de innovación educativa (2201047) | K50: MP.1.4.17.049 | L50: Establecimientos educativos apoyados para la implementación de modelos de innovación educativa | M50: Número | N50: 12 | O50: 2201047 | P50: Servicios de apoyo a la implementación de modelos de innovación educativa | Q50: Secretaría de Educación
A51: 1151 SECRETARIA DE EDUCACION | B51: MP.1.4.17.050 Sedes educativas dotadas | C51: Infraestructura educativa dotada (2201069) | D51: Número | E51: 27 | F51: 2201069 | H51: =VLOOKUP(Q51,'CENTRO DE COSTOS'!B:C,3,0) -> #N/A | I51: =CONCATENATE(K51," ",L51) -> MP.1.4.17.050 Sedes educativas dotadas | J51: =CONCATENATE(P51," (",O51,")") -> Infraestructura educativa dotada (2201069) | K51: MP.1.4.17.050 | L51: Sedes educativas dotadas | M51: Número | N51: 27 | O51: 2201069 | P51: Infraestructura educativa dotada | Q51: Secretaría de Educación
A52: 1158 SECRETARIA DE CULTURA | B52: MP.1.4.14.051 Infraestructura cultural intervenida | C52: Servicio de mantenimiento de infraestructura cultural (3301068) | D52: Número | E52: 2 | F52: 3301068 | H52: =VLOOKUP(Q52,'CENTRO DE COSTOS'!B:C,3,0) -> #N/A | I52: =CONCATENATE(K52," ",L52) -> MP.1.4.14.051 Infraestructura cultural intervenida | J52: =CONCATENATE(P52," (",O52,")") -> Servicio de mantenimiento de infraestructura cultural (3301068) | K52: MP.1.4.14.051 | L52: Infraestructura cultural intervenida | M52: Número | N52: 2 | O52: 3301068 | P52: Servicio de mantenimiento de infraestructura cultural | Q52: Secretaría de Cultura
A53: 1170 SECRETARÍA AGROPECUARIA Y DESARROLLO RURAL | B53: MP.2.5.18.052 Rutas agroecológicas implementadas | C53: Servicio de implementación de rutas agroecológicas (1708056) | D53: Número | E53: 3 | F53: 1708056 | H53: =VLOOKUP(Q53,'CENTRO DE COSTOS'!B:C,3,0) -> #N/A | I53: =CONCATENATE(K53," ",L53) -> MP.2.5.18.052 Rutas agroecológicas implementadas | J53: =CONCATENATE(P53," (",O53,")") -> Servicio de implementación de rutas agroecológicas (1708056) | K53: MP.2.5.18.052 | L53: Rutas agroecológicas implementadas | M53: Número | N53: 3 | O53: 1708056 | P53: Servicio de implementación de rutas agroecológicas | Q53: Secretaría Agropecuaria y Desarrollo Rural
A54: 1158 SECRETARIA DE CULTURA | B54: MP.1.4.14.053 Restauraciones realizadas a bienes de interés cultural | C54: Servicios de restauración del patrimonio cultural material inmueble (3302073) | D54: Número | E54: 1 | F54: 3302073 | H54: =VLOOKUP(Q54,'CENTRO DE COSTOS'!B:C,3,0) -> #N/A | I54: =CONCATENATE(K54," ",L54) -> MP.1.4.14.053 Restauraciones realizadas a bienes de interés cultural | J54: =CONCATENATE(P54," (",O54,")") -> Servicios de restauración del patrimonio cultural material inmueble (3302073) | K54: MP.1.4.14.053 | L54: Restauraciones realizadas a bienes de interés cultural | M54: Número | N54: 1 | O54: 3302073 | P54: Servicios de restauración del patrimonio cultural material inmueble | Q54: Secretaría de Cultura
A55: 1132 DEPORTE Y RECREACION | B55: MP.1.4.15.054 Infraestructura deportiva construida | C55: Centros de recreación construidos (4302039) | D55: Número | E55: 5 | F55: 4302039 | H55: =VLOOKUP(Q55,'CENTRO DE COSTOS'!B:C,3,0) -> #N/A | I55: =CONCATENATE(K55," ",L55) -> MP.1.4.15.054 Infraestructura deportiva construida | J55: =CONCATENATE(P55," (",O55,")") -> Centros de recreación construidos (4302039) | K55: MP.1.4.15.054 | L55: Infraestructura deportiva construida | M55: Número | N55: 5 | O55: 4302039 | P55: Centros de recreación construidos | Q55: IMDER
A56: 1132 DEPORTE Y RECREACION | B56: MP.1.4.15.055 Infraestructura deportiva dotada | C56: Servicio de administración de la infraestructura deportiva (4301003) | D56: Número | E56: 59 | F56: 4301003 | H56: =VLOOKUP(Q56,'CENTRO DE COSTOS'!B:C,3,0) -> #N/A | I56: =CONCATENATE(K56," ",L56) -> MP.1.4.15.055 Infraestructura deportiva dotada | J56: =CONCATENATE(P56," (",O56,")") -> Servicio de administración de la infraestructura deportiva (4301003) | K56: MP.1.4.15.055 | L56: Infraestructura deportiva dotada | M56: Número | N56: 59 | O56: 4301003 | P56: Servicio de administración de la infraestructura deportiva | Q56: IMDER
A57: 1132 DEPORTE Y RECREACION | B57: MP.1.4.15.056 Infraestructura deportiva mantenida | C57: Servicio de mantenimiento a la infraestructura deportiva (4301004) | D57: Número | E57: 59 | F57: 4301004 | H57: =VLOOKUP(Q57,'CENTRO DE COSTOS'!B:C,3,0) -> #N/A | I57: =CONCATENATE(K57," ",L57) -> MP.1.4.15.056 Infraestructura deportiva mantenida | J57: =CONCATENATE(P57," (",O57,")") -> Servicio de mantenimiento a la infraestructura deportiva (4301004) | K57: MP.1.4.15.056 | L57: Infraestructura deportiva mantenida | M57: Número | N57: 59 | O57: 4301004 | P57: Servicio de mantenimiento a la infraestructura deportiva | Q57: IMDER
A58: 1132 DEPORTE Y RECREACION | B58: MP.1.4.16.057 Eventos recreativos comunitarios realizados en el marco del Sistema Integrado del Deporte Palmirano | C58: Servicio de organización de eventos deportivos comunitarios (4301032) | D58: Número | E58: 85 | F58: 4301032 | H58: =VLOOKUP(Q58,'CENTRO DE COSTOS'!B:C,3,0) -> #N/A | I58: =CONCATENATE(K58," ",L58) -> MP.1.4.16.057 Eventos recreativos comunitarios realizados en el marco del Sistema Integrado del Deporte Palmirano | J58: =CONCATENATE(P58," (",O58,")") -> Servicio de organización de eventos deportivos comunitarios (4301032) | K58: MP.1.4.16.057 | L58: Eventos recreativos comunitarios realizados en el marco del Sistema Integrado del Deporte Palmirano | M58: Número | N58: 85 | O58: 4301032 | P58: Servicio de organización de eventos deportivos comunitarios | Q58: IMDER
A59: 1132 DEPORTE Y RECREACION | B59: MP.1.4.16.058 Niños, niñas, adolescentes y jóvenes con deporte, recreación y actividad física en jornada escolar complementaria | C59: Servicio de Escuelas Deportivas (4301007) | D59: Número | E59: 7200 | F59: 4301007 | H59: =VLOOKUP(Q59,'CENTRO DE COSTOS'!B:C,3,0) -> #N/A | I59: =CONCATENATE(K59," ",L59) -> MP.1.4.16.058 Niños, niñas, adolescentes y jóvenes con deporte, recreación y actividad física en jornada escolar complementaria | J59: =CONCATENATE(P59," (",O59,")") -> Servicio de Escuelas Deportivas (4301007) | K59: MP.1.4.16.058 | L59: Niños, niñas, adolescentes y jóvenes con deporte, recreación y actividad física en jornada escolar complementaria | M59: Número | N59: 7200 | O59: 4301007 | P59: Servicio de Escuelas Deportivas | Q59: IMDER
A60: 1132 DEPORTE Y RECREACION | B60: MP.1.4.16.059 Personas beneficiadas en eventos recreativos comunitarios realizados | C60: Servicio de organización de eventos recreativos comunitarios (4301038) | D60: Número | E60: 14000 | F60: 4301038 | H60: =VLOOKUP(Q60,'CENTRO DE COSTOS'!B:C,3,0) -> #N/A | I60: =CONCATENATE(K60," ",L60) -> MP.1.4.16.059 Personas beneficiadas en eventos recreativos comunitarios realizados | J60: =CONCATENATE(P60," (",O60,")") -> Servicio de organización de eventos recreativos comunitarios (4301038) | K60: MP.1.4.16.059 | L60: Personas beneficiadas en eventos recreativos comunitarios realizados | M60: Número | N60: 14000 | O60: 4301038 | P60: Servicio de organización de eventos recreativos comunitarios | Q60: IMDER
A61: 1151 SECRETARIA DE EDUCACION | B61: MP.1.4.17.060 Beneficiarios atendidos con modelos educativos flexibles | C61: Servicio educación formal por modelos educativos flexibles (2201030) | D61: Número | E61: 700 | F61: 2201030 | H61: =VLOOKUP(Q61,'CENTRO DE COSTOS'!B:C,3,0) -> #N/A | I61: =CONCATENATE(K61," ",L61) -> MP.1.4.17.060 Beneficiarios atendidos con modelos educativos flexibles | J61: =CONCATENATE(P61," (",O61,")") -> Servicio educación formal por modelos educativos flexibles (2201030) | K61: MP.1.4.17.060 | L61: Beneficiarios atendidos con modelos educativos flexibles | M61: Número | N61: 700 | O61: 2201030 | P61: Servicio educación formal por modelos educativos flexibles | Q61: Secretaría de Educación
A62: 1151 SECRETARIA DE EDUCACION | B62: MP.1.4.17.061 Establecimientos educativos en operación | C62: Servicio educativo (2201071) | D62: Número | E62: 27 | F62: 2201071 | H62: =VLOOKUP(Q62,'CENTRO DE COSTOS'!B:C,3,0) -> #N/A | I62: =CONCATENATE(K62," ",L62) -> MP.1.4.17.061 Establecimientos educativos en operación | J62: =CONCATENATE(P62," (",O62,")") -> Servicio educativo (2201071) | K62: MP.1.4.17.061 | L62: Establecimientos educativos en operación | M62: Número | N62: 27 | O62: 2201071 | P62: Servicio educativo | Q62: Secretaría de Educación
A63: 1151 SECRETARIA DE EDUCACION | B63: MP.1.4.17.062 Coberturas en riesgos laborales provistas | C63: Servicios de gestión del riesgo físico en estudiantes y docentes (2201043) | D63: Número | E63: 4000 | F63: 2201043 | H63: =VLOOKUP(Q63,'CENTRO DE COSTOS'!B:C,3,0) -> #N/A | I63: =CONCATENATE(K63," ",L63) -> MP.1.4.17.062 Coberturas en riesgos laborales provistas | J63: =CONCATENATE(P63," (",O63,")") -> Servicios de gestión del riesgo físico en estudiantes y docentes (2201043) | K63: MP.1.4.17.062 | L63: Coberturas en riesgos laborales provistas | M63: Número | N63: 4000 | O63: 2201043 | P63: Servicios de gestión del riesgo físico en estudiantes y docentes | Q63: Secretaría de Educación
A64: 1151 SECRETARIA DE EDUCACION | B64: MP.1.4.17.063 Instituciones educativas oficiales con acompañamiento pedagógico - curricular al Plan de Educación Ambiental | C64: Servicio de asistencia técnica en educación inicial, preescolar, básica y media (2201006) | D64: Número | E64: 1 | F64: 2201006 | H64: =VLOOKUP(Q64,'CENTRO DE COSTOS'!B:C,3,0) -> #N/A | I64: =CONCATENATE(K64," ",L64) -> MP.1.4.17.063 Instituciones educativas oficiales con acompañamiento pedagógico - curricular al Plan de Educación Ambiental | J64: =CONCATENATE(P64," (",O64,")") -> Servicio de asistencia técnica en educación inicial, preescolar, básica y media (2201006) | K64: MP.1.4.17.063 | L64: Instituciones educativas oficiales con acompañamiento pedagógico - curricular al Plan de Educación Ambiental | M64: Número | N64: 1 | O64: 2201006 | P64: Servicio de asistencia técnica en educación inicial, preescolar, básica y media | Q64: Secretaría de Educación
A65: 1151 SECRETARIA DE EDUCACION | B65: MP.1.4.17.064 Estudiantes beneficiarios de transporte escolar | C65: Servicio de apoyo a la permanencia con transporte escolar (2201029) | D65: Número | E65: 2800 | F65: 2201029 | H65: =VLOOKUP(Q65,'CENTRO DE COSTOS'!B:C,3,0) -> #N/A | I65: =CONCATENATE(K65," ",L65) -> MP.1.4.17.064 Estudiantes beneficiarios de transporte escolar | J65: =CONCATENATE(P65," (",O65,")") -> Servicio de apoyo a la permanencia con transporte escolar (2201029) | K65: MP.1.4.17.064 | L65: Estudiantes beneficiarios de transporte escolar | M65: Número | N65: 2800 | O65: 2201029 | P65: Servicio de apoyo a la permanencia con transporte escolar | Q65: Secretaría de Educación
A66: 1151 SECRETARIA DE EDUCACION | B66: MP.1.4.17.065 Estudiantes beneficiados con estrategias de promoción del bilingüismo | C66: Servicio educativos de promoción del bilingüismo (2201034) | D66: Número | E66: 36697 | F66: 2201034 | H66: =VLOOKUP(Q66,'CENTRO DE COSTOS'!B:C,3,0) -> #N/A | I66: =CONCATENATE(K66," ",L66) -> MP.1.4.17.065 Estudiantes beneficiados con estrategias de promoción del bilingüismo | J66: =CONCATENATE(P66," (",O66,")") -> Servicio educativos de promoción del bilingüismo (2201034) | K66: MP.1.4.17.065 | L66: Estudiantes beneficiados con estrategias de promoción del bilingüismo | M66: Número | N66: 36697 | O66: 2201034 | P66: Servicio educativos de promoción del bilingüismo | Q66: Secretaría de Educación
... A83: 1170 SECRETARÍA AGROPECUARIA Y DESARROLLO RURAL | B83: MP.2.5.18.082 Productores atendidos con servicio de extensión agropecuaria | C83: Servicio de extensión agropecuaria (1708041) | D83: Número | E83: 1600 | F83: 1708041 | H83: =VLOOKUP(Q83,'CENTRO DE COSTOS'!B:C,3,0) -> #N/A | I83: =CONCATENATE(K83," ",L83) -> MP.2.5.18.082 Productores atendidos con servicio de extensión agropecuaria | J83: =CONCATENATE(P83," (",O83,")") -> Servicio de extensión agropecuaria (1708041) | K83: MP.2.5.18.082 | L83: Productores atendidos con servicio de extensión agropecuaria | M83: Número | N83: 1600 | O83: 1708041 | P83: Servicio de extensión agropecuaria | Q83: Secretaría Agropecuaria y Desarrollo Rural
A84: 1168 DIRECCIÓN DE GESTIÓN DEL MEDIO AMBIENTE | B84: MP.2.5.19.083 Campañas de educación ambiental y participación implementadas | C84: Servicio de divulgación de la información de la política nacional de educación ambiental y participación (3208008) | D84: Número | E84: 4 | F84: 3208008 | H84: =VLOOKUP(Q84,'CENTRO DE COSTOS'!B:C,3,0) -> #N/A | I84: =CONCATENATE(K84," ",L84) -> MP.2.5.19.083 Campañas de educación ambiental y participación implementadas | J84: =CONCATENATE(P84," (",O84,")") -> Servicio de divulgación de la información de la política nacional de educación ambiental y participación (3208008) | K84: MP.2.5.19.083 | L84: Campañas de educación ambiental y participación implementadas | M84: Número | N84: 4 | O84: 3208008 | P84: Servicio de divulgación de la información de la política nacional de educación ambiental y participación | Q84: Dirección de Gestión del Medio Ambiente
A85: 1162 DIRECCIÓN DE RIESGOS Y DESASTRES | B85: MP.2.5.19.084 Campañas de educación para la prevención y atención de desastres desarrolladas | C85: Servicio de educación informal (4503002) | D85: Número | E85: 400 | F85: 4503002 | H85: =VLOOKUP(Q85,'CENTRO DE COSTOS'!B:C,3,0) -> #N/A | I85: =CONCATENATE(K85," ",L85) -> MP.2.5.19.084 Campañas de educación para la prevención y atención de desastres desarrolladas | J85: =CONCATENATE(P85," (",O85,")") -> Servicio de educación informal (4503002) | K85: MP.2.5.19.084 | L85: Campañas de educación para la prevención y atención de desastres desarrolladas | M85: Número | N85: 400 | O85: 4503002 | P85: Servicio de educación informal | Q85: Dirección de Gestión del Riesgo de Desastres
A86: 1162 DIRECCIÓN DE RIESGOS Y DESASTRES | B86: MP.2.5.19.085 Pilotos con acciones de mitigación y adaptación al cambio climático implementados | C86: Servicio de apoyo técnico para la implementación de acciones de mitigación y adaptación al cambio climático (3206003) | D86: Número | E86: 12 | F86: 3206003 | H86: =VLOOKUP(Q86,'CENTRO DE COSTOS'!B:C,3,0) -> #N/A | I86: =CONCATENATE(K86," ",L86) -> MP.2.5.19.085 Pilotos con acciones de mitigación y adaptación al cambio climático implementados | J86: =CONCATENATE(P86," (",O86,")") -> Servicio de apoyo técnico para la implementación de acciones de mitigación y adaptación al cambio climático (3206003) | K86: MP.2.5.19.085 | L86: Pilotos con acciones de mitigación y adaptación al cambio climático implementados | M86: Número | N86: 12 | O86: 3206003 | P86: Servicio de apoyo técnico para la implementación de acciones de mitigación y adaptación al cambio climático | Q86: Dirección de Gestión del Riesgo de Desastres
A87: 1168 DIRECCIÓN DE GESTIÓN DEL MEDIO AMBIENTE | B87: MP.2.5.19.086 Entidades y sectores asistidos técnicamente para la incorporación de variables ambientales en la planificación sectorial | C87: Servicio de asistencia técnica para la incorporación de varibales ambientales en la planificación sectorial (3201007) | D87: Número | E87: 5 | F87: 3201007 | H87: =VLOOKUP(Q87,'CENTRO DE COSTOS'!B:C,3,0) -> #N/A | I87: =CONCATENATE(K87," ",L87) -> MP.2.5.19.086 Entidades y sectores asistidos técnicamente para la incorporación de variables ambientales en la planificación sectorial | J87: =CONCATENATE(P87," (",O87,")") -> Servicio de asistencia técnica para la incorporación de varibales ambientales en la planificación sectorial (3201007) | K87: MP.2.5.19.086 | L87: Entidades y sectores asistidos técnicamente para la incorporación de variables ambientales en la planificación sectorial | M87: Número | N87: 5 | O87: 3201007 | P87: Servicio de asistencia técnica para la incorporación de varibales ambientales en la planificación sectorial | Q87: Dirección de Gestión del Medio Ambiente
A88: 1162 DIRECCIÓN DE RIESGOS Y DESASTRES | B88: MP.2.5.20.087 Personas afectadas por situaciones de emergencia, desastre o declaratorias de calamidad pública apoyadas | C88: Servicios de apoyo para atención de población afectada por situaciones de emergencia, desastre o declaratorias de calamidad pública (4503028) | D88: Número | E88: 1680 | F88: 4503028 | H88: =VLOOKUP(Q88,'CENTRO DE COSTOS'!B:C,3,0) -> #N/A | I88: =CONCATENATE(K88," ",L88) -> MP.2.5.20.087 Personas afectadas por situaciones de emergencia, desastre o declaratorias de calamidad pública apoyadas | J88: =CONCATENATE(P88," (",O88,")") -> Servicios de apoyo para atención de población afectada por situaciones de emergencia, desastre o declaratorias de calamidad pública (4503028) | K88: MP.2.5.20.087 | L88: Personas afectadas por situaciones de emergencia, desastre o declaratorias de calamidad pública apoyadas | M88: Número | N88: 1680 | O88: 4503028 | P88: Servicios de apoyo para atención de población afectada por situaciones de emergencia, desastre o declaratorias de calamidad pública | Q88: Dirección de Gestión del Riesgo de Desastres
A89: 1168 DIRECCIÓN DE GESTIÓN DEL MEDIO AMBIENTE | B89: MP.2.5.20.088 Negocios verdes consolidados | C89: Servicio de asistencia técnica para la consolidación de negocios verdes (3201003) | D89: Número | E89: 4 | F89: 3201003 | H89: =VLOOKUP(Q89,'CENTRO DE COSTOS'!B:C,3,0) -> #N/A | I89: =CONCATENATE(K89," ",L89) -> MP.2.5.20.088 Negocios verdes consolidados | J89: =CONCATENATE(P89," (",O89,")") -> Servicio de asistencia técnica para la consolidación de negocios verdes (3201003) | K89: MP.2.5.20.088 | L89: Negocios verdes consolidados | M89: Número | N89: 4 | O89: 3201003 | P89: Servicio de asistencia técnica para la consolidación de negocios verdes | Q89: Dirección de Gestión del Medio Ambiente
A90: 1168 DIRECCIÓN DE GESTIÓN DEL MEDIO AMBIENTE | B90: MP.2.5.20.089 Áreas con esquemas de Pago por Servicios Ambientales implementados | C90: Servicio apoyo financiero para la implementación de esquemas de pago por Servicio ambientales (3202043) | D90: Hectáreas | E90: 1903 | F90: 3202043 | H90: =VLOOKUP(Q90,'CENTRO DE COSTOS'!B:C,3,0) -> #N/A | I90: =CONCATENATE(K90," ",L90) -> MP.2.5.20.089 Áreas con esquemas de Pago por Servicios Ambientales implementados | J90: =CONCATENATE(P90," (",O90,")") -> Servicio apoyo financiero para la implementación de esquemas de pago por Servicio ambientales (3202043) | K90: MP.2.5.20.089 | L90: Áreas con esquemas de Pago por Servicios Ambientales implementados | M90: Hectáreas | N90: 1903 | O90: 3202043 | P90: Servicio apoyo financiero para la implementación de esquemas de pago por Servicio ambientales | Q90: Dirección de Gestión del Medio Ambiente
A91: 1168 DIRECCIÓN DE GESTIÓN DEL MEDIO AMBIENTE | B91: MP.2.5.20.090 Áreas de ecosistemas protegidas | C91: Servicio de protección de ecosistemas (3202012) | D91: Hectáreas | E91: 500 | F91: 3202012 | H91: =VLOOKUP(Q91,'CENTRO DE COSTOS'!B:C,3,0) -> #N/A | I91: =CONCATENATE(K91," ",L91) -> MP.2.5.20.090 Áreas de ecosistemas protegidas | J91: =CONCATENATE(P91," (",O91,")") -> Servicio de protección de ecosistemas (3202012) | K91: MP.2.5.20.090 | L91: Áreas de ecosistemas protegidas | M91: Hectáreas | N91: 500 | O91: 3202012 | P91: Servicio de protección de ecosistemas | Q91: Dirección de Gestión del Medio Ambiente
A92: 1168 DIRECCIÓN DE GESTIÓN DEL MEDIO AMBIENTE | B92: MP.2.5.20.091 Zonas verdes mantenidas | C92: Zonas verdes mantenidas (4002026) | D92: Metros cuadrados | E92: 7000000 | F92: 4002026 | H92: =VLOOKUP(Q92,'CENTRO DE COSTOS'!B:C,3,0) -> #N/A | I92: =CONCATENATE(K92," ",L92) -> MP.2.5.20.091 Zonas verdes mantenidas | J92: =CONCATENATE(P92," (",O92,")") -> Zonas verdes mantenidas (4002026) | K92: MP.2.5.20.091 | L92: Zonas verdes mantenidas | M92: Metros cuadrados | N92: 7000000 | O92: 4002026 | P92: Zonas verdes mantenidas | Q92: Dirección de Gestión del Medio Ambiente
A93: 1162 DIRECCIÓN DE RIESGOS Y DESASTRES | B93: MP.2.5.21.092 Documentos de estudios técnicos para el conocimiento y reducción del riesgo de desastres elaborados | C93: Documentos de estudios técnicos para el ordenamiento ambiental territorial (3205002) | D93: Número | E93: 9 | F93: 3205002 | H93: =VLOOKUP(Q93,'CENTRO DE COSTOS'!B:C,3,0) -> #N/A | I93: =CONCATENATE(K93," ",L93) -> MP.2.5.21.092 Documentos de estudios técnicos para el conocimiento y reducción del riesgo de desastres elaborados | J93: =CONCATENATE(P93," (",O93,")") -> Documentos de estudios técnicos para el ordenamiento ambiental territorial (3205002) | K93: MP.2.5.21.092 | L93: Documentos de estudios técnicos para el conocimiento y reducción del riesgo de desastres elaborados | M93: Número | N93: 9 | O93: 3205002 | P93: Documentos de estudios técnicos para el ordenamiento ambiental territorial | Q93: Dirección de Gestión del Riesgo de Desastres
A94: 1162 DIRECCIÓN DE RIESGOS Y DESASTRES | B94: MP.2.5.21.093 Obras de infraestructura para mitigación y atención a desastres realizadas | C94: Obras de infraestructura para mitigación y atención a desastres (3205021) | D94: Número | E94: 9 | F94: 3205021 | H94: =VLOOKUP(Q94,'CENTRO DE COSTOS'!B:C,3,0) -> #N/A | I94: =CONCATENATE(K94," ",L94) -> MP.2.5.21.093 Obras de infraestructura para mitigación y atención a desastres realizadas | J94: =CONCATENATE(P94," (",O94,")") -> Obras de infraestructura para mitigación y atención a desastres (3205021) | K94: MP.2.5.21.093 | L94: Obras de infraestructura para mitigación y atención a desastres realizadas | M94: Número | N94: 9 | O94: 3205021 | P94: Obras de infraestructura para mitigación y atención a desastres | Q94: Dirección de Gestión del Riesgo de Desastres
A95: 1162 DIRECCIÓN DE RIESGOS Y DESASTRES | B95: MP.2.5.21.094 Organismos de atención de emergencias equipados | C95: Servicio de atención a emergencias y desastres (4503004) | D95: Número | E95: 12 | F95: 4503004 | H95: =VLOOKUP(Q95,'CENTRO DE COSTOS'!B:C,3,0) -> #N/A | I95: =CONCATENATE(K95," ",L95) -> MP.2.5.21.094 Organismos de atención de emergencias equipados | J95: =CONCATENATE(P95," (",O95,")") -> Servicio de atención a emergencias y desastres (4503004) | K95: MP.2.5.21.094 | L95: Organismos de atención de emergencias equipados | M95: Número | N95: 12 | O95: 4503004 | P95: Servicio de atención a emergencias y desastres | Q95: Dirección de Gestión del Riesgo de Desastres
... A98: 1168 DIRECCIÓN DE GESTIÓN DEL MEDIO AMBIENTE | B98: MP.2.5.21.097 Plan de Gestión Integral de Residuos Solidos con seguimiento | C98: Servicios de seguimiento al Plan de Gestión Integral de Residuos Solidos PGIRS (4003023) | D98: Número | E98: 4 | F98: 4003023 | H98: =VLOOKUP(Q98,'CENTRO DE COSTOS'!B:C,3,0) -> #N/A | I98: =CONCATENATE(K98," ",L98) -> MP.2.5.21.097 Plan de Gestión Integral de Residuos Solidos con seguimiento | J98: =CONCATENATE(P98," (",O98,")") -> Servicios de seguimiento al Plan de Gestión Integral de Residuos Solidos PGIRS (4003023) | K98: MP.2.5.21.097 | L98: Plan de Gestión Integral de Residuos Solidos con seguimiento | M98: Número | N98: 4 | O98: 4003023 | P98: Servicios de seguimiento al Plan de Gestión Integral de Residuos Solidos PGIRS | Q98: Dirección de Gestión del Medio Ambiente
A99: 1163 DIRECCIÓN DE EMPRENDIMIENTO Y DESARROLLO EMPRESARIAL | B99: MP.3.6.22.098 Documento de planeación prospectiva de desarrollo económico elaborado | C99: Documentos de planeación (3502047) | D99: Número | E99: 1 | F99: 3502047 | H99: =VLOOKUP(Q99,'CENTRO DE COSTOS'!B:C,3,0) -> #N/A | I99: =CONCATENATE(K99," ",L99) -> MP.3.6.22.098 Documento de planeación prospectiva de desarrollo económico elaborado | J99: =CONCATENATE(P99," (",O99,")") -> Documentos de planeación (3502047) | K99: MP.3.6.22.098 | L99: Documento de planeación prospectiva de desarrollo económico elaborado | M99: Número | N99: 1 | O99: 3502047 | P99: Documentos de planeación | Q99: Dirección de Emprendimiento
A100: 1163 DIRECCIÓN DE EMPRENDIMIENTO Y DESARROLLO EMPRESARIAL | B100: MP.3.6.22.099 Estrategias dinamizadoras del mercado laboral local implementadas | C100: Servicio de apoyo al fortalecimiento de políticas públicas para la generación y formalización del empleo en el marco del trabajo decente (3602027) | D100: Número | E100: 1 | F100: 3602027 | H100: =VLOOKUP(Q100,'CENTRO DE COSTOS'!B:C,3,0) -> #N/A | I100: =CONCATENATE(K100," ",L100) -> MP.3.6.22.099 Estrategias dinamizadoras del mercado laboral local implementadas | J100: =CONCATENATE(P100," (",O100,")") -> Servicio de apoyo al fortalecimiento de políticas públicas para la generación y formalización del empleo en el marco del trabajo decente (3602027) | K100: MP.3.6.22.099 | L100: Estrategias dinamizadoras del mercado laboral local implementadas | M100: Número | N100: 1 | O100: 3602027 | P100: Servicio de apoyo al fortalecimiento de políticas públicas para la generación y formalización del empleo en el marco del trabajo decente | Q100: Dirección de Emprendimiento
A101: 1170 SECRETARÍA AGROPECUARIA Y DESARROLLO RURAL | B101: MP.3.7.23.100 Asociaciones de pequeños y medianos productores agropecuarios apoyados | C101: Servicio de apoyo para el fomento de la asociatividad (1702016) | D101: Número | E101: 18 | F101: 1702016 | H101: =VLOOKUP(Q101,'CENTRO DE COSTOS'!B:C,3,0) -> #N/A | I101: =CONCATENATE(K101," ",L101) -> MP.3.7.23.100 Asociaciones de pequeños y medianos productores agropecuarios apoyados | J101: =CONCATENATE(P101," (",O101,")") -> Servicio de apoyo para el fomento de la asociatividad (1702016) | K101: MP.3.7.23.100 | L101: Asociaciones de pequeños y medianos productores agropecuarios apoyados | M101: Número | N101: 18 | O101: 1702016 | P101: Servicio de apoyo para el fomento de la asociatividad | Q101: Secretaría Agropecuaria y Desarrollo Rural
A102: 1170 SECRETARÍA AGROPECUARIA Y DESARROLLO RURAL | B102: MP.3.7.23.101 Proyectos productivos cofinanciados | C102: Servicio de apoyo financiero para proyectos productivos (1702007) | D102: Número | E102: 1 | F102: 1702007 | H102: =VLOOKUP(Q102,'CENTRO DE COSTOS'!B:C,3,0) -> #N/A | I102: =CONCATENATE(K102," ",L102) -> MP.3.7.23.101 Proyectos productivos cofinanciados | J102: =CONCATENATE(P102," (",O102,")") -> Servicio de apoyo financiero para proyectos productivos (1702007) | K102: MP.3.7.23.101 | L102: Proyectos productivos cofinanciados | M102: Número | N102: 1 | O102: 1702007 | P102: Servicio de apoyo financiero para proyectos productivos | Q102: Secretaría Agropecuaria y Desarrollo Rural
A103: 1170 SECRETARÍA AGROPECUARIA Y DESARROLLO RURAL | B103: MP.3.7.23.102 Cadenas productivas apoyadas | C103: Servicio de apoyo a la comercialización de las cadenas agrícolas, forestales, pecuarias, pesqueras y acuícolas (1709106) | D103: Número | E103: 9 | F103: 1709106 | H103: =VLOOKUP(Q103,'CENTRO DE COSTOS'!B:C,3,0) -> #N/A | I103: =CONCATENATE(K103," ",L103) -> MP.3.7.23.102 Cadenas productivas apoyadas | J103: =CONCATENATE(P103," (",O103,")") -> Servicio de apoyo a la comercialización de las cadenas agrícolas, forestales, pecuarias, pesqueras y acuícolas (1709106) | K103: MP.3.7.23.102 | L103: Cadenas productivas apoyadas | M103: Número | N103: 9 | O103: 1709106 | P103: Servicio de apoyo a la comercialización de las cadenas agrícolas, forestales, pecuarias, pesqueras y acuícolas | Q103: Secretaría Agropecuaria y Desarrollo Rural
A104: 1170 SECRETARÍA AGROPECUARIA Y DESARROLLO RURAL | B104: MP.3.7.23.103 Eventos de promoción agropecuaria realizados | C104: Servicio de apoyo a la comercialización (1702038) | D104: Número | E104: 4 | F104: 1702038 | H104: =VLOOKUP(Q104,'CENTRO DE COSTOS'!B:C,3,0) -> #N/A | I104: =CONCATENATE(K104," ",L104) -> MP.3.7.23.103 Eventos de promoción agropecuaria realizados | J104: =CONCATENATE(P104," (",O104,")") -> Servicio de apoyo a la comercialización (1702038) | K104: MP.3.7.23.103 | L104: Eventos de promoción agropecuaria realizados | M104: Número | N104: 4 | O104: 1702038 | P104: Servicio de apoyo a la comercialización | Q104: Secretaría Agropecuaria y Desarrollo Rural
A105: 1170 SECRETARÍA AGROPECUARIA Y DESARROLLO RURAL | B105: MP.3.7.23.104 Proyectos cofinanciados para agregar valor a los productos y/o mejorar los canales de comercialización | C105: Servicio de apoyo financiero para agregar valor a los productos y mejorar los canales de comercialización (3502010) | D105: Número | E105: 4 | F105: 3502010 | H105: =VLOOKUP(Q105,'CENTRO DE COSTOS'!B:C,3,0) -> #N/A | I105: =CONCATENATE(K105," ",L105) -> MP.3.7.23.104 Proyectos cofinanciados para agregar valor a los productos y/o mejorar los canales de comercialización | J105: =CONCATENATE(P105," (",O105,")") -> Servicio de apoyo financiero para agregar valor a los productos y mejorar los canales de comercialización (3502010) | K105: MP.3.7.23.104 | L105: Proyectos cofinanciados para agregar valor a los productos y/o mejorar los canales de comercialización | M105: Número | N105: 4 | O105: 3502010 | P105: Servicio de apoyo financiero para agregar valor a los productos y mejorar los canales de comercialización | Q105: Secretaría Agropecuaria y Desarrollo Rural
A106: 1171 SECRETARÍA DE TRÁNSITO Y TRANSPORTE | B106: MP.3.7.24.105 Estudios de preinversión en logística de transporte elaborados | C106: Documentos de estudios técnicos (2407011) | D106: Número | E106: 1 | F106: 2407011 | H106: =VLOOKUP(Q106,'CENTRO DE COSTOS'!B:C,3,0) -> #N/A | I106: =CONCATENATE(K106," ",L106) -> MP.3.7.24.105 Estudios de preinversión en logística de transporte elaborados | J106: =CONCATENATE(P106," (",O106,")") -> Documentos de estudios técnicos (2407011) | K106: MP.3.7.24.105 | L106: Estudios de preinversión en logística de transporte elaborados | M106: Número | N106: 1 | O106: 2407011 | P106: Documentos de estudios técnicos | Q106: Secretaría de Tránsito y Transporte
A107: 1163 DIRECCIÓN DE EMPRENDIMIENTO Y DESARROLLO EMPRESARIAL | B107: MP.3.7.24.106 Eventos realizados que fomenten una mentalidad y cultura innovadora | C107: Servicio de apoyo para la modernización y fomento de la innovación empresarial (3502012) | D107: Número | E107: 20 | F107: 3502012 | H107: =VLOOKUP(Q107,'CENTRO DE COSTOS'!B:C,3,0) -> #N/A | I107: =CONCATENATE(K107," ",L107) -> MP.3.7.24.106 Eventos realizados que fomenten una mentalidad y cultura innovadora | J107: =CONCATENATE(P107," (",O107,")") -> Servicio de apoyo para la modernización y fomento de la innovación empresarial (3502012) | K107: MP.3.7.24.106 | L107: Eventos realizados que fomenten una mentalidad y cultura innovadora | M107: Número | N107: 20 | O107: 3502012 | P107: Servicio de apoyo para la modernización y fomento de la innovación empresarial | Q107: Dirección de Emprendimiento
A108: 1163 DIRECCIÓN DE EMPRENDIMIENTO Y DESARROLLO EMPRESARIAL | B108: MP.3.7.24.107 Empresas apoyadas que mejoran en sus procesos productivos | C108: Servicio de apoyo financiero para el mejoramiento de productos o procesos (3502004) | D108: Número | E108: 230 | F108: 3502004 | H108: =VLOOKUP(Q108,'CENTRO DE COSTOS'!B:C,3,0) -> #N/A | I108: =CONCATENATE(K108," ",L108) -> MP.3.7.24.107 Empresas apoyadas que mejoran en sus procesos productivos | J108: =CONCATENATE(P108," (",O108,")") -> Servicio de apoyo financiero para el mejoramiento de productos o procesos (3502004) | K108: MP.3.7.24.107 | L108: Empresas apoyadas que mejoran en sus procesos productivos | M108: Número | N108: 230 | O108: 3502004 | P108: Servicio de apoyo financiero para el mejoramiento de productos o procesos | Q108: Dirección de Emprendimiento
A109: 1163 DIRECCIÓN DE EMPRENDIMIENTO Y DESARROLLO EMPRESARIAL | B109: MP.3.7.24.108 Emprendimientos asesorados | C109: Servicio de asesoría técnica para el emprendimiento (3602032) | D109: Número | E109: 300 | F109: 3602032 | H109: =VLOOKUP(Q109,'CENTRO DE COSTOS'!B:C,3,0) -> #N/A | I109: =CONCATENATE(K109," ",L109) -> MP.3.7.24.108 Emprendimientos asesorados | J109: =CONCATENATE(P109," (",O109,")") -> Servicio de asesoría técnica para el emprendimiento (3602032) | K109: MP.3.7.24.108 | L109: Emprendimientos asesorados | M109: Número | N109: 300 | O109: 3602032 | P109: Servicio de asesoría técnica para el emprendimiento | Q109: Dirección de Emprendimiento
A110: 1163 DIRECCIÓN DE EMPRENDIMIENTO Y DESARROLLO EMPRESARIAL | B110: MP.3.7.24.109 Estudiantes de las Instituciones Educativas Oficiales (IEO) de Palmira capacitados en procesos de creación y desarrollo de emprendimientos y proyectos productivos | C110: Servicio de gestión para el emprendimiento solidario (3602003) | D110: Número | E110: 480 | F110: 3602003 | H110: =VLOOKUP(Q110,'CENTRO DE COSTOS'!B:C,3,0) -> #N/A | I110: =CONCATENATE(K110," ",L110) -> MP.3.7.24.109 Estudiantes de las Instituciones Educativas Oficiales (IEO) de Palmira capacitados en procesos de creación y desarrollo de emprendimientos y proyectos productivos | J110: =CONCATENATE(P110," (",O110,")") -> Servicio de gestión para el emprendimiento solidario (3602003) | K110: MP.3.7.24.109 | L110: Estudiantes de las Instituciones Educativas Oficiales (IEO) de Palmira capacitados en procesos de creación y desarrollo de emprendimientos y proyectos productivos | M110: Número | N110: 480 | O110: 3602003 | P110: Servicio de gestión para el emprendimiento solidario | Q110: Dirección de Emprendimiento
A111: 1163 DIRECCIÓN DE EMPRENDIMIENTO Y DESARROLLO EMPRESARIAL | B111: MP.3.7.24.110 Planes de negocio con viabilidad técnica formulados | C111: Servicios de apoyo financiero para la creación de empresas (3602018) | D111: Número | E111: 200 | F111: 3602018 | H111: =VLOOKUP(Q111,'CENTRO DE COSTOS'!B:C,3,0) -> #N/A | I111: =CONCATENATE(K111," ",L111) -> MP.3.7.24.110 Planes de negocio con viabilidad técnica formulados | J111: =CONCATENATE(P111," (",O111,")") -> Servicios de apoyo financiero para la creación de empresas (3602018) | K111: MP.3.7.24.110 | L111: Planes de negocio con viabilidad técnica formulados | M111: Número | N111: 200 | O111: 3602018 | P111: Servicios de apoyo financiero para la creación de empresas | Q111: Dirección de Emprendimiento
A112: 1163 DIRECCIÓN DE EMPRENDIMIENTO Y DESARROLLO EMPRESARIAL | B112: MP.3.7.24.111 Rutas de atractivos turísticos desarrolladas en circuito turístico | C112: Servicio de circuito turístico (3502049) | D112: Número | E112: 5 | F112: 3502049 | H112: =VLOOKUP(Q112,'CENTRO DE COSTOS'!B:C,3,0) -> #N/A | I112: =CONCATENATE(K112," ",L112) -> MP.3.7.24.111 Rutas de atractivos turísticos desarrolladas en circuito turístico | J112: =CONCATENATE(P112," (",O112,")") -> Servicio de circuito turístico (3502049) | K112: MP.3.7.24.111 | L112: Rutas de atractivos turísticos desarrolladas en circuito turístico | M112: Número | N112: 5 | O112: 3502049 | P112: Servicio de circuito turístico | Q112: Dirección de Emprendimiento
A113: 1171 SECRETARÍA DE TRÁNSITO Y TRANSPORTE | B113: MP.4.8.25.112 Celdas de estacionamiento regulado disponibles | C113: Celdas de estacionamiento disponibles (2409062) | D113: Número | E113: 60 | F113: 2409062 | H113: =VLOOKUP(Q113,'CENTRO DE COSTOS'!B:C,3,0) -> #N/A | I113: =CONCATENATE(K113," ",L113) -> MP.4.8.25.112 Celdas de estacionamiento regulado disponibles | J113: =CONCATENATE(P113," (",O113,")") -> Celdas de estacionamiento disponibles (2409062) | K113: MP.4.8.25.112 | L113: Celdas de estacionamiento regulado disponibles | M113: Número | N113: 60 | O113: 2409062 | P113: Celdas de estacionamiento disponibles | Q113: Secretaría de Tránsito y Transporte
A114: 1171 SECRETARÍA DE TRÁNSITO Y TRANSPORTE | B114: MP.4.8.25.113 Estrategias integrales de seguridad vial implementadas | C114: Servicio de promoción y difusión para la seguridad de transporte (2409009) | D114: Número | E114: 4 | F114: 2409009 | H114: =VLOOKUP(Q114,'CENTRO DE COSTOS'!B:C,3,0) -> #N/A | I114: =CONCATENATE(K114," ",L114) -> MP.4.8.25.113 Estrategias integrales de seguridad vial implementadas | J114: =CONCATENATE(P114," (",O114,")") -> Servicio de promoción y difusión para la seguridad de transporte (2409009) | K114: MP.4.8.25.113 | L114: Estrategias integrales de seguridad vial implementadas | M114: Número | N114: 4 | O114: 2409009 | P114: Servicio de promoción y difusión para la seguridad de transporte | Q114: Secretaría de Tránsito y Transporte
A115: 1171 SECRETARÍA DE TRÁNSITO Y TRANSPORTE | B115: MP.4.8.25.114 Observatorio de seguridad vial en funcionamiento | C115: Servicio de información de seguridad vial (2409010) | D115: Número | E115: 1 | F115: 2409010 | H115: =VLOOKUP(Q115,'CENTRO DE COSTOS'!B:C,3,0) -> #N/A | I115: =CONCATENATE(K115," ",L115) -> MP.4.8.25.114 Observatorio de seguridad vial en funcionamiento | J115: =CONCATENATE(P115," (",O115,")") -> Servicio de información de seguridad vial (2409010) | K115: MP.4.8.25.114 | L115: Observatorio de seguridad vial en funcionamiento | M115: Número | N115: 1 | O115: 2409010 | P115: Servicio de información de seguridad vial | Q115: Secretaría de Tránsito y Transporte
A116: 1171 SECRETARÍA DE TRÁNSITO Y TRANSPORTE | B116: MP.4.8.25.115 Organismos de tránsito dotados | C116: Servicio de control a la seguridad vial (2409011) | D116: Número | E116: 1 | F116: 2409011 | H116: =VLOOKUP(Q116,'CENTRO DE COSTOS'!B:C,3,0) -> #N/A | I116: =CONCATENATE(K116," ",L116) -> MP.4.8.25.115 Organismos de tránsito dotados | J116: =CONCATENATE(P116," (",O116,")") -> Servicio de control a la seguridad vial (2409011) | K116: MP.4.8.25.115 | L116: Organismos de tránsito dotados | M116: Número | N116: 1 | O116: 2409011 | P116: Servicio de control a la seguridad vial | Q116: Secretaría de Tránsito y Transporte
A117: 1171 SECRETARÍA DE TRÁNSITO Y TRANSPORTE | B117: MP.4.8.25.116 Semáforos modernizados | C117: Infraestructura de transporte para la seguridad vial mejorada (2409003) | D117: Número | E117: 10 | F117: 2409003 | H117: =VLOOKUP(Q117,'CENTRO DE COSTOS'!B:C,3,0) -> #N/A | I117: =CONCATENATE(K117," ",L117) -> MP.4.8.25.116 Semáforos modernizados | J117: =CONCATENATE(P117," (",O117,")") -> Infraestructura de transporte para la seguridad vial mejorada (2409003) | K117: MP.4.8.25.116 | L117: Semáforos modernizados | M117: Número | N117: 10 | O117: 2409003 | P117: Infraestructura de transporte para la seguridad vial mejorada | Q117: Secretaría de Tránsito y Transporte
A118: 1171 SECRETARÍA DE TRÁNSITO Y TRANSPORTE | B118: MP.4.8.25.117 Vías señalizadas | C118: Vías con dispositivos de control y señalización (2409039) | D118: Kilómetros | E118: 35 | F118: 2409039 | H118: =VLOOKUP(Q118,'CENTRO DE COSTOS'!B:C,3,0) -> #N/A | I118: =CONCATENATE(K118," ",L118) -> MP.4.8.25.117 Vías señalizadas | J118: =CONCATENATE(P118," (",O118,")") -> Vías con dispositivos de control y señalización (2409039) | K118: MP.4.8.25.117 | L118: Vías señalizadas | M118: Kilómetros | N118: 35 | O118: 2409039 | P118: Vías con dispositivos de control y señalización | Q118: Secretaría de Tránsito y Transporte
...

Sheet CENTRO DE COSTOS
A1: IMDER - INSTITUTO MUNICIPAL DEL DEPORTE Y LA RECREACIÓN | B1: 1132 | C1: 1132 INSTITUTO MUNICIPAL DEL DEPORTE Y LA RECREACIÓN (IMDER)
B2: 1142 | C2: 1142 OFICINA DE CONTROL INTERNO
A3: SECRETARÍA GENERAL | B3: 1145 | C3: 1145 SECRETARIA GENERAL
B4: 1146 | C4: 1146 SECRETARÍA JURIDICA
A5: SECRETARÍA DE DESARROLLO INSTITUCIONAL | B5: 1147 | C5: 1147 SECRETARÍA DE DESARROLLO INSTITUCIONAL
A6: SECRETARÍA DE PLANEACIÓN | B6: 1149 | C6: 1149 SECRETARÍA DE PLANEACIÓN
A7: SECRETARÍA DE HACIENDA | B7: 1150 | C7: 1150 SECRETARÍA DE HACIENDA
A8: SECRETARÍA DE EDUCACIÓN | B8: 1151 | C8: 1151 SECRETARÍA DE EDUCACION
A9: SECRETARÍA DE INTEGRACIÓN SOCIAL | B9: 1153 | C9: 1153 SECRETARÍA DE INTEGRACIÓN SOCIAL
A10: SECRETARÍA DE CULTURA | B10: 1158 | C10: 1158 SECRETARÍA DE CULTURA
A11: SECRETARÍA DE PARTICIPACIÓN COMUNITARIA | B11: 1159 | C11: 1159 SECRETARÍA DE PARTICIPACION COMUNITARIA
A12: DIRECCIÓN DE GESTIÓN DEL RIESGO DE DESASTRES | B12: 1162 | C12: 1162 DIRECCIÓN DE GESTIÓN DEL RIESGO DE DESASTRES
A13: DIRECCIÓN DE EMPRENDIMIENTO Y DESARROLLO EMPRESARIAL | B13: 1163 | C13: 1163 DIRECCIÓN DE EMPRENDIMIENTO Y DESARROLLO EMPRESARIAL
A14: SECRETARÍA DE SEGURIDAD Y CONVIVENCIA | B14: 1164 | C14: 1164 SECRETARÍA DE SEGURIDAD Y CONVIVENCIA
B15: 1165 | C15: 1165 DIRECCIÓN DE CONTROL INTERNO DISCIPLINARIO
A16: DIRECCIÓN DE TECNOLOGÍA, INNOVACIÓN Y CIENCIA | B16: 1167 | C16: 1167 DIRECCIÓN DE TECNOLOGÍA, INNOVACIÓN Y CIENCIA
A17: DIRECCIÓN DE GESTIÓN DEL MEDIO AMBIENTE | B17: 1168 | C17: 1168 DIRECCIÓN DE GESTIÓN DEL MEDIO AMBIENTE
A18: SECRETARÍA DE INFRAESTRUCTURA, RENOVACIÓN URBANA Y VIVIENDA | B18: 1169 | C18: 1169 SECRETARÍA DE INFRAESTRUCTURA, RENOVACIÓN URBANA Y VIVIENDA
A19: SECRETARÍA AGROPECUARIA Y DE DESARROLLO RURAL | B19: 1170 | C19: 1170 SECRETARÍA AGROPECUARIA Y DESARROLLO RURAL
A20: SECRETARÍA DE TRÁNSITO Y TRANSPORTE | B20: 1171 | C20: 1171 SECRETARÍA DE TRÁNSITO Y TRANSPORTE
B21: 1172 | C21: 1172 IMDESEPAL
A22: SECRETARÍA DE SALUD | B22: 1173 | C22: 1173 SECRETARÍA DE SALUD
A23: DIRECCIÓN DE COMUNICACIONES | B23: 1174 | C23: 1174 DIRECCIÓN DE COMUNICACIONES
A24: SECRETARÍA DE GOBIERNO | B24: 1175 | C24: 1175 SECRETARÍA DE GOBIERNO
B25: 1176 | C25: 1176 DIRECCIÓN DE CONTRATACIÓN
